Workbook

Sheet 农化拟报废设备28项
F1: 丰乐农化 固定资产（设备）报废申请表
C2: 新系统 | P2: 日期：2026.4.30 | Y2: 金额单位：人民币元
A3: 序号 | B3: 设备编号 | C3: 固定资产编码 | D3: 设备名称 | E3: 规格型号 | F3: 使用单位 | G3: 生产厂家 | H3: 计量 单位 | I3: 数量 | J3: 购置日期 | K3: 启用日期 | L3: 审计前账面值 | N3: 审计调整 | P3: 账面金额 | T3: 评估价值 | X3: 增值率% | Y3: 备 注 | Z3: 资产状态 | AA3: 使用寿命 | AB3: 会计折旧年限
L4: 账面原值 | M4: 账面净值 | N4: 账面原值 | O4: 账面净值 | P4: 账面原值 | Q4: 累计折旧 | R4: 账面净值20260430 | S4: 累计减值准备 | T4: 实际数量 | U4: 重置全价 | V4: 成新率% | W4: 评估价值 | AL4: 固定资产类别 | AM4: U8号 | AN4: 固定资产编码 | AO4: 固定资产名称 | AP4: 固定资产规格 | AQ4: 开始使用日期 | AR4: 本币原值 | AS4: 本币净残值 | AT4: 本币本年折旧 | AU4: 本币累计折旧 | AV4: 本币本年减值 | AW4: 本币累计减值 | AX4: 本币账面净值 | AY4: 本币账面价值 | AZ4: 管理部门 | BA4: 供应商
A5: 1 | B5: 031400029 | C5: 01042601230000063884 | D5: 砂磨分散多用金 | E5: SFG-400 | F5: 研发中心 | G5: 上海现代环境工程 | H5: 台 | I5: 1 | J5: 2016-12-07 | K5: 2016-12-07 | P5: 4358.97 | Q5: 4184.61 | R5: 174.36 | S5: 174.36 | AL5: =VLOOKUP(B5,固台账20260430!$E$9:$BG$4600,2,FALSE) -> 固定资产.机器设备 | AM5: =VLOOKUP(B5,固台账20260430!$E$9:$BG$4600,1,FALSE) -> 031400029 | AN5: =VLOOKUP(B5,固台账20260430!$E$9:$BG$4600,3,FALSE) -> 01042601230000063884 | AO5: =VLOOKUP(B5,固台账20260430!$E$9:$BG$4600,4,FALSE) -> 砂磨分散多用金 | AP5: =VLOOKUP(B5,固台账20260430!$E$9:$BG$4600,5,FALSE) -> SFG-400 | AQ5: =VLOOKUP(B5,固台账20260430!$E$9:$BG$4600,16,FALSE) -> 2016-12-07 | AR5: =VLOOKUP(B5,固台账20260430!$E$9:$BG$4600,44,FALSE) -> 4358.97 | AS5: =VLOOKUP(B5,固台账20260430!$E$9:$BG$4600,45,FALSE) -> 174.36 | AT5: =VLOOKUP(B5,固台账20260430!$E$9:$BG$4600,49,FALSE) -> 0 | AU5: =VLOOKUP(B5,固台账20260430!$E$9:$BG$4600,50,FALSE) -> 4184.61 | AV5: =VLOOKUP(B5,固台账20260430!$E$9:$BG$4600,51,FALSE) -> 174.36 | AW5: =VLOOKUP(B5,固台账20260430!$E$9:$BG$4600,52,FALSE) -> 174.36 | AX5: =VLOOKUP(B5,固台账20260430!$E$9:$BG$4600,53,FALSE) -> 174.36 | AY5: =VLOOKUP(B5,固台账20260430!$E$9:$BG$4600,54,FALSE) -> 0 | AZ5: =VLOOKUP(B5,固台账20260430!$E$9:$BG$4600,20,FALSE) -> 研发中心 | BA5: =VLOOKUP(B5,固台账20260430!$E$9:$BG$4600,15,FALSE) -> 待梳理事项
A6: 2 | B6: 031400030 | C6: 01042601230000063890 | D6: 砂磨分散多用金 | E6: SFG-400 | F6: 研发中心 | G6: 上海现代环境工程 | H6: 台 | I6: 1 | J6: 2016-12-07 | K6: 2016-12-07 | P6: 4358.98 | Q6: 4184.62 | R6: 174.36 | S6: 174.36 | AL6: =VLOOKUP(B6,固台账20260430!$E$9:$BG$4600,2,FALSE) -> 固定资产.机器设备 | AM6: =VLOOKUP(B6,固台账20260430!$E$9:$BG$4600,1,FALSE) -> 031400030 | AN6: =VLOOKUP(B6,固台账20260430!$E$9:$BG$4600,3,FALSE) -> 01042601230000063890 | AO6: =VLOOKUP(B6,固台账20260430!$E$9:$BG$4600,4,FALSE) -> 砂磨分散多用金 | AP6: =VLOOKUP(B6,固台账20260430!$E$9:$BG$4600,5,FALSE) -> SFG-400 | AQ6: =VLOOKUP(B6,固台账20260430!$E$9:$BG$4600,16,FALSE) -> 2016-12-07 | AR6: =VLOOKUP(B6,固台账20260430!$E$9:$BG$4600,44,FALSE) -> 4358.98 | AS6: =VLOOKUP(B6,固台账20260430!$E$9:$BG$4600,45,FALSE) -> 174.36 | AT6: =VLOOKUP(B6,固台账20260430!$E$9:$BG$4600,49,FALSE) -> 0 | AU6: =VLOOKUP(B6,固台账20260430!$E$9:$BG$4600,50,FALSE) -> 4184.62 | AV6: =VLOOKUP(B6,固台账20260430!$E$9:$BG$4600,51,FALSE) -> 174.36 | AW6: =VLOOKUP(B6,固台账20260430!$E$9:$BG$4600,52,FALSE) -> 174.36 | AX6: =VLOOKUP(B6,固台账20260430!$E$9:$BG$4600,53,FALSE) -> 174.36 | AY6: =VLOOKUP(B6,固台账20260430!$E$9:$BG$4600,54,FALSE) -> 0 | AZ6: =VLOOKUP(B6,固台账20260430!$E$9:$BG$4600,20,FALSE) -> 研发中心 | BA6: =VLOOKUP(B6,固台账20260430!$E$9:$BG$4600,15,FALSE) -> 待梳理事项
A7: 3 | B7: 031000177 | C7: 01042601230000062196 | D7: 智能光照培养箱 | E7: GZP-250A | F7: 肥东制剂分厂 | G7: 南京恒裕电子仪器厂 | H7: 台 | I7: 1 | J7: 2012-06-30 | K7: 2012-06-30 | P7: 4957.26 | Q7: 4758.97 | R7: 198.29 | S7: 198.29 | AL7: =VLOOKUP(B7,固台账20260430!$E$9:$BG$4600,2,FALSE) -> 固定资产.机器设备 | AM7: =VLOOKUP(B7,固台账20260430!$E$9:$BG$4600,1,FALSE) -> 031000177 | AN7: =VLOOKUP(B7,固台账20260430!$E$9:$BG$4600,3,FALSE) -> 01042601230000062196 | AO7: =VLOOKUP(B7,固台账20260430!$E$9:$BG$4600,4,FALSE) -> 智能光照培养箱 | AP7: =VLOOKUP(B7,固台账20260430!$E$9:$BG$4600,5,FALSE) -> GZP-250A | AQ7: =VLOOKUP(B7,固台账20260430!$E$9:$BG$4600,16,FALSE) -> 2012-06-30 | AR7: =VLOOKUP(B7,固台账20260430!$E$9:$BG$4600,44,FALSE) -> 4957.26 | AS7: =VLOOKUP(B7,固台账20260430!$E$9:$BG$4600,45,FALSE) -> 198.29 | AT7: =VLOOKUP(B7,固台账20260430!$E$9:$BG$4600,49,FALSE) -> 0 | AU7: =VLOOKUP(B7,固台账20260430!$E$9:$BG$4600,50,FALSE) -> 4758.97 | AV7: =VLOOKUP(B7,固台账20260430!$E$9:$BG$4600,51,FALSE) -> 198.29 | AW7: =VLOOKUP(B7,固台账20260430!$E$9:$BG$4600,52,FALSE) -> 198.29 | AX7: =VLOOKUP(B7,固台账20260430!$E$9:$BG$4600,53,FALSE) -> 198.29 | AY7: =VLOOKUP(B7,固台账20260430!$E$9:$BG$4600,54,FALSE) -> 0 | AZ7: =VLOOKUP(B7,固台账20260430!$E$9:$BG$4600,20,FALSE) -> 制剂分厂 | BA7: =VLOOKUP(B7,固台账20260430!$E$9:$BG$4600,15,FALSE) -> 待梳理事项
A8: 4 | B8: 031400025 | C8: 01042601230000063529 | D8: 0.5H卧式砂磨机一台 | E8: RT-0.5H | F8: 研发中心 | G8: 上海儒特机电设备 | H8: 台 | I8: 1 | J8: 42349 | K8: 2015-12-11 | P8: 21367.52 | Q8: 20512.82 | R8: 854.7 | S8: 854.7 | AL8: =VLOOKUP(B8,固台账20260430!$E$9:$BG$4600,2,FALSE) -> 固定资产.机器设备 | AM8: =VLOOKUP(B8,固台账20260430!$E$9:$BG$4600,1,FALSE) -> 031400025 | AN8: =VLOOKUP(B8,固台账20260430!$E$9:$BG$4600,3,FALSE) -> 01042601230000063529 | AO8: =VLOOKUP(B8,固台账20260430!$E$9:$BG$4600,4,FALSE) -> 0.5H卧式砂磨机一台 | AP8: =VLOOKUP(B8,固台账20260430!$E$9:$BG$4600,5,FALSE) -> RT-0.5H | AQ8: =VLOOKUP(B8,固台账20260430!$E$9:$BG$4600,16,FALSE) -> 2015-12-11 | AR8: =VLOOKUP(B8,固台账20260430!$E$9:$BG$4600,44,FALSE) -> 21367.52 | AS8: =VLOOKUP(B8,固台账20260430!$E$9:$BG$4600,45,FALSE) -> 854.7 | AT8: =VLOOKUP(B8,固台账20260430!$E$9:$BG$4600,49,FALSE) -> 0 | AU8: =VLOOKUP(B8,固台账20260430!$E$9:$BG$4600,50,FALSE) -> 20512.82 | AV8: =VLOOKUP(B8,固台账20260430!$E$9:$BG$4600,51,FALSE) -> 854.7 | AW8: =VLOOKUP(B8,固台账20260430!$E$9:$BG$4600,52,FALSE) -> 854.7 | AX8: =VLOOKUP(B8,固台账20260430!$E$9:$BG$4600,53,FALSE) -> 854.7 | AY8: =VLOOKUP(B8,固台账20260430!$E$9:$BG$4600,54,FALSE) -> 0 | AZ8: =VLOOKUP(B8,固台账20260430!$E$9:$BG$4600,20,FALSE) -> 研发中心 | BA8: =VLOOKUP(B8,固台账20260430!$E$9:$BG$4600,15,FALSE) -> 上海儒特机电设备有限公司
A9: 5 | B9: 031800018 | C9: 01042601230000063891 | D9: 工业用螺杆冷水机组及附件 | E9: ICW100 | F9: 肥东制剂分厂 | G9: 南京久鼎制冷空调设备 | H9: 台 | I9: 1 | J9: 2016-12-12 | K9: 2016-12-12 | P9: 102564.1 | Q9: 98461.54 | R9: 4102.56 | S9: 4102.56 | AL9: =VLOOKUP(B9,固台账20260430!$E$9:$BG$4600,2,FALSE) -> 固定资产.机器设备 | AM9: =VLOOKUP(B9,固台账20260430!$E$9:$BG$4600,1,FALSE) -> 031800018 | AN9: =VLOOKUP(B9,固台账20260430!$E$9:$BG$4600,3,FALSE) -> 01042601230000063891 | AO9: =VLOOKUP(B9,固台账20260430!$E$9:$BG$4600,4,FALSE) -> 工业用螺杆冷水机组及附件 | AP9: =VLOOKUP(B9,固台账20260430!$E$9:$BG$4600,5,FALSE) -> ICW100 | AQ9: =VLOOKUP(B9,固台账20260430!$E$9:$BG$4600,16,FALSE) -> 2016-12-12 | AR9: =VLOOKUP(B9,固台账20260430!$E$9:$BG$4600,44,FALSE) -> 102564.1 | AS9: =VLOOKUP(B9,固台账20260430!$E$9:$BG$4600,45,FALSE) -> 4102.56 | AT9: =VLOOKUP(B9,固台账20260430!$E$9:$BG$4600,49,FALSE) -> 0 | AU9: =VLOOKUP(B9,固台账20260430!$E$9:$BG$4600,50,FALSE) -> 98461.54 | AV9: =VLOOKUP(B9,固台账20260430!$E$9:$BG$4600,51,FALSE) -> 4102.56 | AW9: =VLOOKUP(B9,固台账20260430!$E$9:$BG$4600,52,FALSE) -> 4102.56 | AX9: =VLOOKUP(B9,固台账20260430!$E$9:$BG$4600,53,FALSE) -> 4102.56 | AY9: =VLOOKUP(B9,固台账20260430!$E$9:$BG$4600,54,FALSE) -> 0 | AZ9: =VLOOKUP(B9,固台账20260430!$E$9:$BG$4600,20,FALSE) -> 制剂分厂 | BA9: =VLOOKUP(B9,固台账20260430!$E$9:$BG$4600,15,FALSE) -> 南京久鼎环境科技股份有限公司
A10: 6 | B10: 031000224-4 | C10: 01042604270000000384 | D10: 直列式灌装机 | E10: CDP-16B | F10: 肥东制剂分厂 | G10: 江苏金旺包装科技涌现公司 | H10: 台 | I10: 1 | J10: 2012-10-31 | K10: 2012-10-31 | P10: 47863.24 | Q10: 45948.71 | R10: 1914.53 | S10: 1914.53 | Y10: （原卡拆分4张-04） | AL10: =VLOOKUP(B10,固台账20260430!$E$9:$BG$4600,2,FALSE) -> 固定资产.机器设备 | AM10: =VLOOKUP(B10,固台账20260430!$E$9:$BG$4600,1,FALSE) -> 031000224-4 | AN10: =VLOOKUP(B10,固台账20260430!$E$9:$BG$4600,3,FALSE) -> 01042604270000000384 | AO10: =VLOOKUP(B10,固台账20260430!$E$9:$BG$4600,4,FALSE) -> 直列式灌装机（原卡拆分4张-04） | AP10: =VLOOKUP(B10,固台账20260430!$E$9:$BG$4600,5,FALSE) -> CDP-16B | AQ10: =VLOOKUP(B10,固台账20260430!$E$9:$BG$4600,16,FALSE) -> 2012-10-31 | AR10: =VLOOKUP(B10,固台账20260430!$E$9:$BG$4600,44,FALSE) -> 47863.24 | AS10: =VLOOKUP(B10,固台账20260430!$E$9:$BG$4600,45,FALSE) -> 1914.53 | AT10: =VLOOKUP(B10,固台账20260430!$E$9:$BG$4600,49,FALSE) -> 0 | AU10: =VLOOKUP(B10,固台账20260430!$E$9:$BG$4600,50,FALSE) -> 45948.71 | AV10: =VLOOKUP(B10,固台账20260430!$E$9:$BG$4600,51,FALSE) -> - | AW10: =VLOOKUP(B10,固台账20260430!$E$9:$BG$4600,52,FALSE) -> 1914.53 | AX10: =VLOOKUP(B10,固台账20260430!$E$9:$BG$4600,53,FALSE) -> 1914.53 | AY10: =VLOOKUP(B10,固台账20260430!$E$9:$BG$4600,54,FALSE) -> 0 | AZ10: =VLOOKUP(B10,固台账20260430!$E$9:$BG$4600,20,FALSE) -> 制剂分厂 | BA10: =VLOOKUP(B10,固台账20260430!$E$9:$BG$4600,15,FALSE) -> 待梳理事项
A11: 7 | B11: 031000257 | C11: 01042601230000062432 | D11: 剂型液剂包装自动线 | E11: KZP.ZXT-2A | F11: 肥东制剂分厂 | G11: 杭州永创 | H11: 台 | I11: 1 | J11: 2012-12-29 | K11: 2012-12-29 | P11: 264500 | Q11: 253920 | R11: 10580 | S11: 10580 | AL11: =VLOOKUP(B11,固台账20260430!$E$9:$BG$4600,2,FALSE) -> 固定资产.机器设备 | AM11: =VLOOKUP(B11,固台账20260430!$E$9:$BG$4600,1,FALSE) -> 031000257 | AN11: =VLOOKUP(B11,固台账20260430!$E$9:$BG$4600,3,FALSE) -> 01042601230000062432 | AO11: =VLOOKUP(B11,固台账20260430!$E$9:$BG$4600,4,FALSE) -> 剂型液剂包装自动线 | AP11: =VLOOKUP(B11,固台账20260430!$E$9:$BG$4600,5,FALSE) -> KZP.ZXT-2A | AQ11: =VLOOKUP(B11,固台账20260430!$E$9:$BG$4600,16,FALSE) -> 2012-12-29 | AR11: =VLOOKUP(B11,固台账20260430!$E$9:$BG$4600,44,FALSE) -> 264500 | AS11: =VLOOKUP(B11,固台账20260430!$E$9:$BG$4600,45,FALSE) -> 10580 | AT11: =VLOOKUP(B11,固台账20260430!$E$9:$BG$4600,49,FALSE) -> 0 | AU11: =VLOOKUP(B11,固台账20260430!$E$9:$BG$4600,50,FALSE) -> 253920 | AV11: =VLOOKUP(B11,固台账20260430!$E$9:$BG$4600,51,FALSE) -> 10580 | AW11: =VLOOKUP(B11,固台账20260430!$E$9:$BG$4600,52,FALSE) -> 10580 | AX11: =VLOOKUP(B11,固台账20260430!$E$9:$BG$4600,53,FALSE) -> 10580 | AY11: =VLOOKUP(B11,固台账20260430!$E$9:$BG$4600,54,FALSE) -> 0 | AZ11: =VLOOKUP(B11,固台账20260430!$E$9:$BG$4600,20,FALSE) -> 制剂分厂 | BA11: =VLOOKUP(B11,固台账20260430!$E$9:$BG$4600,15,FALSE) -> 待梳理事项
A12: 8 | B12: 031022737 | C12: 01042601230000061668 | D12: 电动隔膜泵 | E12: DYB-65 | F12: 肥东制剂分厂 | G12: 上海华工 | H12: 台 | I12: 1 | J12: 2019-05-31 | K12: 2019-05-31 | P12: 8189.66 | Q12: 6731.1 | R12: 1458.56 | S12: 1458.56 | AL12: =VLOOKUP(B12,固台账20260430!$E$9:$BG$4600,2,FALSE) -> 固定资产.机器设备 | AM12: =VLOOKUP(B12,固台账20260430!$E$9:$BG$4600,1,FALSE) -> 031022737 | AN12: =VLOOKUP(B12,固台账20260430!$E$9:$BG$4600,3,FALSE) -> 01042601230000061668 | AO12: =VLOOKUP(B12,固台账20260430!$E$9:$BG$4600,4,FALSE) -> 电动隔膜泵 | AP12: =VLOOKUP(B12,固台账20260430!$E$9:$BG$4600,5,FALSE) -> DBY-65ZF(防爆） | AQ12: =VLOOKUP(B12,固台账20260430!$E$9:$BG$4600,16,FALSE) -> 2019-05-31 | AR12: =VLOOKUP(B12,固台账20260430!$E$9:$BG$4600,44,FALSE) -> 8189.66 | AS12: =VLOOKUP(B12,固台账20260430!$E$9:$BG$4600,45,FALSE) -> 327.59 | AT12: =VLOOKUP(B12,固台账20260430!$E$9:$BG$4600,49,FALSE) -> 261 | AU12: =VLOOKUP(B12,固台账20260430!$E$9:$BG$4600,50,FALSE) -> 6731.1 | AV12: =VLOOKUP(B12,固台账20260430!$E$9:$BG$4600,51,FALSE) -> 1458.56 | AW12: =VLOOKUP(B12,固台账20260430!$E$9:$BG$4600,52,FALSE) -> 1458.56 | AX12: =VLOOKUP(B12,固台账20260430!$E$9:$BG$4600,53,FALSE) -> 1458.56 | AY12: =VLOOKUP(B12,固台账20260430!$E$9:$BG$4600,54,FALSE) -> 0 | AZ12: =VLOOKUP(B12,固台账20260430!$E$9:$BG$4600,20,FALSE) -> 制剂分厂 | BA12: =VLOOKUP(B12,固台账20260430!$E$9:$BG$4600,15,FALSE) -> 上海华工水泵厂
A13: 9 | B13: 031000226-7 | C13: 01042604270000000392 | D13: 全自动上盖机 | E13: SGJ-2 | F13: 肥东制剂分厂 | G13: 晨光轻工机械 | H13: 台 | I13: 1 | J13: 2012-10-31 | K13: 2012-10-31 | P13: 8547.01 | Q13: 8205.13 | R13: 341.88 | S13: 341.88 | Y13: （原卡拆分8张-07） | AL13: =VLOOKUP(B13,固台账20260430!$E$9:$BG$4600,2,FALSE) -> 固定资产.机器设备 | AM13: =VLOOKUP(B13,固台账20260430!$E$9:$BG$4600,1,FALSE) -> 031000226-7 | AN13: =VLOOKUP(B13,固台账20260430!$E$9:$BG$4600,3,FALSE) -> 01042604270000000392 | AO13: =VLOOKUP(B13,固台账20260430!$E$9:$BG$4600,4,FALSE) -> 全自动上盖机（原卡拆分8张-07） | AP13: =VLOOKUP(B13,固台账20260430!$E$9:$BG$4600,5,FALSE) -> SGJ-2 | AQ13: =VLOOKUP(B13,固台账20260430!$E$9:$BG$4600,16,FALSE) -> 2012-10-31 | AR13: =VLOOKUP(B13,固台账20260430!$E$9:$BG$4600,44,FALSE) -> 8547.01 | AS13: =VLOOKUP(B13,固台账20260430!$E$9:$BG$4600,45,FALSE) -> 341.88 | AT13: =VLOOKUP(B13,固台账20260430!$E$9:$BG$4600,49,FALSE) -> 0 | AU13: =VLOOKUP(B13,固台账20260430!$E$9:$BG$4600,50,FALSE) -> 8205.13 | AV13: =VLOOKUP(B13,固台账20260430!$E$9:$BG$4600,51,FALSE) -> - | AW13: =VLOOKUP(B13,固台账20260430!$E$9:$BG$4600,52,FALSE) -> 341.88 | AX13: =VLOOKUP(B13,固台账20260430!$E$9:$BG$4600,53,FALSE) -> 341.88 | AY13: =VLOOKUP(B13,固台账20260430!$E$9:$BG$4600,54,FALSE) -> 0 | AZ13: =VLOOKUP(B13,固台账20260430!$E$9:$BG$4600,20,FALSE) -> 制剂分厂 | BA13: =VLOOKUP(B13,固台账20260430!$E$9:$BG$4600,15,FALSE) -> 待梳理事项
A14: 10 | B14: 031000226-8 | C14: 01042604270000000393 | D14: 全自动上盖机 | E14: SGJ-2 | F14: 肥东制剂分厂 | G14: 晨光轻工机械 | H14: 台 | I14: 1 | J14: 2012-10-31 | K14: 2012-10-31 | P14: 8547 | Q14: 8205.12 | R14: 341.88 | S14: 341.88 | Y14: （原卡拆分8张-08） | AL14: =VLOOKUP(B14,固台账20260430!$E$9:$BG$4600,2,FALSE) -> 固定资产.机器设备 | AM14: =VLOOKUP(B14,固台账20260430!$E$9:$BG$4600,1,FALSE) -> 031000226-8 | AN14: =VLOOKUP(B14,固台账20260430!$E$9:$BG$4600,3,FALSE) -> 01042604270000000393 | AO14: =VLOOKUP(B14,固台账20260430!$E$9:$BG$4600,4,FALSE) -> 全自动上盖机（原卡拆分8张-08） | AP14: =VLOOKUP(B14,固台账20260430!$E$9:$BG$4600,5,FALSE) -> SGJ-2 | AQ14: =VLOOKUP(B14,固台账20260430!$E$9:$BG$4600,16,FALSE) -> 2012-10-31 | AR14: =VLOOKUP(B14,固台账20260430!$E$9:$BG$4600,44,FALSE) -> 8547 | AS14: =VLOOKUP(B14,固台账20260430!$E$9:$BG$4600,45,FALSE) -> 341.88 | AT14: =VLOOKUP(B14,固台账20260430!$E$9:$BG$4600,49,FALSE) -> 0 | AU14: =VLOOKUP(B14,固台账20260430!$E$9:$BG$4600,50,FALSE) -> 8205.12 | AV14: =VLOOKUP(B14,固台账20260430!$E$9:$BG$4600,51,FALSE) -> - | AW14: =VLOOKUP(B14,固台账20260430!$E$9:$BG$4600,52,FALSE) -> 341.88 | AX14: =VLOOKUP(B14,固台账20260430!$E$9:$BG$4600,53,FALSE) -> 341.88 | AY14: =VLOOKUP(B14,固台账20260430!$E$9:$BG$4600,54,FALSE) -> 0 | AZ14: =VLOOKUP(B14,固台账20260430!$E$9:$BG$4600,20,FALSE) -> 制剂分厂 | BA14: =VLOOKUP(B14,固台账20260430!$E$9:$BG$4600,15,FALSE) -> 待梳理事项
A15: 11 | B15: 031000167-1 | C15: 01042604270000000394 | D15: 上料机 | F15: 肥东制剂分厂 | H15: 台 | I15: 1 | J15: 2010-05-20 | K15: 2010-05-20 | P15: 12820.51 | Q15: 12307.69 | R15: 512.82 | S15: 512.82 | Y15: （原卡拆分3张-01） | AL15: =VLOOKUP(B15,固台账20260430!$E$9:$BG$4600,2,FALSE) -> 固定资产.机器设备 | AM15: =VLOOKUP(B15,固台账20260430!$E$9:$BG$4600,1,FALSE) -> 031000167-1 | AN15: =VLOOKUP(B15,固台账20260430!$E$9:$BG$4600,3,FALSE) -> 01042604270000000394 | AO15: =VLOOKUP(B15,固台账20260430!$E$9:$BG$4600,4,FALSE) -> 上料机（原卡拆分3张-01） | AP15: =VLOOKUP(B15,固台账20260430!$E$9:$BG$4600,5,FALSE) -> 0 | AQ15: =VLOOKUP(B15,固台账20260430!$E$9:$BG$4600,16,FALSE) -> 2010-05-20 | AR15: =VLOOKUP(B15,固台账20260430!$E$9:$BG$4600,44,FALSE) -> 12820.51 | AS15: =VLOOKUP(B15,固台账20260430!$E$9:$BG$4600,45,FALSE) -> 512.82 | AT15: =VLOOKUP(B15,固台账20260430!$E$9:$BG$4600,49,FALSE) -> 0 | AU15: =VLOOKUP(B15,固台账20260430!$E$9:$BG$4600,50,FALSE) -> 12307.69 | AV15: =VLOOKUP(B15,固台账20260430!$E$9:$BG$4600,51,FALSE) -> - | AW15: =VLOOKUP(B15,固台账20260430!$E$9:$BG$4600,52,FALSE) -> 512.82 | AX15: =VLOOKUP(B15,固台账20260430!$E$9:$BG$4600,53,FALSE) -> 512.82 | AY15: =VLOOKUP(B15,固台账20260430!$E$9:$BG$4600,54,FALSE) -> 0 | AZ15: =VLOOKUP(B15,固台账20260430!$E$9:$BG$4600,20,FALSE) -> 制剂分厂 | BA15: =VLOOKUP(B15,固台账20260430!$E$9:$BG$4600,15,FALSE) -> 待梳理事项
A16: 12 | B16: 031000167-2 | C16: 01042604270000000395 | D16: 上料机 | F16: 肥东制剂分厂 | H16: 台 | I16: 1 | J16: 2010-05-20 | K16: 2010-05-20 | P16: 12820.51 | Q16: 12307.69 | R16: 512.82 | S16: 512.82 | Y16: （原卡拆分3张-02） | AL16: =VLOOKUP(B16,固台账20260430!$E$9:$BG$4600,2,FALSE) -> 固定资产.机器设备 | AM16: =VLOOKUP(B16,固台账20260430!$E$9:$BG$4600,1,FALSE) -> 031000167-2 | AN16: =VLOOKUP(B16,固台账20260430!$E$9:$BG$4600,3,FALSE) -> 01042604270000000395 | AO16: =VLOOKUP(B16,固台账20260430!$E$9:$BG$4600,4,FALSE) -> 上料机（原卡拆分3张-02） | AP16: =VLOOKUP(B16,固台账20260430!$E$9:$BG$4600,5,FALSE) -> 0 | AQ16: =VLOOKUP(B16,固台账20260430!$E$9:$BG$4600,16,FALSE) -> 2010-05-20 | AR16: =VLOOKUP(B16,固台账20260430!$E$9:$BG$4600,44,FALSE) -> 12820.51 | AS16: =VLOOKUP(B16,固台账20260430!$E$9:$BG$4600,45,FALSE) -> 512.82 | AT16: =VLOOKUP(B16,固台账20260430!$E$9:$BG$4600,49,FALSE) -> 0 | AU16: =VLOOKUP(B16,固台账20260430!$E$9:$BG$4600,50,FALSE) -> 12307.69 | AV16: =VLOOKUP(B16,固台账20260430!$E$9:$BG$4600,51,FALSE) -> - | AW16: =VLOOKUP(B16,固台账20260430!$E$9:$BG$4600,52,FALSE) -> 512.82 | AX16: =VLOOKUP(B16,固台账20260430!$E$9:$BG$4600,53,FALSE) -> 512.82 | AY16: =VLOOKUP(B16,固台账20260430!$E$9:$BG$4600,54,FALSE) -> 0 | AZ16: =VLOOKUP(B16,固台账20260430!$E$9:$BG$4600,20,FALSE) -> 制剂分厂 | BA16: =VLOOKUP(B16,固台账20260430!$E$9:$BG$4600,15,FALSE) -> 待梳理事项
A17: 13 | B17: 031000167-3 | C17: 01042604270000000396 | D17: 上料机 | F17: 肥东制剂分厂 | H17: 台 | I17: 1 | J17: 2010-05-20 | K17: 2010-05-20 | P17: 12820.52 | Q17: 12307.7 | R17: 512.82 | S17: 512.82 | Y17: （原卡拆分3张-03） | AL17: =VLOOKUP(B17,固台账20260430!$E$9:$BG$4600,2,FALSE) -> 固定资产.机器设备 | AM17: =VLOOKUP(B17,固台账20260430!$E$9:$BG$4600,1,FALSE) -> 031000167-3 | AN17: =VLOOKUP(B17,固台账20260430!$E$9:$BG$4600,3,FALSE) -> 01042604270000000396 | AO17: =VLOOKUP(B17,固台账20260430!$E$9:$BG$4600,4,FALSE) -> 上料机（原卡拆分3张-03） | AP17: =VLOOKUP(B17,固台账20260430!$E$9:$BG$4600,5,FALSE) -> 0 | AQ17: =VLOOKUP(B17,固台账20260430!$E$9:$BG$4600,16,FALSE) -> 2010-05-20 | AR17: =VLOOKUP(B17,固台账20260430!$E$9:$BG$4600,44,FALSE) -> 12820.52 | AS17: =VLOOKUP(B17,固台账20260430!$E$9:$BG$4600,45,FALSE) -> 512.82 | AT17: =VLOOKUP(B17,固台账20260430!$E$9:$BG$4600,49,FALSE) -> 0 | AU17: =VLOOKUP(B17,固台账20260430!$E$9:$BG$4600,50,FALSE) -> 12307.7 | AV17: =VLOOKUP(B17,固台账20260430!$E$9:$BG$4600,51,FALSE) -> - | AW17: =VLOOKUP(B17,固台账20260430!$E$9:$BG$4600,52,FALSE) -> 512.82 | AX17: =VLOOKUP(B17,固台账20260430!$E$9:$BG$4600,53,FALSE) -> 512.82 | AY17: =VLOOKUP(B17,固台账20260430!$E$9:$BG$4600,54,FALSE) -> 0 | AZ17: =VLOOKUP(B17,固台账20260430!$E$9:$BG$4600,20,FALSE) -> 制剂分厂 | BA17: =VLOOKUP(B17,固台账20260430!$E$9:$BG$4600,15,FALSE) -> 待梳理事项
A18: 14 | B18: 031900042 | C18: 01042601230000062958 | D18: 苯磺隆颗粒剂成套连续化生产装置--负压上料机 | F18: 肥东制剂分厂 | G18: 江阴市昌盛药化机械 | H18: 台 | I18: 1 | J18: 2017-10-12 | K18: 2017-10-12 | P18: 9401.71 | Q18: 9025.64 | R18: 376.07 | S18: 376.07 | AL18: =VLOOKUP(B18,固台账20260430!$E$9:$BG$4600,2,FALSE) -> 固定资产.机器设备 | AM18: =VLOOKUP(B18,固台账20260430!$E$9:$BG$4600,1,FALSE) -> 031900042 | AN18: =VLOOKUP(B18,固台账20260430!$E$9:$BG$4600,3,FALSE) -> 01042601230000062958 | AO18: =VLOOKUP(B18,固台账20260430!$E$9:$BG$4600,4,FALSE) -> 苯磺隆颗粒剂成装置--负压上料机 | AP18: =VLOOKUP(B18,固台账20260430!$E$9:$BG$4600,5,FALSE) -> 0 | AQ18: =VLOOKUP(B18,固台账20260430!$E$9:$BG$4600,16,FALSE) -> 2017-10-12 | AR18: =VLOOKUP(B18,固台账20260430!$E$9:$BG$4600,44,FALSE) -> 9401.71 | AS18: =VLOOKUP(B18,固台账20260430!$E$9:$BG$4600,45,FALSE) -> 376.07 | AT18: =VLOOKUP(B18,固台账20260430!$E$9:$BG$4600,49,FALSE) -> 0 | AU18: =VLOOKUP(B18,固台账20260430!$E$9:$BG$4600,50,FALSE) -> 9025.64 | AV18: =VLOOKUP(B18,固台账20260430!$E$9:$BG$4600,51,FALSE) -> 376.07 | AW18: =VLOOKUP(B18,固台账20260430!$E$9:$BG$4600,52,FALSE) -> 376.07 | AX18: =VLOOKUP(B18,固台账20260430!$E$9:$BG$4600,53,FALSE) -> 376.07 | AY18: =VLOOKUP(B18,固台账20260430!$E$9:$BG$4600,54,FALSE) -> 0 | AZ18: =VLOOKUP(B18,固台账20260430!$E$9:$BG$4600,20,FALSE) -> 制剂分厂 | BA18: =VLOOKUP(B18,固台账20260430!$E$9:$BG$4600,15,FALSE) -> 江阴市昌盛药化机械有限公司
A19: 15 | B19: 031900044 | C19: 01042601230000062969 | D19: 苯磺隆颗粒剂成套连续化生产装置--料仓 | E19: 200L | F19: 肥东制剂分厂 | G19: 江阴市昌盛药化机械 | H19: 台 | I19: 1 | J19: 2017-10-12 | K19: 2017-10-12 | P19: 2136.75 | Q19: 2051.28 | R19: 85.47 | S19: 85.47 | AL19: =VLOOKUP(B19,固台账20260430!$E$9:$BG$4600,2,FALSE) -> 固定资产.机器设备 | AM19: =VLOOKUP(B19,固台账20260430!$E$9:$BG$4600,1,FALSE) -> 031900044 | AN19: =VLOOKUP(B19,固台账20260430!$E$9:$BG$4600,3,FALSE) -> 01042601230000062969 | AO19: =VLOOKUP(B19,固台账20260430!$E$9:$BG$4600,4,FALSE) -> 苯磺隆颗粒剂成装置--料仓 | AP19: =VLOOKUP(B19,固台账20260430!$E$9:$BG$4600,5,FALSE) -> 200L | AQ19: =VLOOKUP(B19,固台账20260430!$E$9:$BG$4600,16,FALSE) -> 2017-10-12 | AR19: =VLOOKUP(B19,固台账20260430!$E$9:$BG$4600,44,FALSE) -> 2136.75 | AS19: =VLOOKUP(B19,固台账20260430!$E$9:$BG$4600,45,FALSE) -> 85.47 | AT19: =VLOOKUP(B19,固台账20260430!$E$9:$BG$4600,49,FALSE) -> 0 | AU19: =VLOOKUP(B19,固台账20260430!$E$9:$BG$4600,50,FALSE) -> 2051.28 | AV19: =VLOOKUP(B19,固台账20260430!$E$9:$BG$4600,51,FALSE) -> 85.47 | AW19: =VLOOKUP(B19,固台账20260430!$E$9:$BG$4600,52,FALSE) -> 85.47 | AX19: =VLOOKUP(B19,固台账20260430!$E$9:$BG$4600,53,FALSE) -> 85.47 | AY19: =VLOOKUP(B19,固台账20260430!$E$9:$BG$4600,54,FALSE) -> 0 | AZ19: =VLOOKUP(B19,固台账20260430!$E$9:$BG$4600,20,FALSE) -> 制剂分厂 | BA19: =VLOOKUP(B19,固台账20260430!$E$9:$BG$4600,15,FALSE) -> 江阴市昌盛药化机械有限公司
A20: 16 | B20: 031900050 | C20: 01042601230000063051 | D20: 苯磺隆颗粒剂成套连续化生产装置--旋转造粒机 | E20: XZL-300 | F20: 肥东制剂分厂 | G20: 江阴市昌盛药化机械 | H20: 台 | I20: 1 | J20: 2017-10-12 | K20: 2017-10-12 | P20: 38461.54 | Q20: 36923.08 | R20: 1538.46 | S20: 1538.46 | AL20: =VLOOKUP(B20,固台账20260430!$E$9:$BG$4600,2,FALSE) -> 固定资产.机器设备 | AM20: =VLOOKUP(B20,固台账20260430!$E$9:$BG$4600,1,FALSE) -> 031900050 | AN20: =VLOOKUP(B20,固台账20260430!$E$9:$BG$4600,3,FALSE) -> 01042601230000063051 | AO20: =VLOOKUP(B20,固台账20260430!$E$9:$BG$4600,4,FALSE) -> 苯磺隆颗粒剂成装置--旋转造粒机 | AP20: =VLOOKUP(B20,固台账20260430!$E$9:$BG$4600,5,FALSE) -> XZL-300 | AQ20: =VLOOKUP(B20,固台账20260430!$E$9:$BG$4600,16,FALSE) -> 2017-10-12 | AR20: =VLOOKUP(B20,固台账20260430!$E$9:$BG$4600,44,FALSE) -> 38461.54 | AS20: =VLOOKUP(B20,固台账20260430!$E$9:$BG$4600,45,FALSE) -> 1538.46 | AT20: =VLOOKUP(B20,固台账20260430!$E$9:$BG$4600,49,FALSE) -> 0 | AU20: =VLOOKUP(B20,固台账20260430!$E$9:$BG$4600,50,FALSE) -> 36923.08 | AV20: =VLOOKUP(B20,固台账20260430!$E$9:$BG$4600,51,FALSE) -> 1538.46 | AW20: =VLOOKUP(B20,固台账20260430!$E$9:$BG$4600,52,FALSE) -> 1538.46 | AX20: =VLOOKUP(B20,固台账20260430!$E$9:$BG$4600,53,FALSE) -> 1538.46 | AY20: =VLOOKUP(B20,固台账20260430!$E$9:$BG$4600,54,FALSE) -> 0 | AZ20: =VLOOKUP(B20,固台账20260430!$E$9:$BG$4600,20,FALSE) -> 制剂分厂 | BA20: =VLOOKUP(B20,固台账20260430!$E$9:$BG$4600,15,FALSE) -> 江阴市昌盛药化机械有限公司
A21: 17 | B21: 031900051 | C21: 01042601230000063056 | D21: 苯磺隆颗粒剂成套连续化生产装置--旋转造粒机 | E21: XZL-300 | F21: 肥东制剂分厂 | G21: 江阴市昌盛药化机械 | H21: 台 | I21: 1 | J21: 2017-10-12 | K21: 2017-10-12 | P21: 38461.54 | Q21: 36923.08 | R21: 1538.46 | S21: 1538.46 | AL21: =VLOOKUP(B21,固台账20260430!$E$9:$BG$4600,2,FALSE) -> 固定资产.机器设备 | AM21: =VLOOKUP(B21,固台账20260430!$E$9:$BG$4600,1,FALSE) -> 031900051 | AN21: =VLOOKUP(B21,固台账20260430!$E$9:$BG$4600,3,FALSE) -> 01042601230000063056 | AO21: =VLOOKUP(B21,固台账20260430!$E$9:$BG$4600,4,FALSE) -> 苯磺隆颗粒剂成装置--旋转造料机 | AP21: =VLOOKUP(B21,固台账20260430!$E$9:$BG$4600,5,FALSE) -> XZL-300 | AQ21: =VLOOKUP(B21,固台账20260430!$E$9:$BG$4600,16,FALSE) -> 2017-10-12 | AR21: =VLOOKUP(B21,固台账20260430!$E$9:$BG$4600,44,FALSE) -> 38461.54 | AS21: =VLOOKUP(B21,固台账20260430!$E$9:$BG$4600,45,FALSE) -> 1538.46 | AT21: =VLOOKUP(B21,固台账20260430!$E$9:$BG$4600,49,FALSE) -> 0 | AU21: =VLOOKUP(B21,固台账20260430!$E$9:$BG$4600,50,FALSE) -> 36923.08 | AV21: =VLOOKUP(B21,固台账20260430!$E$9:$BG$4600,51,FALSE) -> 1538.46 | AW21: =VLOOKUP(B21,固台账20260430!$E$9:$BG$4600,52,FALSE) -> 1538.46 | AX21: =VLOOKUP(B21,固台账20260430!$E$9:$BG$4600,53,FALSE) -> 1538.46 | AY21: =VLOOKUP(B21,固台账20260430!$E$9:$BG$4600,54,FALSE) -> 0 | AZ21: =VLOOKUP(B21,固台账20260430!$E$9:$BG$4600,20,FALSE) -> 制剂分厂 | BA21: =VLOOKUP(B21,固台账20260430!$E$9:$BG$4600,15,FALSE) -> 江阴市昌盛药化机械有限公司
A22: 18 | B22: 031022746 | C22: 01042601230000061857 | D22: 活性碳箱 | E22: 处理风量10000 | F22: 肥东制剂分厂 | G22: 合肥佳丰风机有限公司 | H22: 台 | I22: 1 | J22: 2019-08-27 | K22: 2019-08-27 | P22: 10815.93 | Q22: 8561.71 | R22: 2254.22 | S22: 2254.22 | Y22: 锈蚀损坏 | AL22: =VLOOKUP(B22,固台账20260430!$E$9:$BG$4600,2,FALSE) -> 固定资产.机器设备 | AM22: =VLOOKUP(B22,固台账20260430!$E$9:$BG$4600,1,FALSE) -> 031022746 | AN22: =VLOOKUP(B22,固台账20260430!$E$9:$BG$4600,3,FALSE) -> 01042601230000061857 | AO22: =VLOOKUP(B22,固台账20260430!$E$9:$BG$4600,4,FALSE) -> 活性碳箱 | AP22: =VLOOKUP(B22,固台账20260430!$E$9:$BG$4600,5,FALSE) -> 处理风量10000 | AQ22: =VLOOKUP(B22,固台账20260430!$E$9:$BG$4600,16,FALSE) -> 2019-08-27 | AR22: =VLOOKUP(B22,固台账20260430!$E$9:$BG$4600,44,FALSE) -> 10815.93 | AS22: =VLOOKUP(B22,固台账20260430!$E$9:$BG$4600,45,FALSE) -> 432.64 | AT22: =VLOOKUP(B22,固台账20260430!$E$9:$BG$4600,49,FALSE) -> 341.55 | AU22: =VLOOKUP(B22,固台账20260430!$E$9:$BG$4600,50,FALSE) -> 8561.71 | AV22: =VLOOKUP(B22,固台账20260430!$E$9:$BG$4600,51,FALSE) -> 2254.22 | AW22: =VLOOKUP(B22,固台账20260430!$E$9:$BG$4600,52,FALSE) -> 2254.22 | AX22: =VLOOKUP(B22,固台账20260430!$E$9:$BG$4600,53,FALSE) -> 2254.22 | AY22: =VLOOKUP(B22,固台账20260430!$E$9:$BG$4600,54,FALSE) -> 0 | AZ22: =VLOOKUP(B22,固台账20260430!$E$9:$BG$4600,20,FALSE) -> 制剂分厂 | BA22: =VLOOKUP(B22,固台账20260430!$E$9:$BG$4600,15,FALSE) -> 合肥佳丰风机有限公司
A23: 19 | B23: 031022782 | C23: 01042601230000062849 | D23: 活性碳箱 | E23: 风量2000M3/H | F23: 肥东制剂分厂 | G23: 合肥佳丰风机公司 | H23: 台 | I23: 1 | J23: 2019-11-29 | K23: 2019-11-29 | P23: 10796.46 | Q23: 8219.75 | R23: 2576.71 | S23: 2576.71 | Y23: 锈蚀损坏 | AL23: =VLOOKUP(B23,固台账20260430!$E$9:$BG$4600,2,FALSE) -> 固定资产.机器设备 | AM23: =VLOOKUP(B23,固台账20260430!$E$9:$BG$4600,1,FALSE) -> 031022782 | AN23: =VLOOKUP(B23,固台账20260430!$E$9:$BG$4600,3,FALSE) -> 01042601230000062849 | AO23: =VLOOKUP(B23,固台账20260430!$E$9:$BG$4600,4,FALSE) -> 活性碳箱 | AP23: =VLOOKUP(B23,固台账20260430!$E$9:$BG$4600,5,FALSE) -> 风量2000M3/H | AQ23: =VLOOKUP(B23,固台账20260430!$E$9:$BG$4600,16,FALSE) -> 2019-11-29 | AR23: =VLOOKUP(B23,固台账20260430!$E$9:$BG$4600,44,FALSE) -> 10796.46 | AS23: =VLOOKUP(B23,固台账20260430!$E$9:$BG$4600,45,FALSE) -> 431.86 | AT23: =VLOOKUP(B23,固台账20260430!$E$9:$BG$4600,49,FALSE) -> 338.67 | AU23: =VLOOKUP(B23,固台账20260430!$E$9:$BG$4600,50,FALSE) -> 8219.75 | AV23: =VLOOKUP(B23,固台账20260430!$E$9:$BG$4600,51,FALSE) -> 2576.71 | AW23: =VLOOKUP(B23,固台账20260430!$E$9:$BG$4600,52,FALSE) -> 2576.71 | AX23: =VLOOKUP(B23,固台账20260430!$E$9:$BG$4600,53,FALSE) -> 2576.71 | AY23: =VLOOKUP(B23,固台账20260430!$E$9:$BG$4600,54,FALSE) -> 0 | AZ23: =VLOOKUP(B23,固台账20260430!$E$9:$BG$4600,20,FALSE) -> 制剂分厂 | BA23: =VLOOKUP(B23,固台账20260430!$E$9:$BG$4600,15,FALSE) -> 合肥佳丰风机有限公司
A24: 20 | B24: 031022855 | C24: 01042601230000064422 | D24: 蒸汽发生器 | E24: 24KW | F24: 肥东制剂分厂 | G24: 上海庞泊包装科技 | H24: 台 | I24: 1 | J24: 2020-06-19 | K24: 2020-06-19 | P24: 6017.7 | Q24: 4158.62 | R24: 1859.08 | S24: 1859.08 | Y24: 锈蚀损坏 | AL24: =VLOOKUP(B24,固台账20260430!$E$9:$BG$4600,2,FALSE) -> 固定资产.机器设备 | AM24: =VLOOKUP(B24,固台账20260430!$E$9:$BG$4600,1,FALSE) -> 031022855 | AN24: =VLOOKUP(B24,固台账20260430!$E$9:$BG$4600,3,FALSE) -> 01042601230000064422 | AO24: =VLOOKUP(B24,固台账20260430!$E$9:$BG$4600,4,FALSE) -> 蒸汽发生器 | AP24: =VLOOKUP(B24,固台账20260430!$E$9:$BG$4600,5,FALSE) -> 24KW | AQ24: =VLOOKUP(B24,固台账20260430!$E$9:$BG$4600,16,FALSE) -> 2020-06-19 | AR24: =VLOOKUP(B24,固台账20260430!$E$9:$BG$4600,44,FALSE) -> 6017.7 | AS24: =VLOOKUP(B24,固台账20260430!$E$9:$BG$4600,45,FALSE) -> 240.71 | AT24: =VLOOKUP(B24,固台账20260430!$E$9:$BG$4600,49,FALSE) -> 186.74 | AU24: =VLOOKUP(B24,固台账20260430!$E$9:$BG$4600,50,FALSE) -> 4158.62 | AV24: =VLOOKUP(B24,固台账20260430!$E$9:$BG$4600,51,FALSE) -> 1859.08 | AW24: =VLOOKUP(B24,固台账20260430!$E$9:$BG$4600,52,FALSE) -> 1859.08 | AX24: =VLOOKUP(B24,固台账20260430!$E$9:$BG$4600,53,FALSE) -> 1859.08 | AY24: =VLOOKUP(B24,固台账20260430!$E$9:$BG$4600,54,FALSE) -> 0 | AZ24: =VLOOKUP(B24,固台账20260430!$E$9:$BG$4600,20,FALSE) -> 制剂分厂 | BA24: =VLOOKUP(B24,固台账20260430!$E$9:$BG$4600,15,FALSE) -> 上海庞泊包装科技有限公司
A25: 21 | B25: 031900070 | C25: 01042601230000063879 | D25: 草甘膦颗粒剂成套连续化生产装置--挤压造料机 | E25: SET-140 | F25: 肥东制剂分厂 | G25: 江阴市昌盛药化机械公 | H25: 台 | I25: 1 | J25: 2018-01-31 | K25: 2018-01-31 | P25: 73076.92 | Q25: 70153.84 | R25: 2923.08 | S25: 2923.08 | Y25: 物料腐蚀磨损 | AL25: =VLOOKUP(B25,固台账20260430!$E$9:$BG$4600,2,FALSE) -> 固定资产.机器设备 | AM25: =VLOOKUP(B25,固台账20260430!$E$9:$BG$4600,1,FALSE) -> 031900070 | AN25: =VLOOKUP(B25,固台账20260430!$E$9:$BG$4600,3,FALSE) -> 01042601230000063879 | AO25: =VLOOKUP(B25,固台账20260430!$E$9:$BG$4600,4,FALSE) -> 草甘膦颗粒剂成套装置--挤压造料机 | AP25: =VLOOKUP(B25,固台账20260430!$E$9:$BG$4600,5,FALSE) -> SET-140 | AQ25: =VLOOKUP(B25,固台账20260430!$E$9:$BG$4600,16,FALSE) -> 2018-01-31 | AR25: =VLOOKUP(B25,固台账20260430!$E$9:$BG$4600,44,FALSE) -> 73076.92 | AS25: =VLOOKUP(B25,固台账20260430!$E$9:$BG$4600,45,FALSE) -> 2923.08 | AT25: =VLOOKUP(B25,固台账20260430!$E$9:$BG$4600,49,FALSE) -> 0 | AU25: =VLOOKUP(B25,固台账20260430!$E$9:$BG$4600,50,FALSE) -> 70153.84 | AV25: =VLOOKUP(B25,固台账20260430!$E$9:$BG$4600,51,FALSE) -> 2923.08 | AW25: =VLOOKUP(B25,固台账20260430!$E$9:$BG$4600,52,FALSE) -> 2923.08 | AX25: =VLOOKUP(B25,固台账20260430!$E$9:$BG$4600,53,FALSE) -> 2923.08 | AY25: =VLOOKUP(B25,固台账20260430!$E$9:$BG$4600,54,FALSE) -> 0 | AZ25: =VLOOKUP(B25,固台账20260430!$E$9:$BG$4600,20,FALSE) -> 制剂分厂 | BA25: =VLOOKUP(B25,固台账20260430!$E$9:$BG$4600,15,FALSE) -> 江阴市昌盛药化机械有限公司
A26: 22 | B26: 030800022 | C26: 01042601230000061413 | D26: 氟塑料离心泵 | E26: 50FSB-25 | F26: 肥东合成分厂 | G26: 安徽卧龙 | H26: 台 | I26: 1 | J26: 2007-12-30 | K26: 2007-12-30 | P26: 3564.1 | Q26: 2566.08 | R26: 998.02 | S26: 998.02 | AL26: =VLOOKUP(B26,固台账20260430!$E$9:$BG$4600,2,FALSE) -> 固定资产.机器设备 | AM26: =VLOOKUP(B26,固台账20260430!$E$9:$BG$4600,1,FALSE) -> 030800022 | AN26: =VLOOKUP(B26,固台账20260430!$E$9:$BG$4600,3,FALSE) -> 01042601230000061413 | AO26: =VLOOKUP(B26,固台账20260430!$E$9:$BG$4600,4,FALSE) -> 氟塑料离心泵 | AP26: =VLOOKUP(B26,固台账20260430!$E$9:$BG$4600,5,FALSE) -> 50FSB-25 | AQ26: =VLOOKUP(B26,固台账20260430!$E$9:$BG$4600,16,FALSE) -> 2007-12-30 | AR26: =VLOOKUP(B26,固台账20260430!$E$9:$BG$4600,44,FALSE) -> 3564.1 | AS26: =VLOOKUP(B26,固台账20260430!$E$9:$BG$4600,45,FALSE) -> 0 | AT26: =VLOOKUP(B26,固台账20260430!$E$9:$BG$4600,49,FALSE) -> 0 | AU26: =VLOOKUP(B26,固台账20260430!$E$9:$BG$4600,50,FALSE) -> 2566.08 | AV26: =VLOOKUP(B26,固台账20260430!$E$9:$BG$4600,51,FALSE) -> - | AW26: =VLOOKUP(B26,固台账20260430!$E$9:$BG$4600,52,FALSE) -> 998.02 | AX26: =VLOOKUP(B26,固台账20260430!$E$9:$BG$4600,53,FALSE) -> 998.02 | AY26: =VLOOKUP(B26,固台账20260430!$E$9:$BG$4600,54,FALSE) -> 0 | AZ26: =VLOOKUP(B26,固台账20260430!$E$9:$BG$4600,20,FALSE) -> 合成分厂 | BA26: =VLOOKUP(B26,固台账20260430!$E$9:$BG$4600,15,FALSE) -> 待梳理事项
A27: 23 | B27: 030800298 | C27: 01042601230000064731 | D27: 液氯汽化器 | E27: F=2.5㎡ | F27: 肥东合成分厂 | G27: 江苏新世纪民生化工设备有限公司 | H27: 台 | I27: 1 | J27: 2020-10-27 | K27: 2020-10-27 | P27: 10344.83 | Q27: 6733.64 | R27: 3611.19 | S27: 3611.19 | Y27: 腐蚀损坏 | AL27: =VLOOKUP(B27,固台账20260430!$E$9:$BG$4600,2,FALSE) -> 固定资产.机器设备 | AM27: =VLOOKUP(B27,固台账20260430!$E$9:$BG$4600,1,FALSE) -> 030800298 | AN27: =VLOOKUP(B27,固台账20260430!$E$9:$BG$4600,3,FALSE) -> 01042601230000064731 | AO27: =VLOOKUP(B27,固台账20260430!$E$9:$BG$4600,4,FALSE) -> 液氯汽化器 | AP27: =VLOOKUP(B27,固台账20260430!$E$9:$BG$4600,5,FALSE) -> F=2.5㎡ | AQ27: =VLOOKUP(B27,固台账20260430!$E$9:$BG$4600,16,FALSE) -> 2020-10-27 | AR27: =VLOOKUP(B27,固台账20260430!$E$9:$BG$4600,44,FALSE) -> 10344.83 | AS27: =VLOOKUP(B27,固台账20260430!$E$9:$BG$4600,45,FALSE) -> 413.79 | AT27: =VLOOKUP(B27,固台账20260430!$E$9:$BG$4600,49,FALSE) -> 319.74 | AU27: =VLOOKUP(B27,固台账20260430!$E$9:$BG$4600,50,FALSE) -> 6733.64 | AV27: =VLOOKUP(B27,固台账20260430!$E$9:$BG$4600,51,FALSE) -> 3611.19 | AW27: =VLOOKUP(B27,固台账20260430!$E$9:$BG$4600,52,FALSE) -> 3611.19 | AX27: =VLOOKUP(B27,固台账20260430!$E$9:$BG$4600,53,FALSE) -> 3611.19 | AY27: =VLOOKUP(B27,固台账20260430!$E$9:$BG$4600,54,FALSE) -> 0 | AZ27: =VLOOKUP(B27,固台账20260430!$E$9:$BG$4600,20,FALSE) -> 合成分厂 | BA27: =VLOOKUP(B27,固台账20260430!$E$9:$BG$4600,15,FALSE) -> 江苏新世纪民生化工设备有限公司
A28: 24 | B28: 032500336 | C28: 01042601230000062134 | D28: 玻璃钢风机 | E28: FRP472-5A、5000m3/h | F28: 肥东合成分厂 | G28: 宜兴市昌明玻璃钢厂 | H28: 台 | I28: 1 | J28: 2023-04-24 | K28: 2023-04-24 | P28: 7964.6 | Q28: 2787.72 | R28: 5176.88 | S28: 5176.88 | Y28: 酸碱腐蚀损坏 | AL28: =VLOOKUP(B28,固台账20260430!$E$9:$BG$4600,2,FALSE) -> 固定资产.机器设备 | AM28: =VLOOKUP(B28,固台账20260430!$E$9:$BG$4600,1,FALSE) -> 032500336 | AN28: =VLOOKUP(B28,固台账20260430!$E$9:$BG$4600,3,FALSE) -> 01042601230000062134 | AO28: =VLOOKUP(B28,固台账20260430!$E$9:$BG$4600,4,FALSE) -> 玻璃钢风机 | AP28: =VLOOKUP(B28,固台账20260430!$E$9:$BG$4600,5,FALSE) -> FRP472-5A-7.5KW，右旋90度，防爆电机 | AQ28: =VLOOKUP(B28,固台账20260430!$E$9:$BG$4600,16,FALSE) -> 2023-04-24 | AR28: =VLOOKUP(B28,固台账20260430!$E$9:$BG$4600,44,FALSE) -> 7964.6 | AS28: =VLOOKUP(B28,固台账20260430!$E$9:$BG$4600,45,FALSE) -> 318.58 | AT28: =VLOOKUP(B28,固台账20260430!$E$9:$BG$4600,49,FALSE) -> 238.92 | AU28: =VLOOKUP(B28,固台账20260430!$E$9:$BG$4600,50,FALSE) -> 2787.72 | AV28: =VLOOKUP(B28,固台账20260430!$E$9:$BG$4600,51,FALSE) -> 5176.88 | AW28: =VLOOKUP(B28,固台账20260430!$E$9:$BG$4600,52,FALSE) -> 5176.88 | AX28: =VLOOKUP(B28,固台账20260430!$E$9:$BG$4600,53,FALSE) -> 5176.88 | AY28: =VLOOKUP(B28,固台账20260430!$E$9:$BG$4600,54,FALSE) -> 0 | AZ28: =VLOOKUP(B28,固台账20260430!$E$9:$BG$4600,20,FALSE) -> 合成分厂 | BA28: =VLOOKUP(B28,固台账20260430!$E$9:$BG$4600,15,FALSE) -> 宜兴市昌明玻璃钢厂
A29: 25 | B29: 032500316 | C29: 01042601230000061683 | D29: 玻璃钢风机 | E29: FRP472-5A、5000m3/h | F29: 肥东合成分厂 | G29: 宜兴市昌明玻璃钢厂 | H29: 台 | I29: 1 | J29: 2022-05-09 | K29: 2022-05-09 | P29: 8407.08 | Q29: 3867.22 | R29: 4539.86 | S29: 4539.86 | Y29: 酸碱腐蚀损坏 | AL29: =VLOOKUP(B29,固台账20260430!$E$9:$BG$4600,2,FALSE) -> 固定资产.机器设备 | AM29: =VLOOKUP(B29,固台账20260430!$E$9:$BG$4600,1,FALSE) -> 032500316 | AN29: =VLOOKUP(B29,固台账20260430!$E$9:$BG$4600,3,FALSE) -> 01042601230000061683 | AO29: =VLOOKUP(B29,固台账20260430!$E$9:$BG$4600,4,FALSE) -> 玻璃钢风机 | AP29: =VLOOKUP(B29,固台账20260430!$E$9:$BG$4600,5,FALSE) -> F472-5A-11KW，防爆电机，右旋90度 | AQ29: =VLOOKUP(B29,固台账20260430!$E$9:$BG$4600,16,FALSE) -> 2022-05-09 | AR29: =VLOOKUP(B29,固台账20260430!$E$9:$BG$4600,44,FALSE) -> 8407.08 | AS29: =VLOOKUP(B29,固台账20260430!$E$9:$BG$4600,45,FALSE) -> 336.28 | AT29: =VLOOKUP(B29,固台账20260430!$E$9:$BG$4600,49,FALSE) -> 252.21 | AU29: =VLOOKUP(B29,固台账20260430!$E$9:$BG$4600,50,FALSE) -> 3867.22 | AV29: =VLOOKUP(B29,固台账20260430!$E$9:$BG$4600,51,FALSE) -> 4539.86 | AW29: =VLOOKUP(B29,固台账20260430!$E$9:$BG$4600,52,FALSE) -> 4539.86 | AX29: =VLOOKUP(B29,固台账20260430!$E$9:$BG$4600,53,FALSE) -> 4539.86 | AY29: =VLOOKUP(B29,固台账20260430!$E$9:$BG$4600,54,FALSE) -> 0 | AZ29: =VLOOKUP(B29,固台账20260430!$E$9:$BG$4600,20,FALSE) -> 合成分厂 | BA29: =VLOOKUP(B29,固台账20260430!$E$9:$BG$4600,15,FALSE) -> 宜兴市昌明玻璃钢厂
A30: 26 | B30: 032400069 | C30: 01042601230000062310 | D30: 活性炭吸附箱 | E30: 5000m3/h | F30: 肥东合成分厂 | G30: 合肥展英环境科技有限公司 | H30: 台 | I30: 1 | J30: 2023-10-18 | K30: 2023-10-18 | P30: 12035.4 | Q30: 3490.18 | R30: 8545.22 | S30: 8545.22 | Y30: 腐蚀损坏 | AL30: =VLOOKUP(B30,固台账20260430!$E$9:$BG$4600,2,FALSE) -> 固定资产.机器设备 | AM30: =VLOOKUP(B30,固台账20260430!$E$9:$BG$4600,1,FALSE) -> 032400069 | AN30: =VLOOKUP(B30,固台账20260430!$E$9:$BG$4600,3,FALSE) -> 01042601230000062310 | AO30: =VLOOKUP(B30,固台账20260430!$E$9:$BG$4600,4,FALSE) -> 活性炭吸附箱 | AP30: =VLOOKUP(B30,固台账20260430!$E$9:$BG$4600,5,FALSE) -> 5000风量，箱体板厚3MM，DN600 | AQ30: =VLOOKUP(B30,固台账20260430!$E$9:$BG$4600,16,FALSE) -> 2023-10-18 | AR30: =VLOOKUP(B30,固台账20260430!$E$9:$BG$4600,44,FALSE) -> 12035.4 | AS30: =VLOOKUP(B30,固台账20260430!$E$9:$BG$4600,45,FALSE) -> 481.42 | AT30: =VLOOKUP(B30,固台账20260430!$E$9:$BG$4600,49,FALSE) -> 361.08 | AU30: =VLOOKUP(B30,固台账20260430!$E$9:$BG$4600,50,FALSE) -> 3490.18 | AV30: =VLOOKUP(B30,固台账20260430!$E$9:$BG$4600,51,FALSE) -> 8545.22 | AW30: =VLOOKUP(B30,固台账20260430!$E$9:$BG$4600,52,FALSE) -> 8545.22 | AX30: =VLOOKUP(B30,固台账20260430!$E$9:$BG$4600,53,FALSE) -> 8545.22 | AY30: =VLOOKUP(B30,固台账20260430!$E$9:$BG$4600,54,FALSE) -> 0 | AZ30: =VLOOKUP(B30,固台账20260430!$E$9:$BG$4600,20,FALSE) -> 合成分厂 | BA30: =VLOOKUP(B30,固台账20260430!$E$9:$BG$4600,15,FALSE) -> 合肥展英环境科技有限公司
A31: 27 | B31: 030200146 | C31: 01042601230000061298 | D31: 玻璃钢风机 | E31: BF4-72-3.6A、3120-6070m3/h、1627-980Pa、 | F31: 肥东合成分厂 | G31: 浙江天宏风机公司 | H31: 台 | I31: 1 | J31: 2019-02-28 | K31: 2019-02-28 | P31: 4741.38 | Q31: 4040.87 | R31: 700.51 | S31: 700.51 | Y31: 酸碱腐蚀损坏 | AL31: =VLOOKUP(B31,固台账20260430!$E$9:$BG$4600,2,FALSE) -> 固定资产.机器设备 | AM31: =VLOOKUP(B31,固台账20260430!$E$9:$BG$4600,1,FALSE) -> 030200146 | AN31: =VLOOKUP(B31,固台账20260430!$E$9:$BG$4600,3,FALSE) -> 01042601230000061298 | AO31: =VLOOKUP(B31,固台账20260430!$E$9:$BG$4600,4,FALSE) -> 玻璃钢风机 | AP31: =VLOOKUP(B31,固台账20260430!$E$9:$BG$4600,5,FALSE) -> BF-72-3.6A | AQ31: =VLOOKUP(B31,固台账20260430!$E$9:$BG$4600,16,FALSE) -> 2019-02-28 | AR31: =VLOOKUP(B31,固台账20260430!$E$9:$BG$4600,44,FALSE) -> 4741.38 | AS31: =VLOOKUP(B31,固台账20260430!$E$9:$BG$4600,45,FALSE) -> 189.66 | AT31: =VLOOKUP(B31,固台账20260430!$E$9:$BG$4600,49,FALSE) -> 153.25 | AU31: =VLOOKUP(B31,固台账20260430!$E$9:$BG$4600,50,FALSE) -> 4040.87 | AV31: =VLOOKUP(B31,固台账20260430!$E$9:$BG$4600,51,FALSE) -> 700.51 | AW31: =VLOOKUP(B31,固台账20260430!$E$9:$BG$4600,52,FALSE) -> 700.51 | AX31: =VLOOKUP(B31,固台账20260430!$E$9:$BG$4600,53,FALSE) -> 700.51 | AY31: =VLOOKUP(B31,固台账20260430!$E$9:$BG$4600,54,FALSE) -> 0 | AZ31: =VLOOKUP(B31,固台账20260430!$E$9:$BG$4600,20,FALSE) -> 合成分厂 | BA31: =VLOOKUP(B31,固台账20260430!$E$9:$BG$4600,15,FALSE) -> 绍兴天宏风机有限公司
A32: 28 | B32: 030800354 | C32: 01042601230000064844 | D32: 玻璃钢风机 | E32: HT-5A-A、3000Pa、2000m3/h | F32: 肥东合成分厂 | G32: 宜兴市昌明玻璃钢厂 | H32: 台 | I32: 1 | J32: 2021-02-08 | K32: 2021-02-08 | P32: 7964.6 | Q32: 3098.12 | R32: 4866.48 | S32: 4866.48 | Y32: 酸碱腐蚀损坏 | AL32: =VLOOKUP(B32,固台账20260430!$E$9:$BG$4600,2,FALSE) -> 固定资产.机器设备 | AM32: =VLOOKUP(B32,固台账20260430!$E$9:$BG$4600,1,FALSE) -> 030800354 | AN32: =VLOOKUP(B32,固台账20260430!$E$9:$BG$4600,3,FALSE) -> 01042601230000064844 | AO32: =VLOOKUP(B32,固台账20260430!$E$9:$BG$4600,4,FALSE) -> 玻璃钢风机 | AP32: =VLOOKUP(B32,固台账20260430!$E$9:$BG$4600,5,FALSE) -> HT-5A-7.5KW，防爆电机 | AQ32: =VLOOKUP(B32,固台账20260430!$E$9:$BG$4600,16,FALSE) -> 2021-02-08 | AR32: =VLOOKUP(B32,固台账20260430!$E$9:$BG$4600,44,FALSE) -> 7964.6 | AS32: =VLOOKUP(B32,固台账20260430!$E$9:$BG$4600,45,FALSE) -> 318.58 | AT32: =VLOOKUP(B32,固台账20260430!$E$9:$BG$4600,49,FALSE) -> 0 | AU32: =VLOOKUP(B32,固台账20260430!$E$9:$BG$4600,50,FALSE) -> 3098.12 | AV32: =VLOOKUP(B32,固台账20260430!$E$9:$BG$4600,51,FALSE) -> 318.58 | AW32: =VLOOKUP(B32,固台账20260430!$E$9:$BG$4600,52,FALSE) -> 4866.48 | AX32: =VLOOKUP(B32,固台账20260430!$E$9:$BG$4600,53,FALSE) -> 4866.48 | AY32: =VLOOKUP(B32,固台账20260430!$E$9:$BG$4600,54,FALSE) -> 0 | AZ32: =VLOOKUP(B32,固台账20260430!$E$9:$BG$4600,20,FALSE) -> 合成分厂 | BA32: =VLOOKUP(B32,固台账20260430!$E$9:$BG$4600,15,FALSE) -> 宜兴市昌明玻璃钢厂
A34: 小 计 | L34: =ROUND(SUM(L5:L33),2) -> 0 | M34: =ROUND(SUM(M5:M33),2) -> 0 | N34: =ROUND(SUM(N5:N33),2) -> 0 | O34: =ROUND(SUM(O5:O33),2) -> 0 | P34: =SUM(P5:P33) -> 757905.82 | Q34: =SUM(Q5:Q33) -> 694636.53 | R34: =SUM(R5:R33) -> 63269.29 | S34: =SUM(S5:S33) -> 63269.29 | U34: =ROUND(SUM(U5:U33),2) -> 0 | W34: =ROUND(SUM(W5:W33),2) -> 0 | X34: =IF((W34-#REF!)=0,0,IF((W34-#REF!)=W34,100,IF(#REF!<0,-(W34-#REF!)/#REF!*100,IF((W34-#REF!)>0,ABS((W34-#REF!)/#REF!*100),(W34-#REF!)/#REF!*100)))) -> #REF!
A35: 减：机器设备减值准备 | R35: =S34 -> 63269.29 | W35: =ROUND(U35*V35/100,2) -> 0 | X35: =IF((W35-#REF!)=0,0,IF((W35-#REF!)=W35,100,IF(#REF!<0,-(W35-#REF!)/#REF!*100,IF((W35-#REF!)>0,ABS((W35-#REF!)/#REF!*100),(W35-#REF!)/#REF!*100)))) -> #REF!
A36: 合 计 | L36: =L34-L35 -> 0 | M36: =M34-M35 -> 0 | N36: =N34-N35 -> 0 | O36: =O34-O35 -> 0 | P36: =P34-P35 -> 757905.82 | R36: =R34-R35 -> 0 | U36: =U34-U35 -> 0 | W36: =W34-W35 -> 0 | X36: =IF((W36-#REF!)=0,0,IF((W36-#REF!)=W36,100,IF(#REF!<0,-(W36-#REF!)/#REF!*100,IF((W36-#REF!)>0,ABS((W36-#REF!)/#REF!*100),(W36-#REF!)/#REF!*100)))) -> #REF!
B37: 备注：农化20260430账面上固定资产减值准备余额1339800.09元（其中“固定资产减值准备-机器设备”账面余额505332.51元）
D38: 经办人签字： | J38: 财务部签字： | X38: 资产管理负责人签字：

Sheet 固台账20260430
A1: 会计主体 | B1: 安徽丰乐农化有限责任公司
A2: 本位币 | B2: 本币
A3: 账簿 | B3: 安徽丰乐农化有限责任公司-国投集团基准账簿
A4: 会计期间 | B4: 2026-04
A5: 固定资产类别级次 | B5: 1 至 10
A6: 固定资产类别 | B6: 固定资产.办公设备.电脑设备,固定资产.办公设备.办公家具,固定资产.办公设备.办公设备*,固定资产.办公设备.其他,固定资产.运输工具,固定资产.房屋建筑物,固定资产.机器设备,固定资产.其他
A7: 是否展示分配信息 | B7: 否 | E7: 1 | F7: 2 | G7: 3 | H7: 4 | I7: 5 | J7: 6 | K7: 7 | L7: 8 | M7: 9 | N7: 10 | O7: 11 | P7: 12 | Q7: 13 | R7: 14 | S7: 15 | T7: 16 | U7: 17 | V7: 18 | W7: 19 | X7: 20 | Y7: 21 | Z7: 22 | AA7: 23 | AB7: 24 | AC7: 25 | AD7: 26 | AE7: 27 | AF7: 28 | AG7: 29 | AH7: 30 | AI7: 31 | AJ7: 32 | AK7: 33 | AL7: 34 | AM7: 35 | AN7: 36 | AO7: 37 | AP7: 38 | AQ7: 39 | AR7: 40 | AS7: 41 | AT7: 42 | AU7: 43 | AV7: 44 | AW7: 45 | AX7: 46 | AY7: 47 | AZ7: 48 | BA7: 49 | BB7: 50 | BC7: 51 | BD7: 52 | BE7: 53 | BF7: 54 | BG7: 55
A8: 固定资产台账 | E8: 后加 | F8: 后加
A9: 会计主体 | B9: 账簿 | C9: 固定资产类别 | D9: 固定资产类别 | E9: U8号 | F9: 固定资产类别 | G9: 固定资产编码 | H9: 固定资产名称 | I9: 规格 | J9: 型号 | K9: 标签号 | L9: 增加方式 | M9: 减少方式 | N9: 折旧方法 | O9: 税收加速折旧 | P9: 计量单位 | Q9: 位置 | R9: 存放地点 | S9: 供应商 | T9: 开始使用日期 | U9: 使用状态 | V9: 减值单元 | W9: 处置日期 | X9: 管理部门 | Y9: 管理成本中心 | Z9: 管理利润中心 | AA9: 使用人 | AB9: 处置状态 | AC9: 折旧状态 | AD9: 建卡日期 | AE9: 是否期初 | AF9: 固定资产子类别 | AG9: 使用年限 | AH9: 使用月限 | AI9: 已计提期数 | AJ9: 工作量单位 | AK9: 当期工作量 | AL9: 累计工作量 | AM9: 工作总量 | AN9: 净残值率 | AO9: 税目 | AP9: 税率 | AQ9: 原币币种 | AR9: 数量 | AS9: 本币币种 | AT9: 本币汇率类型 | AU9: 本币汇率 | AV9: 本币原值 | AW9: 本币净残值 | AX9: 本币税额 | AY9: 本币期间折旧总额 | AZ9: 本币本期计提折旧 | BA9: 本币本年折旧 | BB9: 本币累计折旧 | BC9: 本币本年减值 | BD9: 本币累计减值 | BE9: 本币账面净值 | BF9: 本币账面价值 | BG9: 本币原始成本
A10: 安徽丰乐农化有限责任公司 | B10: 安徽丰乐农化有限责任公司-国投集团基准账簿 | C10: 固定资产.其他 | D10: 固定资产.其他 | E10: 050600011 | F10: 固定资产.其他 | G10: 01992601230000061243 | H10: 车间茶水亭 | I10: 外购成品 茶水亭2*2*2.4，可移动单体 | J10: U8大类05；卡号04733；资产号050600011 | L10: 直接购入 | N10: 平均年限法(二) | O10: 否 | P10: 台 | R10: 肥东制剂调制车间入口 | S10: 合肥千宴装饰工程有限公司 | T10: 2021-09-19 | U10: 在用 | X10: 制剂分厂 | AB10: 正常 | AC10: 正常计提 | AD10: 2021-09-19 | AE10: 是 | AG10: 5 | AH10: 0 | AI10: 55 | AK10: - | AL10: - | AM10: - | AN10: 4 | AP10: - | AQ10: 人民币 | AR10: 1 | AS10: 人民币 | AT10: 基准汇率 | AU10: 1 | AV10: 6310.68 | AW10: 252.43 | AX10: - | AY10: 100.98 | AZ10: 100.98 | BA10: 403.91 | BB10: 5553.38 | BC10: - | BD10: 0 | BE10: 757.3 | BF10: 757.3 | BG10: 6310.68
D11: 固定资产.其他 | E11: 050600012 | F11: 固定资产.其他 | G11: 01992601230000061245 | H11: 车间茶水亭 | I11: 外购成品 茶水亭2*2*2.4，可移动单体 | J11: U8大类05；卡号04734；资产号050600012 | L11: 直接购入 | N11: 平均年限法(二) | O11: 否 | P11: 台 | R11: 肥东制剂调制车间入口 | S11: 合肥千宴装饰工程有限公司 | T11: 2021-09-19 | U11: 在用 | X11: 制剂分厂 | AB11: 正常 | AC11: 正常计提 | AD11: 2021-09-19 | AE11: 是 | AG11: 5 | AH11: 0 | AI11: 55 | AK11: - | AL11: - | AM11: - | AN11: 4 | AP11: - | AQ11: 人民币 | AR11: 1 | AS11: 人民币 | AT11: 基准汇率 | AU11: 1 | AV11: 6310.68 | AW11: 252.43 | AX11: - | AY11: 100.98 | AZ11: 100.98 | BA11: 403.91 | BB11: 5553.38 | BC11: - | BD11: 0 | BE11: 757.3 | BF11: 757.3 | BG11: 6310.68
D12: 固定资产.其他 | E12: 050600013 | F12: 固定资产.其他 | G12: 01992601230000061249 | H12: 车间茶水亭 | I12: 外购成品 茶水亭2*2*2.4，可移动单体 | J12: U8大类05；卡号04735；资产号050600013 | L12: 直接购入 | N12: 平均年限法(二) | O12: 否 | P12: 台 | R12: 肥东制剂调制车间入口 | S12: 合肥千宴装饰工程有限公司 | T12: 2021-09-19 | U12: 在用 | X12: 制剂分厂 | AB12: 正常 | AC12: 正常计提 | AD12: 2021-09-19 | AE12: 是 | AG12: 5 | AH12: 0 | AI12: 55 | AK12: - | AL12: - | AM12: - | AN12: 4 | AP12: - | AQ12: 人民币 | AR12: 1 | AS12: 人民币 | AT12: 基准汇率 | AU12: 1 | AV12: 6310.68 | AW12: 252.43 | AX12: - | AY12: 100.98 | AZ12: 100.98 | BA12: 403.91 | BB12: 5553.38 | BC12: - | BD12: 0 | BE12: 757.3 | BF12: 757.3 | BG12: 6310.68
D13: 固定资产.其他 | E13: 050100001 | F13: 固定资产.其他 | G13: 01992601230000061433 | H13: 门卫门前广场 | J13: U8大类05；卡号01993；资产号050100001 | L13: 在建工程转入 | N13: 平均年限法(二) | O13: 否 | P13: 台 | R13: 肥东循环园 | S13: 待梳理事项 | T13: 2016-12-29 | U13: 在用 | X13: 制剂分厂 | AB13: 正常 | AC13: 正常计提 | AD13: 2016-12-29 | AE13: 是 | AG13: 10 | AH13: 0 | AI13: 114 | AK13: - | AL13: - | AM13: - | AN13: 4 | AP13: - | AQ13: 人民币 | AR13: 1 | AS13: 人民币 | AT13: 基准汇率 | AU13: 1 | AV13: 1056628.6 | AW13: 42265.14 | AX13: - | AY13: 8395.52 | AZ13: 8395.52 | BA13: 33582.08 | BB13: 963990.32 | BC13: - | BD13: 0 | BE13: 92638.26 | BF13: 92638.26 | BG13: 1056628.6
D14: 固定资产.其他 | E14: 050200001 | F14: 固定资产.其他 | G14: 01992601230000061434 | H14: 弱电管井 | J14: U8大类05；卡号01995；资产号050200001 | L14: 在建工程转入 | N14: 平均年限法(二) | O14: 否 | P14: 台 | R14: 肥东分厂 | S14: 待梳理事项 | T14: 2016-12-29 | U14: 在用 | X14: 制剂分厂 | AB14: 正常 | AC14: 正常计提 | AD14: 2016-12-29 | AE14: 是 | AG14: 10 | AH14: 0 | AI14: 114 | AK14: - | AL14: - | AM14: - | AN14: 4 | AP14: - | AQ14: 人民币 | AR14: 1 | AS14: 人民币 | AT14: 基准汇率 | AU14: 1 | AV14: 464226.42 | AW14: 18569.06 | AX14: - | AY14: 4432.88 | AZ14: 4432.88 | BA14: 17731.54 | BB14: 419060.05 | BC14: - | BD14: 0 | BE14: 45166.37 | BF14: 45166.37 | BG14: 464226.42
D15: 固定资产.其他 | E15: 050100002 | F15: 固定资产.其他 | G15: 01992601230000061436 | H15: 白改黑道路 | J15: U8大类05；卡号01994；资产号050100002 | L15: 在建工程转入 | N15: 平均年限法(二) | O15: 否 | P15: 台 | R15: 肥东分厂循环园 | S15: 待梳理事项 | T15: 2016-12-29 | U15: 在用 | X15: 制剂分厂 | AB15: 正常 | AC15: 正常计提 | AD15: 2016-12-29 | AE15: 是 | AG15: 10 | AH15: 0 | AI15: 114 | AK15: - | AL15: - | AM15: - | AN15: 4 | AP15: - | AQ15: 人民币 | AR15: 1 | AS15: 人民币 | AT15: 基准汇率 | AU15: 1 | AV15: 938095.71 | AW15: 37523.83 | AX15: - | AY15: 9172.64 | AZ15: 9172.64 | BA15: 36690.56 | BB15: 845536.04 | BC15: - | BD15: 0 | BE15: 92559.67 | BF15: 92559.67 | BG15: 938095.71
D16: 固定资产.其他 | E16: 050400005 | F16: 固定资产.其他 | G16: 01992601230000061708 | H16: 肥东食堂天然气工程 | I16: 压力管道级别：GB1，天然气管道安装工程 | J16: U8大类05；卡号04863；资产号050400005 | L16: 直接购入 | N16: 平均年限法(二) | O16: 否 | P16: 台 | R16: 肥东厂区食堂厨房，（综合办）管理 | S16: 肥东深燃天然气有限公司 | T16: 2022-05-27 | U16: 在用 | X16: 综合办公室 | AB16: 正常 | AC16: 正常计提 | AD16: 2022-05-27 | AE16: 是 | AG16: 10 | AH16: 0 | AI16: 47 | AK16: - | AL16: - | AM16: - | AN16: 4 | AP16: - | AQ16: 人民币 | AR16: 1 | AS16: 人民币 | AT16: 基准汇率 | AU16: 1 | AV16: 135779.82 | AW16: 5431.19 | AX16: - | AY16: 1086.24 | AZ16: 1086.24 | BA16: 4344.96 | BB16: 51053.28 | BC16: - | BD16: 0 | BE16: 84726.54 | BF16: 84726.54 | BG16: 135779.82
D17: 固定资产.其他 | E17: 050600001 | F17: 固定资产.其他 | G17: 01992601230000061993 | H17: 员工浴室（肥东厂区东边围墙） | J17: U8大类05；卡号03291；资产号050600001 | L17: 直接购入 | N17: 平均年限法(二) | O17: 否 | P17: 台 | R17: 肥东厂区东边围墙 | S17: 合肥经济技术开发区君峰园林装饰工程经营部 | T17: 2019-10-24 | U17: 在用 | X17: 制剂分厂 | AB17: 正常 | AC17: 计提完成 | AD17: 2019-10-24 | AE17: 是 | AG17: 5 | AH17: 0 | AI17: 60 | AK17: - | AL17: - | AM17: - | AN17: 4 | AP17: - | AQ17: 人民币 | AR17: 1 | AS17: 人民币 | AT17: 基准汇率 | AU17: 1 | AV17: 12616.43 | AW17: 504.66 | AX17: - | AY17: 0 | AZ17: - | BA17: 0 | BB17: 12111.77 | BC17: - | BD17: 0 | BE17: 504.66 | BF17: 504.66 | BG17: 12616.43
D18: 固定资产.其他 | E18: 050600002 | F18: 固定资产.其他 | G18: 01992601230000061994 | H18: 公共厕所（肥东厂区西边围墙） | J18: U8大类05；卡号03292；资产号050600002 | L18: 直接购入 | N18: 平均年限法(二) | O18: 否 | P18: 台 | R18: 肥东分厂西边围墙 | S18: 合肥经济技术开发区君峰园林装饰工程经营部 | T18: 2019-10-24 | U18: 在用 | X18: 制剂分厂 | AB18: 正常 | AC18: 计提完成 | AD18: 2019-10-24 | AE18: 是 | AG18: 5 | AH18: 0 | AI18: 60 | AK18: - | AL18: - | AM18: - | AN18: 4 | AP18: - | AQ18: 人民币 | AR18: 1 | AS18: 人民币 | AT18: 基准汇率 | AU18: 1 | AV18: 29717.16 | AW18: 1188.69 | AX18: - | AY18: 0 | AZ18: - | BA18: 0 | BB18: 28528.47 | BC18: - | BD18: 0 | BE18: 1188.69 | BF18: 1188.69 | BG18: 29717.16
D19: 固定资产.其他 | E19: 050600003 | F19: 固定资产.其他 | G19: 01992601230000061995 | H19: 公共厕所（肥东厂区东边围墙） | J19: U8大类05；卡号03293；资产号050600003 | L19: 直接购入 | N19: 平均年限法(二) | O19: 否 | P19: 台 | R19: 肥东厂区东边围墙 | S19: 合肥经济技术开发区君峰园林装饰工程经营部 | T19: 2019-10-24 | U19: 在用 | X19: 制剂分厂 | AB19: 正常 | AC19: 计提完成 | AD19: 2019-10-24 | AE19: 是 | AG19: 5 | AH19: 0 | AI19: 60 | AK19: - | AL19: - | AM19: - | AN19: 3.9999927 | AP19: - | AQ19: 人民币 | AR19: 1 | AS19: 人民币 | AT19: 基准汇率 | AU19: 1 | AV19: 98375.18 | AW19: 3935 | AX19: - | AY19: 0 | AZ19: - | BA19: 0 | BB19: 94440.18 | BC19: - | BD19: 0 | BE19: 3935 | BF19: 3935 | BG19: 98375.18
D20: 固定资产.其他 | E20: 050400007 | F20: 固定资产.其他 | G20: 01992601230000062456 | H20: 提升泵池工程--雨污水分流改造项目 | I20: 钢筋混凝土水池，事故水提升泵池附属管道安装 | J20: U8大类05；卡号05219；资产号050400007 | L20: 在建工程转入 | N20: 平均年限法(二) | O20: 否 | P20: 台 | R20: 肥东合成 | S20: 安徽新桥建设工程有限公司 | T20: 2023-12-30 | U20: 在用 | X20: 合成分厂 | AB20: 正常 | AC20: 正常计提 | AD20: 2023-12-30 | AE20: 是 | AG20: 10 | AH20: 0 | AI20: 28 | AK20: - | AL20: - | AM20: - | AN20: 4 | AP20: - | AQ20: 人民币 | AR20: 1 | AS20: 人民币 | AT20: 基准汇率 | AU20: 1 | AV20: 217415.38 | AW20: 8696.62 | AX20: - | AY20: 1739.32 | AZ20: 1739.32 | BA20: 6957.28 | BB20: 48700.96 | BC20: - | BD20: 0 | BE20: 168714.42 | BF20: 168714.42 | BG20: 217415.38
D21: 固定资产.其他 | E21: 050400006 | F21: 固定资产.其他 | G21: 01992601230000062457 | H21: 雨水明沟工程--雨污水分流改造项目 | I21: 雨水明沟工程 | J21: U8大类05；卡号05218；资产号050400006 | L21: 在建工程转入 | N21: 平均年限法(二) | O21: 否 | P21: 台 | R21: 肥东厂区 | S21: 安徽新桥建设工程有限公司 | T21: 2023-12-30 | U21: 在用 | X21: 制剂分厂 | AB21: 正常 | AC21: 正常计提 | AD21: 2023-12-30 | AE21: 是 | AG21: 10 | AH21: 0 | AI21: 28 | AK21: - | AL21: - | AM21: - | AN21: 4 | AP21: - | AQ21: 人民币 | AR21: 1 | AS21: 人民币 | AT21: 基准汇率 | AU21: 1 | AV21: 2735784.3 | AW21: 109431.37 | AX21: - | AY21: 21886.28 | AZ21: 21886.28 | BA21: 87545.12 | BB21: 612815.6 | BC21: - | BD21: 0 | BE21: 2122968.7 | BF21: 2122968.7 | BG21: 2735784.3
D22: 固定资产.其他 | E22: 050400008 | F22: 固定资产.其他 | G22: 01992601230000062459 | H22: 污水泵池工程--雨污水分流改造项目 | I22: 钢筋混凝土水池，污水泵池附属管道安装 | J22: U8大类05；卡号05220；资产号050400008 | L22: 在建工程转入 | N22: 平均年限法(二) | O22: 否 | P22: 台 | R22: 肥东合成 | S22: 安徽新桥建设工程有限公司 | T22: 2023-12-30 | U22: 在用 | X22: 合成分厂 | AB22: 正常 | AC22: 正常计提 | AD22: 2023-12-30 | AE22: 是 | AG22: 10 | AH22: 0 | AI22: 28 | AK22: - | AL22: - | AM22: - | AN22: 4 | AP22: - | AQ22: 人民币 | AR22: 1 | AS22: 人民币 | AT22: 基准汇率 | AU22: 1 | AV22: 66973.22 | AW22: 2678.93 | AX22: - | AY22: 535.78 | AZ22: 535.78 | BA22: 2143.12 | BB22: 15002.08 | BC22: - | BD22: 0 | BE22: 51971.14 | BF22: 51971.14 | BG22: 66973.22
D23: 固定资产.其他 | E23: 050400001 | F23: 固定资产.其他 | G23: 01992601230000063145 | H23: 外管架（廊） | J23: U8大类05；卡号02282；资产号050400001 | L23: 直接购入 | N23: 平均年限法(二) | O23: 否 | P23: 台 | R23: 肥东制剂粉剂车间及微胶囊车间外管廊 | S23: 安徽力天建设有限公司 | T23: 2017-10-12 | U23: 在用 | X23: 制剂分厂 | AB23: 正常 | AC23: 正常计提 | AD23: 2017-10-12 | AE23: 是 | AG23: 10 | AH23: 0 | AI23: 103 | AK23: - | AL23: - | AM23: - | AN23: 4 | AP23: - | AQ23: 人民币 | AR23: 1 | AS23: 人民币 | AT23: 基准汇率 | AU23: 1 | AV23: 531213.28 | AW23: 21248.53 | AX23: - | AY23: 6139.02 | AZ23: 6139.02 | BA23: 24556.08 | BB23: 405601.42 | BC23: - | BD23: 0 | BE23: 125611.86 | BF23: 125611.86 | BG23: 531213.28
D24: 固定资产.其他 | E24: 050500001 | F24: 固定资产.其他 | G24: 01992601230000063286 | H24: 肥东中间体污水管网工程 | J24: U8大类05；卡号02567；资产号050500001 | L24: 在建工程转入 | N24: 平均年限法(二) | O24: 否 | P24: 台 | R24: 肥东分厂 | S24: 待梳理事项 | T24: 2014-01-20 | U24: 在用 | X24: 合成分厂 | AB24: 正常 | AC24: 计提完成 | AD24: 2014-01-20 | AE24: 是 | AG24: 10 | AH24: 0 | AI24: 120 | AK24: - | AL24: - | AM24: - | AN24: 4 | AP24: - | AQ24: 人民币 | AR24: 1 | AS24: 人民币 | AT24: 基准汇率 | AU24: 1 | AV24: 254342 | AW24: 10173.68 | AX24: - | AY24: 0 | AZ24: - | BA24: 0 | BB24: 244168.32 | BC24: - | BD24: 0 | BE24: 10173.68 | BF24: 10173.68 | BG24: 254342
D25: 固定资产.其他 | E25: 050600004 | F25: 固定资产.其他 | G25: 01992601230000064493 | H25: 电动车棚（膜结构） | I25: 长度50米，面积186㎡ | J25: U8大类05；卡号03836；资产号050600004 | L25: 直接购入 | N25: 平均年限法(二) | O25: 否 | P25: 台 | R25: 肥东分厂南大门西侧围墙边 | S25: 合肥安顺膜结构工程有限公司 | T25: 2020-08-06 | U25: 在用 | X25: 制剂分厂 | AB25: 正常 | AC25: 计提完成 | AD25: 2020-08-06 | AE25: 是 | AG25: 5 | AH25: 0 | AI25: 60 | AK25: - | AL25: - | AM25: - | AN25: 4 | AP25: - | AQ25: 人民币 | AR25: 1 | AS25: 人民币 | AT25: 基准汇率 | AU25: 1 | AV25: 70656.76 | AW25: 2826.27 | AX25: - | AY25: 0 | AZ25: - | BA25: 0 | BB25: 67830.49 | BC25: - | BD25: 0 | BE25: 2826.27 | BF25: 2826.27 | BG25: 70656.76
D26: 固定资产.其他 | E26: 050600005 | F26: 固定资产.其他 | G26: 01992601230000064543 | H26: 车间更衣亭 | I26: 外购成品 更衣亭10*6.3*3.2，可移动单体 | J26: U8大类05；卡号03853；资产号050600005 | L26: 直接购入 | N26: 平均年限法(二) | O26: 否 | P26: 台 | R26: 肥东厂区办公楼西侧二道门侧边 | S26: 合肥千宴装饰工程有限公司 | T26: 2020-09-04 | U26: 在用 | X26: 制剂分厂 | AB26: 正常 | AC26: 计提完成 | AD26: 2020-09-04 | AE26: 是 | AG26: 5 | AH26: 0 | AI26: 60 | AK26: - | AL26: - | AM26: - | AN26: 4 | AP26: - | AQ26: 人民币 | AR26: 1 | AS26: 人民币 | AT26: 基准汇率 | AU26: 1 | AV26: 100296.92 | AW26: 4011.88 | AX26: - | AY26: 0 | AZ26: - | BA26: 0 | BB26: 96285.04 | BC26: - | BD26: 0 | BE26: 4011.88 | BF26: 4011.88 | BG26: 100296.92
D27: 固定资产.其他 | E27: 050600006 | F27: 固定资产.其他 | G27: 01992601230000064546 | H27: 车间吸烟亭 | I27: 外购成品 吸烟亭2*4*2.8，可移动单体 | J27: U8大类05；卡号03854；资产号050600006 | L27: 直接购入 | N27: 平均年限法(二) | O27: 否 | P27: 台 | R27: 肥东厂区办公楼西侧二道门侧边 | S27: 合肥千宴装饰工程有限公司 | T27: 2020-09-04 | U27: 在用 | X27: 制剂分厂 | AB27: 正常 | AC27: 计提完成 | AD27: 2020-09-04 | AE27: 是 | AG27: 5 | AH27: 0 | AI27: 60 | AK27: - | AL27: - | AM27: - | AN27: 4 | AP27: - | AQ27: 人民币 | AR27: 1 | AS27: 人民币 | AT27: 基准汇率 | AU27: 1 | AV27: 11165.05 | AW27: 446.6 | AX27: - | AY27: 0 | AZ27: - | BA27: 0 | BB27: 10718.45 | BC27: - | BD27: 0 | BE27: 446.6 | BF27: 446.6 | BG27: 11165.05
D28: 固定资产.其他 | E28: 050600007 | F28: 固定资产.其他 | G28: 01992601230000064550 | H28: 车间茶水亭 | I28: 外购成品 茶水亭2*2*2.4，可移动单体 | J28: U8大类05；卡号03855；资产号050600007 | L28: 直接购入 | N28: 平均年限法(二) | O28: 否 | P28: 台 | R28: 肥东合成一车间入口 | S28: 合肥千宴装饰工程有限公司 | T28: 2020-09-04 | U28: 在用 | X28: 合成分厂 | AB28: 正常 | AC28: 计提完成 | AD28: 2020-09-04 | AE28: 是 | AG28: 5 | AH28: 0 | AI28: 60 | AK28: - | AL28: - | AM28: - | AN28: 4 | AP28: - | AQ28: 人民币 | AR28: 1 | AS28: 人民币 | AT28: 基准汇率 | AU28: 1 | AV28: 6310.68 | AW28: 252.43 | AX28: - | AY28: 0 | AZ28: - | BA28: 0 | BB28: 6058.25 | BC28: - | BD28: 0 | BE28: 252.43 | BF28: 252.43 | BG28: 6310.68
D29: 固定资产.其他 | E29: 050600008 | F29: 固定资产.其他 | G29: 01992601230000064554 | H29: 车间茶水亭 | I29: 外购成品 茶水亭2*2*2.4，可移动单体 | J29: U8大类05；卡号03856；资产号050600008 | L29: 直接购入 | N29: 平均年限法(二) | O29: 否 | P29: 台 | R29: 肥东合成二车间入口 | S29: 合肥千宴装饰工程有限公司 | T29: 2020-09-04 | U29: 在用 | X29: 合成分厂 | AB29: 正常 | AC29: 计提完成 | AD29: 2020-09-04 | AE29: 是 | AG29: 5 | AH29: 0 | AI29: 60 | AK29: - | AL29: - | AM29: - | AN29: 4 | AP29: - | AQ29: 人民币 | AR29: 1 | AS29: 人民币 | AT29: 基准汇率 | AU29: 1 | AV29: 6310.68 | AW29: 252.43 | AX29: - | AY29: 0 | AZ29: - | BA29: 0 | BB29: 6058.25 | BC29: - | BD29: 0 | BE29: 252.43 | BF29: 252.43 | BG29: 6310.68
D30: 固定资产.其他 | E30: 050600009 | F30: 固定资产.其他 | G30: 01992601230000064558 | H30: 车间茶水亭 | I30: 外购成品 茶水亭2*2*2.4，可移动单体 | J30: U8大类05；卡号03857；资产号050600009 | L30: 直接购入 | N30: 平均年限法(二) | O30: 否 | P30: 台 | R30: 肥东合成三车间入口 | S30: 合肥千宴装饰工程有限公司 | T30: 2020-09-04 | U30: 在用 | X30: 合成分厂 | AB30: 正常 | AC30: 计提完成 | AD30: 2020-09-04 | AE30: 是 | AG30: 5 | AH30: 0 | AI30: 60 | AK30: - | AL30: - | AM30: - | AN30: 4 | AP30: - | AQ30: 人民币 | AR30: 1 | AS30: 人民币 | AT30: 基准汇率 | AU30: 1 | AV30: 6310.68 | AW30: 252.43 | AX30: - | AY30: 0 | AZ30: - | BA30: 0 | BB30: 6058.25 | BC30: - | BD30: 0 | BE30: 252.43 | BF30: 252.43 | BG30: 6310.68
D31: 固定资产.其他 | E31: 050600010 | F31: 固定资产.其他 | G31: 01992601230000064562 | H31: 车间茶水亭 | I31: 外购成品 茶水亭2*2*2.4，可移动单体 | J31: U8大类05；卡号03858；资产号050600010 | L31: 直接购入 | N31: 平均年限法(二) | O31: 否 | P31: 台 | R31: 肥东合成四车间入口 | S31: 合肥千宴装饰工程有限公司 | T31: 2020-09-04 | U31: 在用 | X31: 合成分厂 | AB31: 正常 | AC31: 计提完成 | AD31: 2020-09-04 | AE31: 是 | AG31: 5 | AH31: 0 | AI31: 60 | AK31: - | AL31: - | AM31: - | AN31: 4 | AP31: - | AQ31: 人民币 | AR31: 1 | AS31: 人民币 | AT31: 基准汇率 | AU31: 1 | AV31: 6310.68 | AW31: 252.43 | AX31: - | AY31: 0 | AZ31: - | BA31: 0 | BB31: 6058.25 | BC31: - | BD31: 0 | BE31: 252.43 | BF31: 252.43 | BG31: 6310.68
D32: 固定资产.其他 | E32: 050400002 | F32: 固定资产.其他 | G32: 01992601230000064640 | H32: 肥东制剂垃圾房6间 | J32: U8大类05；卡号02787；资产号050400002 | L32: 直接购入 | N32: 平均年限法(二) | O32: 否 | P32: 台 | R32: 肥东分厂 | S32: 合肥市春华起重机械有限公司 | T32: 2018-06-19 | U32: 在用 | X32: 制剂分厂 | AB32: 正常 | AC32: 计提完成 | AD32: 2018-06-19 | AE32: 是 | AG32: 5 | AH32: 1 | AI32: 0 | AK32: - | AL32: - | AM32: - | AN32: 4 | AP32: - | AQ32: 人民币 | AR32: 1 | AS32: 人民币 | AT32: 基准汇率 | AU32: 1 | AV32: 22844.83 | AW32: 913.79 | AX32: - | AY32: 0 | AZ32: - | BA32: 0 | BB32: 21931.04 | BC32: - | BD32: 0 | BE32: 913.79 | BF32: 913.79 | BG32: 22844.83
D33: 固定资产.其他 | E33: 050400003 | F33: 固定资产.其他 | G33: 01992601230000064780 | H33: 自行车棚 | I33: 29m/4m | J33: U8大类05；卡号02834；资产号050400003 | L33: 直接购入 | N33: 平均年限法(二) | O33: 否 | P33: 台 | R33: 肥东北大门西边围墙 | S33: 合肥安顺膜结构工程有限公司 | T33: 2018-07-19 | U33: 在用 | X33: 合成分厂 | AB33: 正常 | AC33: 计提完成 | AD33: 2018-07-19 | AE33: 是 | AG33: 5 | AH33: 0 | AI33: 60 | AK33: - | AL33: - | AM33: - | AN33: 4 | AP33: - | AQ33: 人民币 | AR33: 1 | AS33: 人民币 | AT33: 基准汇率 | AU33: 1 | AV33: 25902.91 | AW33: 1036.12 | AX33: - | AY33: 0 | AZ33: - | BA33: 0 | BB33: 24866.79 | BC33: - | BD33: 0 | BE33: 1036.12 | BF33: 1036.12 | BG33: 25902.91
D34: 固定资产.其他 | E34: 050100003 | F34: 固定资产.其他 | G34: 01992601230000065043 | H34: 罐区装卸区硬化及循环道路 | I34: 构筑物 | J34: U8大类05；卡号05685；资产号050100003 | L34: 在建工程转入 | N34: 平均年限法(二) | O34: 否 | P34: 台 | R34: 肥东厂区 | S34: 安徽恒江建设有限公司 | T34: 2024-07-29 | U34: 在用 | X34: 合成分厂 | AB34: 正常 | AC34: 正常计提 | AD34: 2024-07-29 | AE34: 是 | AG34: 10 | AH34: 0 | AI34: 21 | AK34: - | AL34: - | AM34: - | AN34: 4 | AP34: - | AQ34: 人民币 | AR34: 1 | AS34: 人民币 | AT34: 基准汇率 | AU34: 1 | AV34: 342849.04 | AW34: 13713.96 | AX34: - | AY34: 2742.79 | AZ34: 2742.79 | BA34: 10971.16 | BB34: 57598.59 | BC34: - | BD34: 0 | BE34: 285250.45 | BF34: 285250.45 | BG34: 342849.04
D35: 固定资产.其他 | E35: 050400009 | F35: 固定资产.其他 | G35: 01992601230000065045 | H35: 新罐区 | I35: 构筑物，占地面积872.91㎡ | J35: U8大类05；卡号05684；资产号050400009 | L35: 在建工程转入 | N35: 平均年限法(二) | O35: 否 | P35: 台 | R35: 肥东厂区 | S35: 安徽安筑建设有限公司 | T35: 2024-07-29 | U35: 在用 | X35: 合成分厂 | AB35: 正常 | AC35: 正常计提 | AD35: 2024-07-29 | AE35: 是 | AG35: 10 | AH35: 0 | AI35: 21 | AK35: - | AL35: - | AM35: - | AN35: 4 | AP35: - | AQ35: 人民币 | AR35: 1 | AS35: 人民币 | AT35: 基准汇率 | AU35: 1 | AV35: 2609536 | AW35: 104381.44 | AX35: - | AY35: 20876.29 | AZ35: 20876.29 | BA35: 83505.16 | BB35: 438402.09 | BC35: - | BD35: 0 | BE35: 2171134 | BF35: 2171134 | BG35: 2609536
D36: 固定资产.其他 | E36: 050100004 | F36: 固定资产.其他 | G36: 01992601230000065049 | H36: 综合仓库2回车场硬化道路 | I36: 构筑物 | J36: U8大类05；卡号05686；资产号050100004 | L36: 在建工程转入 | N36: 平均年限法(二) | O36: 否 | P36: 台 | R36: 肥东厂区 | S36: 安徽恒江建设有限公司 | T36: 2024-07-29 | U36: 在用 | X36: 制剂分厂 | AB36: 正常 | AC36: 正常计提 | AD36: 2024-07-29 | AE36: 是 | AG36: 10 | AH36: 0 | AI36: 21 | AK36: - | AL36: - | AM36: - | AN36: 4 | AP36: - | AQ36: 人民币 | AR36: 1 | AS36: 人民币 | AT36: 基准汇率 | AU36: 1 | AV36: 520801.47 | AW36: 20832.06 | AX36: - | AY36: 4166.41 | AZ36: 4166.41 | BA36: 16665.64 | BB36: 87494.61 | BC36: - | BD36: 0 | BE36: 433306.86 | BF36: 433306.86 | BG36: 520801.47
D37: 固定资产.其他 | E37: 050600014 | F37: 固定资产.其他 | G37: 01992601230000065225 | H37: 打包厢式集装房（生产服务临时办公场所） | I37: 采购成品且包安装，打包型集装箱房，分上下2层*各11间共22间，每间3*6米，两侧楼梯带遮阳棚，不封过道及护栏，四坡五脊盖顶，防雷接地处理 | J37: U8大类05；卡号05720；资产号050600014 | L37: 直接购入 | N37: 平均年限法(二) | O37: 否 | P37: 台 | R37: 肥东厂区总控室南侧，即小花园旧址 | S37: 合肥亚邦集成房屋有限公司 | T37: 2024-10-18 | U37: 在用 | X37: 制剂分厂 | AB37: 正常 | AC37: 正常计提 | AD37: 2024-10-18 | AE37: 是 | AG37: 5 | AH37: 0 | AI37: 18 | AK37: - | AL37: - | AM37: - | AN37: 4 | AP37: - | AQ37: 人民币 | AR37: 1 | AS37: 人民币 | AT37: 基准汇率 | AU37: 1 | AV37: 261504.43 | AW37: 10460.18 | AX37: - | AY37: 4184.07 | AZ37: 4184.07 | BA37: 16736.28 | BB37: 75313.26 | BC37: - | BD37: 0 | BE37: 186191.17 | BF37: 186191.17 | BG37: 261504.43
D38: 固定资产.其他 | E38: 050400004 | F38: 固定资产.其他 | G38: 01992601230000065227 | H38: 肥东室内生测温室大棚 | I38: 玻璃温室大棚，面积268.80㎡，顶高5.3米，檐口高4米 | J38: U8大类05；卡号04592；资产号050400004 | L38: 在建工程转入 | N38: 平均年限法(二) | O38: 否 | P38: 台 | R38: 肥东厂区，室内生测研发试验用 | S38: 安徽丰实建设工程有限公司 | T38: 2021-06-24 | U38: 在用 | X38: 研发中心 | AB38: 正常 | AC38: 正常计提 | AD38: 2021-06-24 | AE38: 是 | AG38: 10 | AH38: 0 | AI38: 58 | AK38: - | AL38: - | AM38: - | AN38: 4 | AP38: - | AQ38: 人民币 | AR38: 1 | AS38: 人民币 | AT38: 基准汇率 | AU38: 1 | AV38: 574711.52 | AW38: 22988.46 | AX38: - | AY38: 4628.91 | AZ38: 4628.91 | BA38: 18515.64 | BB38: 264730.34 | BC38: - | BD38: 0 | BE38: 309981.18 | BF38: 309981.18 | BG38: 574711.52
D39: 固定资产.其他 | E39: 050400010 | F39: 固定资产.其他 | G39: 01992601230000065281 | H39: 综合楼生活污水收集改造工程 | I39: 埋地安装一座玻璃钢成品化粪池(4m3)和一座污水池(5m3)、埋地暗敷安装50米DN300钢筋混凝土承插管道、500米¢76碳钢污水管道 | J39: U8大类05；卡号05734；资产号050400010 | L39: 直接购入 | N39: 平均年限法(二) | O39: 否 | P39: 台 | R39: 肥东综合楼与生产办公区域生活污水管道 | S39: 安徽新桥建设工程有限公司 | T39: 2024-11-20 | U39: 在用 | X39: 制剂分厂 | AB39: 正常 | AC39: 正常计提 | AD39: 2024-11-20 | AE39: 是 | AG39: 10 | AH39: 0 | AI39: 17 | AK39: - | AL39: - | AM39: - | AN39: 4 | AP39: - | AQ39: 人民币 | AR39: 1 | AS39: 人民币 | AT39: 基准汇率 | AU39: 1 | AV39: 73166.51 | AW39: 2926.66 | AX39: - | AY39: 585.33 | AZ39: 585.33 | BA39: 2341.32 | BB39: 9950.61 | BC39: - | BD39: 0 | BE39: 63215.9 | BF39: 63215.9 | BG39: 73166.51
D40: 固定资产.其他 | E40: 050400011 | F40: 固定资产.其他 | G40: 01992601230000065304 | H40: 消防水管网改造工程（2024年） | I40: 消防水管采用DN150镀锌钢管 | J40: U8大类05；卡号05749；资产号050400011 | L40: 在建工程转入 | N40: 平均年限法(二) | O40: 否 | P40: 台 | R40: 肥东厂区 | S40: 安徽省梓凡建筑安装工程有限公司 | T40: 2024-12-25 | U40: 在用 | X40: 制剂分厂 | AB40: 正常 | AC40: 正常计提 | AD40: 2024-12-25 | AE40: 是 | AG40: 10 | AH40: 0 | AI40: 16 | AK40: - | AL40: - | AM40: - | AN40: 4 | AP40: - | AQ40: 人民币 | AR40: 1 | AS40: 人民币 | AT40: 基准汇率 | AU40: 1 | AV40: 3010685.9 | AW40: 120427.43 | AX40: - | AY40: 24085.49 | AZ40: 24085.49 | BA40: 96341.96 | BB40: 385367.84 | BC40: - | BD40: 0 | BE40: 2625318 | BF40: 2625318 | BG40: 3010685.9
C41: 固定资产.办公设备.其他 | D41: 固定资产.办公设备.其他 | E41: 040900003 | F41: 固定资产.办公设备.其他 | G41: 01012601230000061151 | H41: 传真机（理光） | J41: U8大类04；卡号00441；资产号040900003 | L41: 直接购入 | N41: 平均年限法(二) | O41: 否 | P41: 台 | R41: 公司 | S41: 待梳理事项 | T41: 1999-03-01 | U41: 在用 | X41: 综合办公室 | AB41: 正常 | AC41: 计提完成 | AD41: 1999-03-01 | AE41: 是 | AG41: 5 | AH41: 0 | AI41: 0 | AK41: - | AL41: - | AM41: - | AN41: 0 | AP41: - | AQ41: 人民币 | AR41: 1 | AS41: 人民币 | AT41: 基准汇率 | AU41: 1 | AV41: 2380 | AW41: 0 | AX41: - | AY41: 0 | AZ41: - | BA41: 0 | BB41: 2380 | BC41: - | BD41: 0 | BE41: 0 | BF41: 0 | BG41: 2380
D42: 固定资产.办公设备.其他 | E42: 040900004 | F42: 固定资产.办公设备.其他 | G42: 01012601230000061162 | H42: 传真机 | J42: U8大类04；卡号00442；资产号040900004 | L42: 直接购入 | N42: 平均年限法(二) | O42: 否 | P42: 台 | R42: 公司 | S42: 待梳理事项 | T42: 1999-06-01 | U42: 在用 | X42: 综合办公室 | AB42: 正常 | AC42: 计提完成 | AD42: 1999-06-01 | AE42: 是 | AG42: 5 | AH42: 0 | AI42: 0 | AK42: - | AL42: - | AM42: - | AN42: 0 | AP42: - | AQ42: 人民币 | AR42: 1 | AS42: 人民币 | AT42: 基准汇率 | AU42: 1 | AV42: 4446 | AW42: 0 | AX42: - | AY42: 0 | AZ42: - | BA42: 0 | BB42: 4446 | BC42: - | BD42: 0 | BE42: 0 | BF42: 0 | BG42: 4446
D43: 固定资产.办公设备.其他 | E43: 040900005 | F43: 固定资产.办公设备.其他 | G43: 01012601230000061167 | H43: 传真机（理光） | I43: 理光210 | J43: U8大类04；卡号00443；资产号040900005 | L43: 直接购入 | N43: 平均年限法(二) | O43: 否 | P43: 台 | R43: 公司 | S43: 待梳理事项 | T43: 2000-02-01 | U43: 在用 | X43: 综合办公室 | AB43: 正常 | AC43: 计提完成 | AD43: 2000-02-01 | AE43: 是 | AG43: 5 | AH43: 0 | AI43: 0 | AK43: - | AL43: - | AM43: - | AN43: 0 | AP43: - | AQ43: 人民币 | AR43: 1 | AS43: 人民币 | AT43: 基准汇率 | AU43: 1 | AV43: 2380 | AW43: 0 | AX43: - | AY43: 0 | AZ43: - | BA43: 0 | BB43: 2380 | BC43: - | BD43: 0 | BE43: 0 | BF43: 0 | BG43: 2380
D44: 固定资产.办公设备.其他 | E44: 040900024 | F44: 固定资产.办公设备.其他 | G44: 01012601230000061184 | H44: 验钞机 | J44: U8大类04；卡号00462；资产号040900024 | L44: 直接购入 | N44: 平均年限法(二) | O44: 否 | P44: 台 | R44: 公司 | S44: 待梳理事项 | T44: 2000-08-01 | U44: 在用 | X44: 综合办公室 | AB44: 正常 | AC44: 计提完成 | AD44: 2000-08-01 | AE44: 是 | AG44: 5 | AH44: 0 | AI44: 0 | AK44: - | AL44: - | AM44: - | AN44: 0 | AP44: - | AQ44: 人民币 | AR44: 1 | AS44: 人民币 | AT44: 基准汇率 | AU44: 1 | AV44: 2050 | AW44: 0 | AX44: - | AY44: 0 | AZ44: - | BA44: 0 | BB44: 2050 | BC44: - | BD44: 0 | BE44: 0 | BF44: 0 | BG44: 2050
D45: 固定资产.办公设备.其他 | E45: 040900523 | F45: 固定资产.办公设备.其他 | G45: 01012601230000061194 | H45: 开水器 | I45: AGK-60 | J45: U8大类04；卡号03071；资产号040900523 | L45: 直接购入 | N45: 平均年限法(二) | O45: 否 | P45: 台 | R45: 肥东制剂办公室 | S45: 安徽百大乐普生商厦有限责任公司 | T45: 2018-12-30 | U45: 在用 | X45: 制剂分厂 | AB45: 正常 | AC45: 计提完成 | AD45: 2018-12-30 | AE45: 是 | AG45: 5 | AH45: 0 | AI45: 60 | AK45: - | AL45: - | AM45: - | AN45: 4 | AP45: - | AQ45: 人民币 | AR45: 1 | AS45: 人民币 | AT45: 基准汇率 | AU45: 1 | AV45: 3534.48 | AW45: 141.38 | AX45: - | AY45: 0 | AZ45: - | BA45: 0 | BB45: 3393.1 | BC45: - | BD45: 0 | BE45: 141.38 | BF45: 141.38 | BG45: 3534.48
D46: 固定资产.办公设备.其他 | E46: 040900522 | F46: 固定资产.办公设备.其他 | G46: 01012601230000061195 | H46: 开水器 | I46: AGK-60 | J46: U8大类04；卡号03070；资产号040900522 | L46: 直接购入 | N46: 平均年限法(二) | O46: 否 | P46: 台 | R46: 肥东合成办公室 | S46: 安徽百大乐普生商厦有限责任公司 | T46: 2018-12-30 | U46: 在用 | X46: 合成分厂 | AB46: 正常 | AC46: 计提完成 | AD46: 2018-12-30 | AE46: 是 | AG46: 5 | AH46: 0 | AI46: 60 | AK46: - | AL46: - | AM46: - | AN46: 0 | AP46: - | AQ46: 人民币 | AR46: 1 | AS46: 人民币 | AT46: 基准汇率 | AU46: 1 | AV46: 3534.48 | AW46: 0 | AX46: - | AY46: 0 | AZ46: - | BA46: 0 | BB46: 3393.1 | BC46: - | BD46: 141.38 | BE46: 141.38 | BF46: 0 | BG46: 3534.48
D47: 固定资产.办公设备.其他 | E47: 040900035 | F47: 固定资产.办公设备.其他 | G47: 01012601230000061197 | H47: 冰箱（荣事达231） | J47: U8大类04；卡号00472；资产号040900035 | L47: 直接购入 | N47: 平均年限法(二) | O47: 否 | P47: 台 | R47: 合成分厂 | S47: 待梳理事项 | T47: 2000-07-01 | U47: 在用 | X47: 合成分厂 | AB47: 正常 | AC47: 计提完成 | AD47: 2000-07-01 | AE47: 是 | AG47: 5 | AH47: 0 | AI47: 0 | AK47: - | AL47: - | AM47: - | AN47: 0 | AP47: - | AQ47: 人民币 | AR47: 1 | AS47: 人民币 | AT47: 基准汇率 | AU47: 1 | AV47: 3198 | AW47: 0 | AX47: - | AY47: 0 | AZ47: - | BA47: 0 | BB47: 3198 | BC47: - | BD47: 0 | BE47: 0 | BF47: 0 | BG47: 3198
D48: 固定资产.办公设备.其他 | E48: 040900015 | F48: 固定资产.办公设备.其他 | G48: 01012601230000061203 | H48: 扫描仪（EPSON） | I48: EPSON | J48: U8大类04；卡号00453；资产号040900015 | L48: 直接购入 | N48: 平均年限法(二) | O48: 否 | P48: 台 | R48: 公司 | S48: 待梳理事项 | T48: 2001-03-01 | U48: 在用 | X48: 综合办公室 | AB48: 正常 | AC48: 计提完成 | AD48: 2001-03-01 | AE48: 是 | AG48: 5 | AH48: 0 | AI48: 0 | AK48: - | AL48: - | AM48: - | AN48: 0 | AP48: - | AQ48: 人民币 | AR48: 1 | AS48: 人民币 | AT48: 基准汇率 | AU48: 1 | AV48: 1300 | AW48: 0 | AX48: - | AY48: 0 | AZ48: - | BA48: 0 | BB48: 1248 | BC48: - | BD48: 52 | BE48: 52 | BF48: 0 | BG48: 1300
D49: 固定资产.办公设备.其他 | E49: 040900025 | F49: 固定资产.办公设备.其他 | G49: 01012601230000061207 | H49: 验钞机 | J49: U8大类04；卡号00463；资产号040900025 | L49: 直接购入 | N49: 平均年限法(二) | O49: 否 | P49: 台 | R49: 公司 | S49: 待梳理事项 | T49: 2000-08-01 | U49: 在用 | X49: 综合办公室 | AB49: 正常 | AC49: 计提完成 | AD49: 2000-08-01 | AE49: 是 | AG49: 5 | AH49: 0 | AI49: 0 | AK49: - | AL49: - | AM49: - | AN49: 0 | AP49: - | AQ49: 人民币 | AR49: 1 | AS49: 人民币 | AT49: 基准汇率 | AU49: 1 | AV49: 2050 | AW49: 0 | AX49: - | AY49: 0 | AZ49: - | BA49: 0 | BB49: 2050 | BC49: - | BD49: 0 | BE49: 0 | BF49: 0 | BG49: 2050
D50: 固定资产.办公设备.其他 | E50: 040900050 | F50: 固定资产.办公设备.其他 | G50: 01012601230000061208 | H50: 手机（13部） | J50: U8大类04；卡号00486；资产号040900050 | L50: 直接购入 | N50: 平均年限法(二) | O50: 否 | P50: 台 | R50: 公司 | S50: 待梳理事项 | T50: 2000-12-01 | U50: 在用 | X50: 综合办公室 | AB50: 正常 | AC50: 计提完成 | AD50: 2000-12-01 | AE50: 是 | AG50: 5 | AH50: 0 | AI50: 0 | AK50: - | AL50: - | AM50: - | AN50: 0 | AP50: - | AQ50: 人民币 | AR50: 1 | AS50: 人民币 | AT50: 基准汇率 | AU50: 1 | AV50: 28898.17 | AW50: 0 | AX50: - | AY50: 0 | AZ50: - | BA50: 0 | BB50: 28898.17 | BC50: - | BD50: 0 | BE50: 0 | BF50: 0 | BG50: 28898.17
D51: 固定资产.办公设备.其他 | E51: 040900017 | F51: 固定资产.办公设备.其他 | G51: 01012601230000061209 | H51: 刻录机 | J51: U8大类04；卡号00455；资产号040900017 | L51: 直接购入 | N51: 平均年限法(二) | O51: 否 | P51: 台 | R51: 公司 | S51: 待梳理事项 | T51: 2001-04-01 | U51: 在用 | X51: 综合办公室 | AB51: 正常 | AC51: 计提完成 | AD51: 2001-04-01 | AE51: 是 | AG51: 5 | AH51: 0 | AI51: 0 | AK51: - | AL51: - | AM51: - | AN51: 0 | AP51: - | AQ51: 人民币 | AR51: 1 | AS51: 人民币 | AT51: 基准汇率 | AU51: 1 | AV51: 1600 | AW51: 0 | AX51: - | AY51: 0 | AZ51: - | BA51: 0 | BB51: 1536 | BC51: - | BD51: 64 | BE51: 64 | BF51: 0 | BG51: 1600
D52: 固定资产.办公设备.其他 | E52: 040900048 | F52: 固定资产.办公设备.其他 | G52: 01012601230000061210 | H52: 手机 | I52: ET28SC | J52: U8大类04；卡号00484；资产号040900048 | L52: 直接购入 | N52: 平均年限法(二) | O52: 否 | P52: 台 | R52: 合成分厂 | S52: 待梳理事项 | T52: 2000-12-31 | U52: 在用 | X52: 合成分厂 | AB52: 正常 | AC52: 计提完成 | AD52: 2000-12-31 | AE52: 是 | AG52: 5 | AH52: 0 | AI52: 0 | AK52: - | AL52: - | AM52: - | AN52: 0 | AP52: - | AQ52: 人民币 | AR52: 1 | AS52: 人民币 | AT52: 基准汇率 | AU52: 1 | AV52: 1980 | AW52: 0 | AX52: - | AY52: 0 | AZ52: - | BA52: 0 | BB52: 1980 | BC52: - | BD52: 0 | BE52: 0 | BF52: 0 | BG52: 1980
D53: 固定资产.办公设备.其他 | E53: 040900032 | F53: 固定资产.办公设备.其他 | G53: 01012601230000061225 | H53: 考勤机 | J53: U8大类04；卡号00469；资产号040900032 | L53: 直接购入 | N53: 平均年限法(二) | O53: 否 | P53: 台 | R53: 公司 | S53: 待梳理事项 | T53: 2001-11-01 | U53: 在用 | X53: 综合办公室 | AB53: 正常 | AC53: 计提完成 | AD53: 2001-11-01 | AE53: 是 | AG53: 5 | AH53: 0 | AI53: 0 | AK53: - | AL53: - | AM53: - | AN53: 4 | AP53: - | AQ53: 人民币 | AR53: 1 | AS53: 人民币 | AT53: 基准汇率 | AU53: 1 | AV53: 2200 | AW53: 88 | AX53: - | AY53: 0 | AZ53: - | BA53: 0 | BB53: 2112 | BC53: - | BD53: 0 | BE53: 88 | BF53: 88 | BG53: 2200
D54: 固定资产.办公设备.其他 | E54: 040900021 | F54: 固定资产.办公设备.其他 | G54: 01012601230000061226 | H54: 照相机 | I54: DC2000/28-135 | J54: U8大类04；卡号00459；资产号040900021 | L54: 直接购入 | N54: 平均年限法(二) | O54: 否 | P54: 台 | R54: 公司 | S54: 待梳理事项 | T54: 2001-12-01 | U54: 在用 | X54: 综合办公室 | AB54: 正常 | AC54: 计提完成 | AD54: 2001-12-01 | AE54: 是 | AG54: 5 | AH54: 0 | AI54: 0 | AK54: - | AL54: - | AM54: - | AN54: 4 | AP54: - | AQ54: 人民币 | AR54: 1 | AS54: 人民币 | AT54: 基准汇率 | AU54: 1 | AV54: 1845 | AW54: 73.8 | AX54: - | AY54: 0 | AZ54: - | BA54: 0 | BB54: 1771.2 | BC54: - | BD54: 0 | BE54: 73.8 | BF54: 73.8 | BG54: 1845
D55: 固定资产.办公设备.其他 | E55: 040900045 | F55: 固定资产.办公设备.其他 | G55: 01012601230000061238 | H55: 固定电话程控机 | I55: HTK-120，电话程控交换机 | J55: U8大类04；卡号00481；资产号040900045 | L55: 直接购入 | N55: 平均年限法(二) | O55: 否 | P55: 台 | R55: 公司 | S55: 待梳理事项 | T55: 2002-08-01 | U55: 在用 | X55: 综合办公室 | AB55: 正常 | AC55: 计提完成 | AD55: 2002-08-01 | AE55: 是 | AG55: 5 | AH55: 0 | AI55: 0 | AK55: - | AL55: - | AM55: - | AN55: 4 | AP55: - | AQ55: 人民币 | AR55: 1 | AS55: 人民币 | AT55: 基准汇率 | AU55: 1 | AV55: 5800 | AW55: 232 | AX55: - | AY55: 0 | AZ55: - | BA55: 0 | BB55: 5568 | BC55: - | BD55: 0 | BE55: 232 | BF55: 232 | BG55: 5800
D56: 固定资产.办公设备.其他 | E56: 040900007 | F56: 固定资产.办公设备.其他 | G56: 01012601230000061266 | H56: 传真机（启普） | J56: U8大类04；卡号00445；资产号040900007 | L56: 直接购入 | N56: 平均年限法(二) | O56: 否 | P56: 台 | R56: 公司 | S56: 待梳理事项 | T56: 2004-07-01 | U56: 在用 | X56: 综合办公室 | AB56: 正常 | AC56: 计提完成 | AD56: 2004-07-01 | AE56: 是 | AG56: 5 | AH56: 0 | AI56: 0 | AK56: - | AL56: - | AM56: - | AN56: 0 | AP56: - | AQ56: 人民币 | AR56: 1 | AS56: 人民币 | AT56: 基准汇率 | AU56: 1 | AV56: 1450 | AW56: 0 | AX56: - | AY56: 0 | AZ56: - | BA56: 0 | BB56: 1392 | BC56: - | BD56: 58 | BE56: 58 | BF56: 0 | BG56: 1450
D57: 固定资产.办公设备.其他 | E57: 040900008 | F57: 固定资产.办公设备.其他 | G57: 01012601230000061267 | H57: 传真机（三星） | J57: U8大类04；卡号00446；资产号040900008 | L57: 直接购入 | N57: 平均年限法(二) | O57: 否 | P57: 台 | R57: 公司 | S57: 待梳理事项 | T57: 2004-01-01 | U57: 在用 | X57: 综合办公室 | AB57: 正常 | AC57: 计提完成 | AD57: 2004-01-01 | AE57: 是 | AG57: 5 | AH57: 0 | AI57: 0 | AK57: - | AL57: - | AM57: - | AN57: 0 | AP57: - | AQ57: 人民币 | AR57: 1 | AS57: 人民币 | AT57: 基准汇率 | AU57: 1 | AV57: 1560 | AW57: 0 | AX57: - | AY57: 0 | AZ57: - | BA57: 0 | BB57: 1497.6 | BC57: - | BD57: 62.4 | BE57: 62.4 | BF57: 0 | BG57: 1560
D58: 固定资产.办公设备.其他 | E58: 040900006 | F58: 固定资产.办公设备.其他 | G58: 01012601230000061269 | H58: 传真机（厦华） | J58: U8大类04；卡号00444；资产号040900006 | L58: 直接购入 | N58: 平均年限法(二) | O58: 否 | P58: 台 | R58: 公司 | S58: 待梳理事项 | T58: 2003-11-01 | U58: 在用 | X58: 综合办公室 | AB58: 正常 | AC58: 计提完成 | AD58: 2003-11-01 | AE58: 是 | AG58: 5 | AH58: 0 | AI58: 0 | AK58: - | AL58: - | AM58: - | AN58: 0 | AP58: - | AQ58: 人民币 | AR58: 1 | AS58: 人民币 | AT58: 基准汇率 | AU58: 1 | AV58: 1150 | AW58: 0 | AX58: - | AY58: 0 | AZ58: - | BA58: 0 | BB58: 1104 | BC58: - | BD58: 46 | BE58: 46 | BF58: 0 | BG58: 1150
D59: 固定资产.办公设备.其他 | E59: 040900022 | F59: 固定资产.办公设备.其他 | G59: 01012601230000061271 | H59: 数码相机（索尼） | J59: U8大类04；卡号00460；资产号040900022 | L59: 直接购入 | N59: 平均年限法(二) | O59: 否 | P59: 台 | R59: 公司 | S59: 待梳理事项 | T59: 2004-10-01 | U59: 在用 | X59: 综合办公室 | AB59: 正常 | AC59: 计提完成 | AD59: 2004-10-01 | AE59: 是 | AG59: 5 | AH59: 0 | AI59: 0 | AK59: - | AL59: - | AM59: - | AN59: 4 | AP59: - | AQ59: 人民币 | AR59: 1 | AS59: 人民币 | AT59: 基准汇率 | AU59: 1 | AV59: 4700 | AW59: 188 | AX59: - | AY59: 0 | AZ59: - | BA59: 0 | BB59: 4512 | BC59: - | BD59: 0 | BE59: 188 | BF59: 188 | BG59: 4700
D60: 固定资产.办公设备.其他 | E60: 040900023 | F60: 固定资产.办公设备.其他 | G60: 01012601230000061276 | H60: 摄像机（索尼） | J60: U8大类04；卡号00461；资产号040900023 | L60: 直接购入 | N60: 平均年限法(二) | O60: 否 | P60: 台 | R60: 公司 | S60: 待梳理事项 | T60: 2004-10-01 | U60: 在用 | X60: 综合办公室 | AB60: 正常 | AC60: 计提完成 | AD60: 2004-10-01 | AE60: 是 | AG60: 5 | AH60: 0 | AI60: 0 | AK60: - | AL60: - | AM60: - | AN60: 4 | AP60: - | AQ60: 人民币 | AR60: 1 | AS60: 人民币 | AT60: 基准汇率 | AU60: 1 | AV60: 11880 | AW60: 475.2 | AX60: - | AY60: 0 | AZ60: - | BA60: 0 | BB60: 11404.8 | BC60: - | BD60: 0 | BE60: 475.2 | BF60: 475.2 | BG60: 11880
D61: 固定资产.办公设备.其他 | E61: 040900009 | F61: 固定资产.办公设备.其他 | G61: 01012601230000061304 | H61: 传真机（三星） | J61: U8大类04；卡号00447；资产号040900009 | L61: 直接购入 | N61: 平均年限法(二) | O61: 否 | P61: 台 | R61: 公司 | S61: 待梳理事项 | T61: 2005-07-01 | U61: 在用 | X61: 综合办公室 | AB61: 正常 | AC61: 计提完成 | AD61: 2005-07-01 | AE61: 是 | AG61: 5 | AH61: 0 | AI61: 7 | AK61: - | AL61: - | AM61: - | AN61: 0 | AP61: - | AQ61: 人民币 | AR61: 1 | AS61: 人民币 | AT61: 基准汇率 | AU61: 1 | AV61: 2950 | AW61: 0 | AX61: - | AY61: 0 | AZ61: - | BA61: 0 | BB61: 2832 | BC61: - | BD61: 118 | BE61: 118 | BF61: 0 | BG61: 2950
D62: 固定资产.办公设备.其他 | E62: 040900016 | F62: 固定资产.办公设备.其他 | G62: 01012601230000061307 | H62: 扫描仪（AV120） | I62: AV120 | J62: U8大类04；卡号00454；资产号040900016 | L62: 直接购入 | N62: 平均年限法(二) | O62: 否 | P62: 台 | R62: 公司 | S62: 待梳理事项 | T62: 2005-07-01 | U62: 在用 | X62: 综合办公室 | AB62: 正常 | AC62: 计提完成 | AD62: 2005-07-01 | AE62: 是 | AG62: 5 | AH62: 0 | AI62: 10 | AK62: - | AL62: - | AM62: - | AN62: 0 | AP62: - | AQ62: 人民币 | AR62: 1 | AS62: 人民币 | AT62: 基准汇率 | AU62: 1 | AV62: 3034.19 | AW62: 0 | AX62: - | AY62: 0 | AZ62: - | BA62: 0 | BB62: 2912.82 | BC62: - | BD62: 121.37 | BE62: 121.37 | BF62: 0 | BG62: 3034.19
D63: 固定资产.办公设备.其他 | E63: 040900010 | F63: 固定资产.办公设备.其他 | G63: 01012601230000061309 | H63: 传真机（黑龙江库） | J63: U8大类04；卡号00448；资产号040900010 | L63: 直接购入 | N63: 平均年限法(二) | O63: 否 | P63: 台 | R63: 公司 | S63: 待梳理事项 | T63: 2005-07-01 | U63: 在用 | X63: 综合办公室 | AB63: 正常 | AC63: 计提完成 | AD63: 2005-07-01 | AE63: 是 | AG63: 5 | AH63: 0 | AI63: 7 | AK63: - | AL63: - | AM63: - | AN63: 0 | AP63: - | AQ63: 人民币 | AR63: 1 | AS63: 人民币 | AT63: 基准汇率 | AU63: 1 | AV63: 790 | AW63: 0 | AX63: - | AY63: 0 | AZ63: - | BA63: 0 | BB63: 758.4 | BC63: - | BD63: 31.6 | BE63: 31.6 | BF63: 0 | BG63: 790
D64: 固定资产.办公设备.其他 | E64: 040900018 | F64: 固定资产.办公设备.其他 | G64: 01012601230000061310 | H64: 刻录机 | J64: U8大类04；卡号00456；资产号040900018 | L64: 直接购入 | N64: 平均年限法(二) | O64: 否 | P64: 台 | R64: 公司 | S64: 待梳理事项 | T64: 2005-07-01 | U64: 在用 | X64: 综合办公室 | AB64: 正常 | AC64: 计提完成 | AD64: 2005-07-01 | AE64: 是 | AG64: 5 | AH64: 0 | AI64: 7 | AK64: - | AL64: - | AM64: - | AN64: 0 | AP64: - | AQ64: 人民币 | AR64: 1 | AS64: 人民币 | AT64: 基准汇率 | AU64: 1 | AV64: 780 | AW64: 0 | AX64: - | AY64: 0 | AZ64: - | BA64: 0 | BB64: 748.8 | BC64: - | BD64: 31.2 | BE64: 31.2 | BF64: 0 | BG64: 780
D65: 固定资产.办公设备.其他 | E65: 040900551 | F65: 固定资产.办公设备.其他 | G65: 01012601230000061316 | H65: 消毒柜（肥东食堂） | I65: 康庭 RTP638A-KT5，食堂餐盘消毒 | J65: U8大类04；卡号04754；资产号040900551 | L65: 直接购入 | N65: 平均年限法(二) | O65: 否 | P65: 台 | R65: 肥东厂区食堂厨房，（综合办）管理 | S65: 上海登捷机械设备有限公司 | T65: 2021-11-18 | U65: 在用 | X65: 综合办公室 | AB65: 正常 | AC65: 正常计提 | AD65: 2021-11-18 | AE65: 是 | AG65: 5 | AH65: 0 | AI65: 53 | AK65: - | AL65: - | AM65: - | AN65: 4 | AP65: - | AQ65: 人民币 | AR65: 1 | AS65: 人民币 | AT65: 基准汇率 | AU65: 1 | AV65: 3100 | AW65: 124 | AX65: - | AY65: 30.39 | AZ65: 30.39 | BA65: 121.56 | BB65: 2501.68 | BC65: - | BD65: 261.6 | BE65: 598.32 | BF65: 336.72 | BG65: 3100
D66: 固定资产.办公设备.其他 | E66: 040200265 | F66: 固定资产.办公设备.其他 | G66: 01012601230000061317 | H66: 深信服超融合服务器（含软件） | I66: 深信服asever2100 | J66: U8大类04；卡号03106；资产号040200265 | L66: 直接购入 | N66: 平均年限法(二) | O66: 否 | P66: 台 | R66: 肥东分厂信息机房 | S66: 安徽安齐信息科技有限公司 | T66: 2019-02-28 | U66: 在用 | X66: 企业管理部 | AB66: 正常 | AC66: 计提完成 | AD66: 2019-02-28 | AE66: 是 | AG66: 5 | AH66: 0 | AI66: 60 | AK66: - | AL66: - | AM66: - | AN66: 4 | AP66: - | AQ66: 人民币 | AR66: 1 | AS66: 人民币 | AT66: 基准汇率 | AU66: 1 | AV66: 63793.1 | AW66: 2551.72 | AX66: - | AY66: 0 | AZ66: - | BA66: 0 | BB66: 61241.38 | BC66: - | BD66: 0 | BE66: 2551.72 | BF66: 2551.72 | BG66: 63793.1
D67: 固定资产.办公设备.其他 | E67: 040900552 | F67: 固定资产.办公设备.其他 | G67: 01012601230000061371 | H67: 高通量拌种机（包衣机） | I67: LX3000R，体积1190*690*1080MM，电机1.5KW，料斗容积140L，料斗材质为钢板喷塑 | J67: U8大类04；卡号04772；资产号040900552 | L67: 直接购入 | N67: 平均年限法(二) | O67: 否 | P67: 台 | R67: 每年在市场拌种期间由市场部专人负责监管，拌种结束运回农化物流中心仓库保管 | S67: 待梳理事项 | T67: 2021-12-17 | U67: 在用 | X67: 市场管理部 | AB67: 正常 | AC67: 正常计提 | AD67: 2021-12-17 | AE67: 是 | AG67: 5 | AH67: 0 | AI67: 52 | AK67: - | AL67: - | AM67: - | AN67: 4 | AP67: - | AQ67: 人民币 | AR67: 1 | AS67: 人民币 | AT67: 基准汇率 | AU67: 1 | AV67: 9174.31 | AW67: 366.97 | AX67: - | AY67: 146.78 | AZ67: 146.78 | BA67: 587.14 | BB67: 7633.06 | BC67: - | BD67: 0 | BE67: 1541.25 | BF67: 1541.25 | BG67: 9174.31
D68: 固定资产.办公设备.其他 | E68: 040900554 | F68: 固定资产.办公设备.其他 | G68: 01012601230000061374 | H68: 高通量拌种机（包衣机） | I68: LX3000R，体积1190*690*1080MM，电机1.5KW，料斗容积140L，料斗材质为钢板喷塑 | J68: U8大类04；卡号04774；资产号040900554 | L68: 直接购入 | N68: 平均年限法(二) | O68: 否 | P68: 台 | R68: 每年在市场拌种期间由市场部专人负责监管，拌种结束运回农化物流中心仓库保管 | S68: 待梳理事项 | T68: 2021-12-17 | U68: 在用 | X68: 市场管理部 | AB68: 正常 | AC68: 正常计提 | AD68: 2021-12-17 | AE68: 是 | AG68: 5 | AH68: 0 | AI68: 52 | AK68: - | AL68: - | AM68: - | AN68: 4 | AP68: - | AQ68: 人民币 | AR68: 1 | AS68: 人民币 | AT68: 基准汇率 | AU68: 1 | AV68: 9174.32 | AW68: 366.97 | AX68: - | AY68: 146.78 | AZ68: 146.78 | BA68: 587.15 | BB68: 7633.07 | BC68: - | BD68: 0 | BE68: 1541.25 | BF68: 1541.25 | BG68: 9174.32
D69: 固定资产.办公设备.其他 | E69: 040900553 | F69: 固定资产.办公设备.其他 | G69: 01012601230000061375 | H69: 高通量拌种机（包衣机） | I69: LX3000R，体积1190*690*1080MM，电机1.5KW，料斗容积140L，料斗材质为钢板喷塑 | J69: U8大类04；卡号04773；资产号040900553 | L69: 直接购入 | N69: 平均年限法(二) | O69: 否 | P69: 台 | R69: 每年在市场拌种期间由市场部专人负责监管，拌种结束运回农化物流中心仓库保管 | S69: 待梳理事项 | T69: 2021-12-17 | U69: 在用 | X69: 市场管理部 | AB69: 正常 | AC69: 正常计提 | AD69: 2021-12-17 | AE69: 是 | AG69: 5 | AH69: 0 | AI69: 52 | AK69: - | AL69: - | AM69: - | AN69: 4 | AP69: - | AQ69: 人民币 | AR69: 1 | AS69: 人民币 | AT69: 基准汇率 | AU69: 1 | AV69: 9174.31 | AW69: 366.97 | AX69: - | AY69: 146.78 | AZ69: 146.78 | BA69: 587.14 | BB69: 7633.06 | BC69: - | BD69: 0 | BE69: 1541.25 | BF69: 1541.25 | BG69: 9174.31
D70: 固定资产.办公设备.其他 | E70: 040200096 | F70: 固定资产.办公设备.其他 | G70: 01012601230000061439 | H70: LG显示屏（2台） | I70: LG，19’液晶宽屏 | J70: U8大类04；卡号00633；资产号040200096 | L70: 直接购入 | N70: 平均年限法(二) | O70: 否 | P70: 台 | R70: 公司 | S70: 待梳理事项 | T70: 2008-05-31 | U70: 在用 | X70: 综合办公室 | AB70: 正常 | AC70: 计提完成 | AD70: 2008-05-31 | AE70: 是 | AG70: 5 | AH70: 0 | AI70: 40 | AK70: - | AL70: - | AM70: - | AN70: 0 | AP70: - | AQ70: 人民币 | AR70: 1 | AS70: 人民币 | AT70: 基准汇率 | AU70: 1 | AV70: 2790 | AW70: 0 | AX70: - | AY70: 0 | AZ70: - | BA70: 0 | BB70: 2678.4 | BC70: - | BD70: 111.6 | BE70: 111.6 | BF70: 0 | BG70: 2790
D71: 固定资产.办公设备.其他 | E71: 040900056 | F71: 固定资产.办公设备.其他 | G71: 01012601230000061446 | H71: 扫描仪（HP） | I71: HP--G3010 | J71: U8大类04；卡号00637；资产号040900056 | L71: 直接购入 | N71: 平均年限法(二) | O71: 否 | P71: 台 | R71: 公司 | S71: 待梳理事项 | T71: 2008-05-31 | U71: 在用 | X71: 综合办公室 | AB71: 正常 | AC71: 计提完成 | AD71: 2008-05-31 | AE71: 是 | AG71: 5 | AH71: 0 | AI71: 41 | AK71: - | AL71: - | AM71: - | AN71: 0 | AP71: - | AQ71: 人民币 | AR71: 1 | AS71: 人民币 | AT71: 基准汇率 | AU71: 1 | AV71: 2307.69 | AW71: 0 | AX71: - | AY71: 0 | AZ71: - | BA71: 0 | BB71: 2215.38 | BC71: - | BD71: 92.31 | BE71: 92.31 | BF71: 0 | BG71: 2307.69
D72: 固定资产.办公设备.其他 | E72: 040900556 | F72: 固定资产.办公设备.其他 | G72: 01012601230000061447 | H72: 深信服超融合服务器 | I72: 深信服aserver-R-2105标准产品，超融合一体机，含软件V6.0 | J72: U8大类04；卡号04793；资产号040900556 | L72: 直接购入 | N72: 平均年限法(二) | O72: 否 | P72: 台 | R72: 肥东信息化网络机房 | S72: 安徽华页信息科技有限公司 | T72: 2021-12-30 | U72: 在用 | X72: 企业管理部 | AB72: 正常 | AC72: 正常计提 | AD72: 2021-12-30 | AE72: 是 | AG72: 5 | AH72: 0 | AI72: 52 | AK72: - | AL72: - | AM72: - | AN72: 4 | AP72: - | AQ72: 人民币 | AR72: 1 | AS72: 人民币 | AT72: 基准汇率 | AU72: 1 | AV72: 119700.29 | AW72: 4788.01 | AX72: - | AY72: 1915.22 | AZ72: 1915.22 | BA72: 7660.88 | BB72: 99590.48 | BC72: - | BD72: 0 | BE72: 20109.81 | BF72: 20109.81 | BG72: 119700.29
D73: 固定资产.办公设备.其他 | E73: 040900555 | F73: 固定资产.办公设备.其他 | G73: 01012601230000061456 | H73: 深信服超融合服务器 | I73: 深信服aserver-R-2105标准产品，超融合一体机，含软件V6.0 | J73: U8大类04；卡号04792；资产号040900555 | L73: 直接购入 | N73: 平均年限法(二) | O73: 否 | P73: 台 | R73: 肥东信息化网络机房 | S73: 安徽华页信息科技有限公司 | T73: 2021-12-30 | U73: 在用 | X73: 企业管理部 | AB73: 正常 | AC73: 正常计提 | AD73: 2021-12-30 | AE73: 是 | AG73: 5 | AH73: 0 | AI73: 52 | AK73: - | AL73: - | AM73: - | AN73: 4 | AP73: - | AQ73: 人民币 | AR73: 1 | AS73: 人民币 | AT73: 基准汇率 | AU73: 1 | AV73: 119700.29 | AW73: 4788.01 | AX73: - | AY73: 1915.22 | AZ73: 1915.22 | BA73: 7660.88 | BB73: 99590.48 | BC73: - | BD73: 0 | BE73: 20109.81 | BF73: 20109.81 | BG73: 119700.29
D74: 固定资产.办公设备.其他 | E74: 040900557 | F74: 固定资产.办公设备.其他 | G74: 01012601230000061457 | H74: 网络交换机H3C万兆 | I74: LS-S6520-22SG-SI，另配12个万兆光纤模块SFP-XG-SX-MM850-A | J74: U8大类04；卡号04794；资产号040900557 | L74: 直接购入 | N74: 平均年限法(二) | O74: 否 | P74: 台 | R74: 肥东信息化网络机房 | S74: 安徽华页信息科技有限公司 | T74: 2021-12-30 | U74: 在用 | X74: 企业管理部 | AB74: 正常 | AC74: 正常计提 | AD74: 2021-12-30 | AE74: 是 | AG74: 5 | AH74: 0 | AI74: 52 | AK74: - | AL74: - | AM74: - | AN74: 4 | AP74: - | AQ74: 人民币 | AR74: 1 | AS74: 人民币 | AT74: 基准汇率 | AU74: 1 | AV74: 5132.74 | AW74: 205.31 | AX74: - | AY74: 82.14 | AZ74: 82.14 | BA74: 328.56 | BB74: 4270.32 | BC74: - | BD74: 0 | BE74: 862.42 | BF74: 862.42 | BG74: 5132.74
D75: 固定资产.办公设备.其他 | E75: 040900559 | F75: 固定资产.办公设备.其他 | G75: 01012601230000061464 | H75: 冰柜（肥东食堂） | I75: SCD-1600ZL，四方全冷冻冰柜，1200*680*1930，欧驰宝 | J75: U8大类04；卡号04796；资产号040900559 | L75: 直接购入 | N75: 平均年限法(二) | O75: 否 | P75: 台 | R75: 肥东厂区食堂厨房，（综合办）管理 | S75: 浙江欧恒制冷设备有限公司 | T75: 2022-01-18 | U75: 在用 | X75: 综合办公室 | AB75: 正常 | AC75: 正常计提 | AD75: 2022-01-18 | AE75: 是 | AG75: 5 | AH75: 0 | AI75: 51 | AK75: - | AL75: - | AM75: - | AN75: 4 | AP75: - | AQ75: 人民币 | AR75: 1 | AS75: 人民币 | AT75: 基准汇率 | AU75: 1 | AV75: 2100 | AW75: 84 | AX75: - | AY75: 33.6 | AZ75: 33.6 | BA75: 134.4 | BB75: 1713.6 | BC75: - | BD75: 0 | BE75: 386.4 | BF75: 386.4 | BG75: 2100
D76: 固定资产.办公设备.其他 | E76: 040900059 | F76: 固定资产.办公设备.其他 | G76: 01012601230000061477 | H76: 消毒柜 | I76: 合成食堂，万和ZTP36818 | J76: U8大类04；卡号00661；资产号040900059 | L76: 直接购入 | N76: 平均年限法(二) | O76: 否 | P76: 台 | R76: 合成分厂 | S76: 待梳理事项 | T76: 2008-08-19 | U76: 在用 | X76: 合成分厂 | AB76: 正常 | AC76: 计提完成 | AD76: 2008-08-19 | AE76: 是 | AG76: 5 | AH76: 0 | AI76: 43 | AK76: - | AL76: - | AM76: - | AN76: 4 | AP76: - | AQ76: 人民币 | AR76: 1 | AS76: 人民币 | AT76: 基准汇率 | AU76: 1 | AV76: 2150 | AW76: 86 | AX76: - | AY76: 0 | AZ76: - | BA76: 0 | BB76: 2064 | BC76: - | BD76: 0 | BE76: 86 | BF76: 86 | BG76: 2150
D77: 固定资产.办公设备.其他 | E77: 040900558 | F77: 固定资产.办公设备.其他 | G77: 01012601230000061485 | H77: 网络交换机H3C万兆 | I77: LS-S6520-22SG-SI，另配12个万兆光纤模块SFP-XG-SX-MM850-A | J77: U8大类04；卡号04795；资产号040900558 | L77: 直接购入 | N77: 平均年限法(二) | O77: 否 | P77: 台 | R77: 肥东信息化网络机房 | S77: 安徽华页信息科技有限公司 | T77: 2021-12-30 | U77: 在用 | X77: 企业管理部 | AB77: 正常 | AC77: 正常计提 | AD77: 2021-12-30 | AE77: 是 | AG77: 5 | AH77: 0 | AI77: 52 | AK77: - | AL77: - | AM77: - | AN77: 4 | AP77: - | AQ77: 人民币 | AR77: 1 | AS77: 人民币 | AT77: 基准汇率 | AU77: 1 | AV77: 5132.74 | AW77: 205.31 | AX77: - | AY77: 82.14 | AZ77: 82.14 | BA77: 328.56 | BB77: 4270.32 | BC77: - | BD77: 0 | BE77: 862.42 | BF77: 862.42 | BG77: 5132.74
D78: 固定资产.办公设备.其他 | E78: 040900525 | F78: 固定资产.办公设备.其他 | G78: 01012601230000061562 | H78: 语言翻译机 | I78: 科大讯飞 | J78: U8大类04；卡号03169；资产号040900525 | L78: 直接购入 | N78: 平均年限法(二) | O78: 否 | P78: 台 | R78: 国际贸易部办公室，丰乐种业新大楼806室 | S78: 待梳理事项 | T78: 2019-05-06 | U78: 在用 | X78: 国际贸易部 | AB78: 正常 | AC78: 计提完成 | AD78: 2019-05-06 | AE78: 是 | AG78: 5 | AH78: 0 | AI78: 61 | AK78: - | AL78: - | AM78: - | AN78: 0 | AP78: - | AQ78: 人民币 | AR78: 1 | AS78: 人民币 | AT78: 基准汇率 | AU78: 1 | AV78: 2999 | AW78: 0 | AX78: - | AY78: 0 | AZ78: - | BA78: 100 | BB78: 2979.04 | BC78: - | BD78: 19.96 | BE78: 19.96 | BF78: 0 | BG78: 2999
D79: 固定资产.办公设备.其他 | E79: 040900062 | F79: 固定资产.办公设备.其他 | G79: 01012601230000061648 | H79: PLC(编程控制器) | I79: TSXDMZ28DR | J79: U8大类04；卡号00787；资产号040900062 | L79: 直接购入 | N79: 平均年限法(二) | O79: 否 | P79: 台 | R79: 合成分厂 | S79: 待梳理事项 | T79: 2009-10-30 | U79: 在用 | X79: 合成分厂 | AB79: 正常 | AC79: 计提完成 | AD79: 2009-10-30 | AE79: 是 | AG79: 5 | AH79: 0 | AI79: 60 | AK79: - | AL79: - | AM79: - | AN79: 4 | AP79: - | AQ79: 人民币 | AR79: 1 | AS79: 人民币 | AT79: 基准汇率 | AU79: 1 | AV79: 1632.48 | AW79: 65.3 | AX79: - | AY79: 0 | AZ79: - | BA79: 0 | BB79: 1567.18 | BC79: - | BD79: 0 | BE79: 65.3 | BF79: 65.3 | BG79: 1632.48
D80: 固定资产.办公设备.其他 | E80: 040900561 | F80: 固定资产.办公设备.其他 | G80: 01012601230000061653 | H80: 电动自行车1辆 | I80: 品牌：上海建设；两轮电瓶车 | J80: U8大类04；卡号04845；资产号040900561 | L80: 直接购入 | N80: 平均年限法(二) | O80: 否 | P80: 台 | R80: 现综合办2肥东厂区南门车棚（原李昌柱1巢湖水稻种植基地） | S80: 待梳理事项 | T80: 2022-03-17 | U80: 在用 | X80: 综合办公室 | AB80: 正常 | AC80: 正常计提 | AD80: 2022-03-17 | AE80: 是 | AG80: 5 | AH80: 0 | AI80: 49 | AK80: - | AL80: - | AM80: - | AN80: 4 | AP80: - | AQ80: 人民币 | AR80: 1 | AS80: 人民币 | AT80: 基准汇率 | AU80: 1 | AV80: 2200 | AW80: 88 | AX80: - | AY80: 35.2 | AZ80: 35.2 | BA80: 140.8 | BB80: 1724.8 | BC80: - | BD80: 0 | BE80: 475.2 | BF80: 475.2 | BG80: 2200
D81: 固定资产.办公设备.其他 | E81: 040900562 | F81: 固定资产.办公设备.其他 | G81: 01012601230000061658 | H81: 电动自行车1辆 | I81: 品牌：上海建设；两轮电瓶车 | J81: U8大类04；卡号04846；资产号040900562 | L81: 直接购入 | N81: 平均年限法(二) | O81: 否 | P81: 台 | R81: 现综合办2肥东厂区南门车棚（原李昌柱1巢湖水稻种植基地） | S81: 待梳理事项 | T81: 2022-03-17 | U81: 在用 | X81: 综合办公室 | AB81: 正常 | AC81: 正常计提 | AD81: 2022-03-17 | AE81: 是 | AG81: 5 | AH81: 0 | AI81: 49 | AK81: - | AL81: - | AM81: - | AN81: 4 | AP81: - | AQ81: 人民币 | AR81: 1 | AS81: 人民币 | AT81: 基准汇率 | AU81: 1 | AV81: 2200 | AW81: 88 | AX81: - | AY81: 35.2 | AZ81: 35.2 | BA81: 140.8 | BB81: 1724.8 | BC81: - | BD81: 0 | BE81: 475.2 | BF81: 475.2 | BG81: 2200
D82: 固定资产.办公设备.其他 | E82: 040900068 | F82: 固定资产.办公设备.其他 | G82: 01012601230000061704 | H82: 传真机（联想） | I82: M3220 | J82: U8大类04；卡号00815；资产号040900068 | L82: 直接购入 | N82: 平均年限法(二) | O82: 否 | P82: 台 | R82: 采购部 | S82: 待梳理事项 | T82: 2010-04-28 | U82: 在用 | X82: 综合办公室 | AB82: 正常 | AC82: 计提完成 | AD82: 2010-04-28 | AE82: 是 | AG82: 5 | AH82: 0 | AI82: 60 | AK82: - | AL82: - | AM82: - | AN82: 4 | AP82: - | AQ82: 人民币 | AR82: 1 | AS82: 人民币 | AT82: 基准汇率 | AU82: 1 | AV82: 1410.26 | AW82: 56.41 | AX82: - | AY82: 0 | AZ82: - | BA82: 0 | BB82: 1353.85 | BC82: - | BD82: 0 | BE82: 56.41 | BF82: 56.41 | BG82: 1410.26
D83: 固定资产.办公设备.其他 | E83: 040900072 | F83: 固定资产.办公设备.其他 | G83: 01012601230000061765 | H83: 扫描仪（V300） | I83: V300 | J83: U8大类04；卡号00835；资产号040900072 | L83: 直接购入 | N83: 平均年限法(二) | O83: 否 | P83: 台 | R83: 公司 | S83: 待梳理事项 | T83: 2010-05-24 | U83: 在用 | X83: 合成分厂 | AB83: 正常 | AC83: 计提完成 | AD83: 2010-05-24 | AE83: 是 | AG83: 5 | AH83: 0 | AI83: 59 | AK83: - | AL83: - | AM83: - | AN83: 4 | AP83: - | AQ83: 人民币 | AR83: 1 | AS83: 人民币 | AT83: 基准汇率 | AU83: 1 | AV83: 880.34 | AW83: 35.21 | AX83: - | AY83: 0 | AZ83: - | BA83: 0 | BB83: 845.13 | BC83: - | BD83: 0 | BE83: 35.21 | BF83: 35.21 | BG83: 880.34
D84: 固定资产.办公设备.其他 | E84: 040900074 | F84: 固定资产.办公设备.其他 | G84: 01012601230000061803 | H84: 松下相机 | I84: FH1GK | J84: U8大类04；卡号00851；资产号040900074 | L84: 直接购入 | N84: 平均年限法(二) | O84: 否 | P84: 台 | R84: 公司总经办 | S84: 待梳理事项 | T84: 2010-09-17 | U84: 在用 | X84: 综合办公室 | AB84: 正常 | AC84: 计提完成 | AD84: 2010-09-17 | AE84: 是 | AG84: 5 | AH84: 0 | AI84: 59 | AK84: - | AL84: - | AM84: - | AN84: 4 | AP84: - | AQ84: 人民币 | AR84: 1 | AS84: 人民币 | AT84: 基准汇率 | AU84: 1 | AV84: 1498 | AW84: 59.92 | AX84: - | AY84: 0 | AZ84: - | BA84: 0 | BB84: 1438.08 | BC84: - | BD84: 0 | BE84: 59.92 | BF84: 59.92 | BG84: 1498
D85: 固定资产.办公设备.其他 | E85: 040900565 | F85: 固定资产.办公设备.其他 | G85: 01012601230000061870 | H85: 高通量拌种机（包衣机） | I85: LX3000R，体积1190*690*1080MM，电机1.5KW，料斗容积140L，料斗材质为钢板喷塑 | J85: U8大类04；卡号04910；资产号040900565 | L85: 直接购入 | N85: 平均年限法(二) | O85: 否 | P85: 台 | R85: 每年在市场拌种期间由市场部专人负责监管，拌种结束运回农化物流中心仓库保管 | S85: 待梳理事项 | T85: 2022-09-09 | U85: 在用 | X85: 市场管理部 | AB85: 正常 | AC85: 正常计提 | AD85: 2022-09-09 | AE85: 是 | AG85: 5 | AH85: 0 | AI85: 43 | AK85: - | AL85: - | AM85: - | AN85: 4 | AP85: - | AQ85: 人民币 | AR85: 1 | AS85: 人民币 | AT85: 基准汇率 | AU85: 1 | AV85: 9174.31 | AW85: 366.97 | AX85: - | AY85: 146.79 | AZ85: 146.79 | BA85: 587.16 | BB85: 6311.97 | BC85: - | BD85: 0 | BE85: 2862.34 | BF85: 2862.34 | BG85: 9174.31
D86: 固定资产.办公设备.其他 | E86: 040900566 | F86: 固定资产.办公设备.其他 | G86: 01012601230000061872 | H86: 高通量拌种机（包衣机） | I86: LX3000R，体积1190*690*1080MM，电机1.5KW，料斗容积140L，料斗材质为钢板喷塑 | J86: U8大类04；卡号04911；资产号040900566 | L86: 直接购入 | N86: 平均年限法(二) | O86: 否 | P86: 台 | R86: 每年在市场拌种期间由市场部专人负责监管，拌种结束运回农化物流中心仓库保管 | S86: 待梳理事项 | T86: 2022-09-09 | U86: 在用 | X86: 市场管理部 | AB86: 正常 | AC86: 正常计提 | AD86: 2022-09-09 | AE86: 是 | AG86: 5 | AH86: 0 | AI86: 43 | AK86: - | AL86: - | AM86: - | AN86: 4 | AP86: - | AQ86: 人民币 | AR86: 1 | AS86: 人民币 | AT86: 基准汇率 | AU86: 1 | AV86: 9174.31 | AW86: 366.97 | AX86: - | AY86: 146.79 | AZ86: 146.79 | BA86: 587.16 | BB86: 6311.97 | BC86: - | BD86: 0 | BE86: 2862.34 | BF86: 2862.34 | BG86: 9174.31
D87: 固定资产.办公设备.其他 | E87: 040900527 | F87: 固定资产.办公设备.其他 | G87: 01012601230000061887 | H87: 电动自行车1辆 | I87: 荣事达（金丝猴） | J87: U8大类04；卡号03260；资产号040900527 | L87: 直接购入 | N87: 平均年限法(二) | O87: 否 | P87: 台 | R87: 肥东质检室 | S87: 待梳理事项 | T87: 2019-08-28 | U87: 在用 | X87: 质量管理部 | AB87: 正常 | AC87: 计提完成 | AD87: 2019-08-28 | AE87: 是 | AG87: 5 | AH87: 0 | AI87: 60 | AK87: - | AL87: - | AM87: - | AN87: 4 | AP87: - | AQ87: 人民币 | AR87: 1 | AS87: 人民币 | AT87: 基准汇率 | AU87: 1 | AV87: 1246.6 | AW87: 49.86 | AX87: - | AY87: 0 | AZ87: - | BA87: 0 | BB87: 1196.74 | BC87: - | BD87: 0 | BE87: 49.86 | BF87: 49.86 | BG87: 1246.6
D88: 固定资产.办公设备.其他 | E88: 040900568 | F88: 固定资产.办公设备.其他 | G88: 01012601230000061891 | H88: 冰柜（肥东食堂） | I88: 大四门厨房冰柜，1200*680*1930，欧驰宝 | J88: U8大类04；卡号04913；资产号040900568 | L88: 直接购入 | N88: 平均年限法(二) | O88: 否 | P88: 台 | R88: 肥东厂区食堂厨房，（综合办）管理 | S88: 浙江韩冰制冷设备有限公司 | T88: 2022-09-14 | U88: 在用 | X88: 综合办公室 | AB88: 正常 | AC88: 正常计提 | AD88: 2022-09-14 | AE88: 是 | AG88: 5 | AH88: 0 | AI88: 43 | AK88: - | AL88: - | AM88: - | AN88: 4 | AP88: - | AQ88: 人民币 | AR88: 1 | AS88: 人民币 | AT88: 基准汇率 | AU88: 1 | AV88: 2080 | AW88: 83.2 | AX88: - | AY88: 33.28 | AZ88: 33.28 | BA88: 133.12 | BB88: 1431.04 | BC88: - | BD88: 0 | BE88: 648.96 | BF88: 648.96 | BG88: 2080
D89: 固定资产.办公设备.其他 | E89: 040900567 | F89: 固定资产.办公设备.其他 | G89: 01012601230000061901 | H89: 高通量拌种机（包衣机） | I89: LX3000R，体积1190*690*1080MM，电机1.5KW，料斗容积140L，料斗材质为钢板喷塑 | J89: U8大类04；卡号04912；资产号040900567 | L89: 直接购入 | N89: 平均年限法(二) | O89: 否 | P89: 台 | R89: 每年在市场拌种期间由市场部专人负责监管，拌种结束运回农化物流中心仓库保管 | S89: 待梳理事项 | T89: 2022-09-09 | U89: 在用 | X89: 市场管理部 | AB89: 正常 | AC89: 正常计提 | AD89: 2022-09-09 | AE89: 是 | AG89: 5 | AH89: 0 | AI89: 43 | AK89: - | AL89: - | AM89: - | AN89: 4 | AP89: - | AQ89: 人民币 | AR89: 1 | AS89: 人民币 | AT89: 基准汇率 | AU89: 1 | AV89: 9174.32 | AW89: 366.97 | AX89: - | AY89: 146.79 | AZ89: 146.79 | BA89: 587.16 | BB89: 6311.97 | BC89: - | BD89: 0 | BE89: 2862.35 | BF89: 2862.35 | BG89: 9174.32
D90: 固定资产.办公设备.其他 | E90: 040900528 | F90: 固定资产.办公设备.其他 | G90: 01012601230000061920 | H90: 会议桌 | I90: 700 | J90: U8大类04；卡号03277；资产号040900528 | L90: 直接购入 | N90: 平均年限法(二) | O90: 否 | P90: 台 | R90: 新办公室（华亿 天达路） | S90: 待梳理事项 | T90: 2019-09-09 | U90: 在用 | X90: 综合办公室 | AB90: 正常 | AC90: 计提完成 | AD90: 2019-09-09 | AE90: 是 | AG90: 5 | AH90: 0 | AI90: 60 | AK90: - | AL90: - | AM90: - | AN90: 4 | AP90: - | AQ90: 人民币 | AR90: 1 | AS90: 人民币 | AT90: 基准汇率 | AU90: 1 | AV90: 5699.12 | AW90: 227.96 | AX90: - | AY90: 0 | AZ90: - | BA90: 0 | BB90: 5471.16 | BC90: - | BD90: 0 | BE90: 227.96 | BF90: 227.96 | BG90: 5699.12
D91: 固定资产.办公设备.其他 | E91: 040900076 | F91: 固定资产.办公设备.其他 | G91: 01012601230000061944 | H91: 立交桥声屏障 | I91: JZP | J91: U8大类04；卡号00897；资产号040900076 | L91: 直接购入 | N91: 平均年限法(二) | O91: 否 | P91: 台 | R91: 合成分厂 | S91: 待梳理事项 | T91: 2011-08-31 | U91: 在用 | X91: 合成分厂 | AB91: 正常 | AC91: 计提完成 | AD91: 2011-08-31 | AE91: 是 | AG91: 5 | AH91: 0 | AI91: 59 | AK91: - | AL91: - | AM91: - | AN91: 4 | AP91: - | AQ91: 人民币 | AR91: 1 | AS91: 人民币 | AT91: 基准汇率 | AU91: 1 | AV91: 256500 | AW91: 10260 | AX91: - | AY91: 0 | AZ91: - | BA91: 0 | BB91: 246240 | BC91: - | BD91: 0 | BE91: 10260 | BF91: 10260 | BG91: 256500
D92: 固定资产.办公设备.其他 | E92: 040900077 | F92: 固定资产.办公设备.其他 | G92: 01012601230000061975 | H92: 数码相机 | J92: U8大类04；卡号00904；资产号040900077 | L92: 直接购入 | N92: 平均年限法(二) | O92: 否 | P92: 台 | R92: 肥东分厂 | S92: 待梳理事项 | T92: 2011-09-26 | U92: 在用 | X92: 合成分厂 | AB92: 正常 | AC92: 计提完成 | AD92: 2011-09-26 | AE92: 是 | AG92: 5 | AH92: 0 | AI92: 60 | AK92: - | AL92: - | AM92: - | AN92: 4 | AP92: - | AQ92: 人民币 | AR92: 1 | AS92: 人民币 | AT92: 基准汇率 | AU92: 1 | AV92: 1584.61 | AW92: 63.38 | AX92: - | AY92: 0 | AZ92: - | BA92: 0 | BB92: 1521.23 | BC92: - | BD92: 0 | BE92: 63.38 | BF92: 63.38 | BG92: 1584.61
D93: 固定资产.办公设备.其他 | E93: 040900569 | F93: 固定资产.办公设备.其他 | G93: 01012601230000061987 | H93: 智能驱动平移门（含车牌识别直杆道闸） | I93: 南大门，红门牌P863C-G，门排18M长*1.5M高，含车牌识别直杆道闸(1进1出)H2QS，智能驱动系统 | J93: U8大类04；卡号04947；资产号040900569 | L93: 直接购入 | N93: 平均年限法(二) | O93: 否 | P93: 台 | R93: 肥东厂区南大门（清泉路） | S93: 合肥红门智能设备有限公司 | T93: 2023-01-13 | U93: 在用 | X93: 综合办公室 | AB93: 正常 | AC93: 正常计提 | AD93: 2023-01-13 | AE93: 是 | AG93: 5 | AH93: 0 | AI93: 39 | AK93: - | AL93: - | AM93: - | AN93: 4 | AP93: - | AQ93: 人民币 | AR93: 1 | AS93: 人民币 | AT93: 基准汇率 | AU93: 1 | AV93: 112427.18 | AW93: 4497.09 | AX93: - | AY93: 1798.84 | AZ93: 1798.84 | BA93: 7195.36 | BB93: 70154.41 | BC93: - | BD93: 0 | BE93: 42272.77 | BF93: 42272.77 | BG93: 112427.18
D94: 固定资产.办公设备.其他 | E94: 040900079 | F94: 固定资产.办公设备.其他 | G94: 01012601230000061998 | H94: 数码相机 | J94: U8大类04；卡号00906；资产号040900079 | L94: 直接购入 | N94: 平均年限法(二) | O94: 否 | P94: 台 | R94: 公司市场部 | S94: 待梳理事项 | T94: 2011-09-26 | U94: 在用 | X94: 综合办公室 | AB94: 正常 | AC94: 计提完成 | AD94: 2011-09-26 | AE94: 是 | AG94: 5 | AH94: 0 | AI94: 60 | AK94: - | AL94: - | AM94: - | AN94: 4 | AP94: - | AQ94: 人民币 | AR94: 1 | AS94: 人民币 | AT94: 基准汇率 | AU94: 1 | AV94: 1989.57 | AW94: 79.58 | AX94: - | AY94: 0 | AZ94: - | BA94: 0 | BB94: 1909.99 | BC94: - | BD94: 0 | BE94: 79.58 | BF94: 79.58 | BG94: 1989.57
D95: 固定资产.办公设备.其他 | E95: 040900080 | F95: 固定资产.办公设备.其他 | G95: 01012601230000062008 | H95: 数码相机 | J95: U8大类04；卡号00907；资产号040900080 | L95: 直接购入 | N95: 平均年限法(二) | O95: 否 | P95: 台 | R95: 公司办公室 | S95: 待梳理事项 | T95: 2011-09-26 | U95: 在用 | X95: 综合办公室 | AB95: 正常 | AC95: 计提完成 | AD95: 2011-09-26 | AE95: 是 | AG95: 5 | AH95: 0 | AI95: 60 | AK95: - | AL95: - | AM95: - | AN95: 4 | AP95: - | AQ95: 人民币 | AR95: 1 | AS95: 人民币 | AT95: 基准汇率 | AU95: 1 | AV95: 6012.74 | AW95: 240.51 | AX95: - | AY95: 0 | AZ95: - | BA95: 0 | BB95: 5772.23 | BC95: - | BD95: 0 | BE95: 240.51 | BF95: 240.51 | BG95: 6012.74
D96: 固定资产.办公设备.其他 | E96: 040900078 | F96: 固定资产.办公设备.其他 | G96: 01012601230000062009 | H96: 数码相机 | J96: U8大类04；卡号00905；资产号040900078 | L96: 直接购入 | N96: 平均年限法(二) | O96: 否 | P96: 台 | R96: 合成分厂 | S96: 待梳理事项 | T96: 2011-09-26 | U96: 在用 | X96: 合成分厂 | AB96: 正常 | AC96: 计提完成 | AD96: 2011-09-26 | AE96: 是 | AG96: 5 | AH96: 0 | AI96: 60 | AK96: - | AL96: - | AM96: - | AN96: 0 | AP96: - | AQ96: 人民币 | AR96: 1 | AS96: 人民币 | AT96: 基准汇率 | AU96: 1 | AV96: 1584.62 | AW96: 0 | AX96: - | AY96: 0 | AZ96: - | BA96: 0 | BB96: 1521.24 | BC96: - | BD96: 63.38 | BE96: 63.38 | BF96: 0 | BG96: 1584.62
D97: 固定资产.办公设备.其他 | E97: 040900081 | F97: 固定资产.办公设备.其他 | G97: 01012601230000062020 | H97: 摄像机 | J97: U8大类04；卡号00908；资产号040900081 | L97: 直接购入 | N97: 平均年限法(二) | O97: 否 | P97: 台 | R97: 公司办公室 | S97: 待梳理事项 | T97: 2011-09-26 | U97: 在用 | X97: 综合办公室 | AB97: 正常 | AC97: 计提完成 | AD97: 2011-09-26 | AE97: 是 | AG97: 5 | AH97: 0 | AI97: 60 | AK97: - | AL97: - | AM97: - | AN97: 4 | AP97: - | AQ97: 人民币 | AR97: 1 | AS97: 人民币 | AT97: 基准汇率 | AU97: 1 | AV97: 3333.33 | AW97: 133.33 | AX97: - | AY97: 0 | AZ97: - | BA97: 0 | BB97: 3200 | BC97: - | BD97: 0 | BE97: 133.33 | BF97: 133.33 | BG97: 3333.33
D98: 固定资产.办公设备.其他 | E98: 040200169 | F98: 固定资产.办公设备.其他 | G98: 01012601230000062082 | H98: 开水器3台 | I98: 9KW | J98: U8大类04；卡号00927；资产号040200169 | L98: 直接购入 | N98: 平均年限法(二) | O98: 否 | P98: 台 | R98: 肥东分厂 | S98: 待梳理事项 | T98: 2011-12-31 | U98: 在用 | X98: 合成分厂 | AB98: 正常 | AC98: 计提完成 | AD98: 2011-12-31 | AE98: 是 | AG98: 5 | AH98: 0 | AI98: 60 | AK98: - | AL98: - | AM98: - | AN98: 4 | AP98: - | AQ98: 人民币 | AR98: 1 | AS98: 人民币 | AT98: 基准汇率 | AU98: 1 | AV98: 6025.64 | AW98: 241.03 | AX98: - | AY98: 0 | AZ98: - | BA98: 0 | BB98: 5784.61 | BC98: - | BD98: 0 | BE98: 241.03 | BF98: 241.03 | BG98: 6025.64
D99: 固定资产.办公设备.其他 | E99: 040900571 | F99: 固定资产.办公设备.其他 | G99: 01012601230000062105 | H99: 美厨消毒柜（肥东食堂） | I99: RTP720MC-4，品牌:美厨 | J99: U8大类04；卡号04977；资产号040900571 | L99: 直接购入 | N99: 平均年限法(二) | O99: 否 | P99: 台 | R99: 肥东厂区食堂厨房，（综合办）管理 | S99: 安徽佰翔厨房设备有限公司 | T99: 2023-04-12 | U99: 在用 | X99: 综合办公室 | AB99: 正常 | AC99: 正常计提 | AD99: 2023-04-12 | AE99: 是 | AG99: 5 | AH99: 0 | AI99: 36 | AK99: - | AL99: - | AM99: - | AN99: 4 | AP99: - | AQ99: 人民币 | AR99: 1 | AS99: 人民币 | AT99: 基准汇率 | AU99: 1 | AV99: 3982.3 | AW99: 159.29 | AX99: - | AY99: 63.71 | AZ99: 63.71 | BA99: 254.84 | BB99: 2293.88 | BC99: - | BD99: 0 | BE99: 1688.42 | BF99: 1688.42 | BG99: 3982.3
D100: 固定资产.办公设备.其他 | E100: 040900572 | F100: 固定资产.办公设备.其他 | G100: 01012601230000062106 | H100: 美厨消毒柜（肥东食堂） | I100: RTP360MC-3，品牌:美厨 | J100: U8大类04；卡号04978；资产号040900572 | L100: 直接购入 | N100: 平均年限法(二) | O100: 否 | P100: 台 | R100: 肥东厂区食堂厨房，（综合办）管理 | S100: 安徽佰翔厨房设备有限公司 | T100: 2023-04-12 | U100: 在用 | X100: 综合办公室 | AB100: 正常 | AC100: 正常计提 | AD100: 2023-04-12 | AE100: 是 | AG100: 5 | AH100: 0 | AI100: 36 | AK100: - | AL100: - | AM100: - | AN100: 4 | AP100: - | AQ100: 人民币 | AR100: 1 | AS100: 人民币 | AT100: 基准汇率 | AU100: 1 | AV100: 2654.87 | AW100: 106.19 | AX100: - | AY100: 42.48 | AZ100: 42.48 | BA100: 169.92 | BB100: 1529.28 | BC100: - | BD100: 0 | BE100: 1125.59 | BF100: 1125.59 | BG100: 2654.87
...

Sheet 刘伟4.7原表 2025.1.9核
A1: 丰乐农化 2024年度 固定资产（设备）报废申请表
B3: 丰乐农化 | V3: 金额单位：人民币元
A4: 序号 | B4: 设备编号 | C4: 设备名称 | D4: 规格型号 | E4: 使用单位 | F4: 生产厂家 | G4: 计量 单位 | H4: 数量 | I4: 购置日期 | J4: 启用日期 | K4: 审计前账面值 | M4: 审计调整 | O4: 账面价值 | Q4: 评估价值 | U4: 增值率% | V4: 备 注 | W4: 资产状态 | X4: 使用寿命 | Y4: 会计折旧年限 | AG4: 2024.12.31
K5: 账面原值 | L5: 账面净值 | M5: 账面原值 | N5: 账面净值 | O5: 账面原值 | P5: 账面净值 | Q5: 实际数量 | R5: 重置全价 | S5: 成新率% | T5: 评估价值 | AB5: 固定资产编号 | AC5: 固定资产名称 | AD5: 规格型号 | AE5: 原值 | AF5: 累计折旧 | AG5: 净值 | AH5: 累计减值准备金额 | AI5: 开始使用日期 | AJ5: 使用部门 | AK5: 存放地点 | AL5: 设备供应商
A6: 1 | B6: 031400029 | C6: 砂磨分散多用金 | D6: SFG-400 | E6: 研发中心 | F6: 上海现代环境工程 | G6: 台 | H6: 1 | I6: 2016.12.07 | J6: 2016.12.07 | O6: 4358.97 | P6: 174.36 | AB6: =VLOOKUP(B6,[1]固定20241231!$B$1:$AA$4611,1,FALSE) -> 031400029 | AC6: =VLOOKUP(B6,[1]固定20241231!$B$1:$AA$4611,2,FALSE) -> 砂磨分散多用金 | AD6: =VLOOKUP(B6,[1]固定20241231!$B$1:$AA$4611,3,FALSE) -> SFG-400 | AE6: =VLOOKUP(B6,[1]固定20241231!$B$1:$AA$4611,4,FALSE) -> 4358.97 | AF6: =VLOOKUP(B6,[1]固定20241231!$B$1:$AA$4611,5,FALSE) -> 4184.61 | AG6: =VLOOKUP(B6,[1]固定20241231!$B$1:$AA$4611,6,FALSE) -> 174.36 | AH6: =VLOOKUP(B6,[1]固定20241231!$B$1:$AA$4611,7,FALSE) -> 0 | AI6: =VLOOKUP(B6,[1]固定20241231!$B$1:$AA$4611,8,FALSE) -> 2016.12.07 | AJ6: =VLOOKUP(B6,[1]固定20241231!$B$1:$AA$4611,11,FALSE) -> 研发中心 | AK6: =VLOOKUP(B6,[1]固定20241231!$B$1:$AA$4611,12,FALSE) -> 肥东分厂研发中心 | AL6: =VLOOKUP(B6,[1]固定20241231!$B$1:$AA$4611,13,FALSE) -> 上海现代环境工程
A7: 2 | B7: 031400030 | C7: 砂磨分散多用金 | D7: SFG-400 | E7: 研发中心 | F7: 上海现代环境工程 | G7: 台 | H7: 1 | I7: 2016.12.07 | J7: 2016.12.07 | O7: 4358.98 | P7: 174.36 | AB7: =VLOOKUP(B7,[1]固定20241231!$B$1:$AA$4611,1,FALSE) -> 031400030 | AC7: =VLOOKUP(B7,[1]固定20241231!$B$1:$AA$4611,2,FALSE) -> 砂磨分散多用金 | AD7: =VLOOKUP(B7,[1]固定20241231!$B$1:$AA$4611,3,FALSE) -> SFG-400 | AE7: =VLOOKUP(B7,[1]固定20241231!$B$1:$AA$4611,4,FALSE) -> 4358.98 | AF7: =VLOOKUP(B7,[1]固定20241231!$B$1:$AA$4611,5,FALSE) -> 4184.62 | AG7: =VLOOKUP(B7,[1]固定20241231!$B$1:$AA$4611,6,FALSE) -> 174.36 | AH7: =VLOOKUP(B7,[1]固定20241231!$B$1:$AA$4611,7,FALSE) -> 0 | AI7: =VLOOKUP(B7,[1]固定20241231!$B$1:$AA$4611,8,FALSE) -> 2016.12.07 | AJ7: =VLOOKUP(B7,[1]固定20241231!$B$1:$AA$4611,11,FALSE) -> 研发中心 | AK7: =VLOOKUP(B7,[1]固定20241231!$B$1:$AA$4611,12,FALSE) -> 肥东分厂研发中心 | AL7: =VLOOKUP(B7,[1]固定20241231!$B$1:$AA$4611,13,FALSE) -> 上海现代环境工程
A8: 3 | B8: 031000177 | C8: 智能光照培养箱 | D8: GZP-250A | E8: 肥东制剂分厂 | F8: 南京恒裕电子仪器厂 | G8: 台 | H8: 1 | I8: 2012.06.30 | J8: 2012.06.30 | O8: 4957.26 | P8: 198.29 | AB8: =VLOOKUP(B8,[1]固定20241231!$B$1:$AA$4611,1,FALSE) -> 031000177 | AC8: =VLOOKUP(B8,[1]固定20241231!$B$1:$AA$4611,2,FALSE) -> 智能光照培养箱 | AD8: =VLOOKUP(B8,[1]固定20241231!$B$1:$AA$4611,3,FALSE) -> GZP-250A | AE8: =VLOOKUP(B8,[1]固定20241231!$B$1:$AA$4611,4,FALSE) -> 4957.26 | AF8: =VLOOKUP(B8,[1]固定20241231!$B$1:$AA$4611,5,FALSE) -> 4758.97 | AG8: =VLOOKUP(B8,[1]固定20241231!$B$1:$AA$4611,6,FALSE) -> 198.29 | AH8: =VLOOKUP(B8,[1]固定20241231!$B$1:$AA$4611,7,FALSE) -> 0 | AI8: =VLOOKUP(B8,[1]固定20241231!$B$1:$AA$4611,8,FALSE) -> 2012.06.30 | AJ8: =VLOOKUP(B8,[1]固定20241231!$B$1:$AA$4611,11,FALSE) -> 肥东制剂分厂 | AK8: =VLOOKUP(B8,[1]固定20241231!$B$1:$AA$4611,12,FALSE) -> 肥东分厂 | AL8: =VLOOKUP(B8,[1]固定20241231!$B$1:$AA$4611,13,FALSE) -> 0
A9: 4 | B9: 031400025 | C9: 0.5H卧式砂磨机一台 | D9: RT-0.5H | E9: 研发中心 | F9: 上海儒特机电设备 | G9: 台 | H9: 1 | I9: 2015.12.11 | J9: 2015.12.11 | O9: 21367.52 | P9: 854.7 | AB9: =VLOOKUP(B9,[1]固定20241231!$B$1:$AA$4611,1,FALSE) -> 031400025 | AC9: =VLOOKUP(B9,[1]固定20241231!$B$1:$AA$4611,2,FALSE) -> 0.5H卧式砂磨机一台 | AD9: =VLOOKUP(B9,[1]固定20241231!$B$1:$AA$4611,3,FALSE) -> RT-0.5H | AE9: =VLOOKUP(B9,[1]固定20241231!$B$1:$AA$4611,4,FALSE) -> 21367.52 | AF9: =VLOOKUP(B9,[1]固定20241231!$B$1:$AA$4611,5,FALSE) -> 20512.82 | AG9: =VLOOKUP(B9,[1]固定20241231!$B$1:$AA$4611,6,FALSE) -> 854.7 | AH9: =VLOOKUP(B9,[1]固定20241231!$B$1:$AA$4611,7,FALSE) -> 0 | AI9: =VLOOKUP(B9,[1]固定20241231!$B$1:$AA$4611,8,FALSE) -> 2015.12.11 | AJ9: =VLOOKUP(B9,[1]固定20241231!$B$1:$AA$4611,11,FALSE) -> 制剂中心 | AK9: =VLOOKUP(B9,[1]固定20241231!$B$1:$AA$4611,12,FALSE) -> 制剂研究中心 | AL9: =VLOOKUP(B9,[1]固定20241231!$B$1:$AA$4611,13,FALSE) -> 上海儒特机电设备
A10: 5 | B10: 031400009 | C10: 反应釜 | D10: GSH2A | E10: 研发中心 | G10: 台 | H10: 1 | I10: 2010.09.08 | J10: 2010.09.08 | O10: 17521.37 | P10: 0 | AB10: =VLOOKUP(B10,[1]固定20241231!$B$1:$AA$4611,1,FALSE) -> 031400009 | AC10: =VLOOKUP(B10,[1]固定20241231!$B$1:$AA$4611,2,FALSE) -> 反应釜 | AD10: =VLOOKUP(B10,[1]固定20241231!$B$1:$AA$4611,3,FALSE) -> GSH2A，（大兴合成研究所 转至 肥东研发中心） | AE10: =VLOOKUP(B10,[1]固定20241231!$B$1:$AA$4611,4,FALSE) -> 17521.37 | AF10: =VLOOKUP(B10,[1]固定20241231!$B$1:$AA$4611,5,FALSE) -> 2102.52 | AG10: =VLOOKUP(B10,[1]固定20241231!$B$1:$AA$4611,6,FALSE) -> 0 | AH10: =VLOOKUP(B10,[1]固定20241231!$B$1:$AA$4611,7,FALSE) -> 15418.85 | AI10: =VLOOKUP(B10,[1]固定20241231!$B$1:$AA$4611,8,FALSE) -> 2010.09.08 | AJ10: =VLOOKUP(B10,[1]固定20241231!$B$1:$AA$4611,11,FALSE) -> 研发中心 | AK10: =VLOOKUP(B10,[1]固定20241231!$B$1:$AA$4611,12,FALSE) -> 肥东研发中心 | AL10: =VLOOKUP(B10,[1]固定20241231!$B$1:$AA$4611,13,FALSE) -> 0
A11: 6 | B11: 031800018 | C11: 工业用螺杆冷水机组及附件 | D11: ICW100 | E11: 肥东制剂分厂 | F11: 南京久鼎制冷空调设备 | G11: 台 | H11: 1 | I11: 2016.12.12 | J11: 2016.12.12 | O11: 102564.1 | P11: 4102.56 | AB11: =VLOOKUP(B11,[1]固定20241231!$B$1:$AA$4611,1,FALSE) -> 031800018 | AC11: =VLOOKUP(B11,[1]固定20241231!$B$1:$AA$4611,2,FALSE) -> 工业用螺杆冷水机组及附件 | AD11: =VLOOKUP(B11,[1]固定20241231!$B$1:$AA$4611,3,FALSE) -> ICW100 | AE11: =VLOOKUP(B11,[1]固定20241231!$B$1:$AA$4611,4,FALSE) -> 102564.1 | AF11: =VLOOKUP(B11,[1]固定20241231!$B$1:$AA$4611,5,FALSE) -> 98461.54 | AG11: =VLOOKUP(B11,[1]固定20241231!$B$1:$AA$4611,6,FALSE) -> 4102.56 | AH11: =VLOOKUP(B11,[1]固定20241231!$B$1:$AA$4611,7,FALSE) -> 0 | AI11: =VLOOKUP(B11,[1]固定20241231!$B$1:$AA$4611,8,FALSE) -> 2016.12.12 | AJ11: =VLOOKUP(B11,[1]固定20241231!$B$1:$AA$4611,11,FALSE) -> 肥东制剂分厂 | AK11: =VLOOKUP(B11,[1]固定20241231!$B$1:$AA$4611,12,FALSE) -> 肥东分厂种衣剂车间 | AL11: =VLOOKUP(B11,[1]固定20241231!$B$1:$AA$4611,13,FALSE) -> 南京久鼎制冷空调设备
A12: 7 | B12: 031000224 | C12: 直列式灌装机4台 | D12: CDP-16B | E12: 肥东制剂分厂 | F12: 江苏金旺包装科技涌现公司 | G12: 台 | H12: 1 | I12: 2012.10.31 | J12: 2012.10.31 | O12: =ROUND(191452.99*(1/4),2) -> 47863.25 | P12: =ROUND(7658.12*(1/4),2) -> 1914.53 | V12: （1/4） | AB12: =VLOOKUP(B12,[1]固定20241231!$B$1:$AA$4611,1,FALSE) -> 031000224 | AC12: =VLOOKUP(B12,[1]固定20241231!$B$1:$AA$4611,2,FALSE) -> 直列式灌装机4台 | AD12: =VLOOKUP(B12,[1]固定20241231!$B$1:$AA$4611,3,FALSE) -> CDP-16B | AE12: =VLOOKUP(B12,[1]固定20241231!$B$1:$AA$4611,4,FALSE) -> 191452.99 | AF12: =VLOOKUP(B12,[1]固定20241231!$B$1:$AA$4611,5,FALSE) -> 183794.87 | AG12: =VLOOKUP(B12,[1]固定20241231!$B$1:$AA$4611,6,FALSE) -> 7658.12 | AH12: =VLOOKUP(B12,[1]固定20241231!$B$1:$AA$4611,7,FALSE) -> 0 | AI12: =VLOOKUP(B12,[1]固定20241231!$B$1:$AA$4611,8,FALSE) -> 2012.10.31 | AJ12: =VLOOKUP(B12,[1]固定20241231!$B$1:$AA$4611,11,FALSE) -> 肥东制剂分厂 | AK12: =VLOOKUP(B12,[1]固定20241231!$B$1:$AA$4611,12,FALSE) -> 0504 | AL12: =VLOOKUP(B12,[1]固定20241231!$B$1:$AA$4611,13,FALSE) -> 0
A13: 8 | B13: 031000257 | C13: 剂型液剂包装自动线 | D13: KZP.ZXT-2A | E13: 肥东制剂分厂 | F13: 杭州永创 | G13: 台 | H13: 1 | I13: 2012.12.29 | J13: 2012.12.29 | O13: 264500 | P13: 10580 | AB13: =VLOOKUP(B13,[1]固定20241231!$B$1:$AA$4611,1,FALSE) -> 031000257 | AC13: =VLOOKUP(B13,[1]固定20241231!$B$1:$AA$4611,2,FALSE) -> 剂型液剂包装自动线 | AD13: =VLOOKUP(B13,[1]固定20241231!$B$1:$AA$4611,3,FALSE) -> KZP.ZXT-2A | AE13: =VLOOKUP(B13,[1]固定20241231!$B$1:$AA$4611,4,FALSE) -> 264500 | AF13: =VLOOKUP(B13,[1]固定20241231!$B$1:$AA$4611,5,FALSE) -> 253920 | AG13: =VLOOKUP(B13,[1]固定20241231!$B$1:$AA$4611,6,FALSE) -> 10580 | AH13: =VLOOKUP(B13,[1]固定20241231!$B$1:$AA$4611,7,FALSE) -> 0 | AI13: =VLOOKUP(B13,[1]固定20241231!$B$1:$AA$4611,8,FALSE) -> 2012.12.29 | AJ13: =VLOOKUP(B13,[1]固定20241231!$B$1:$AA$4611,11,FALSE) -> 肥东制剂分厂 | AK13: =VLOOKUP(B13,[1]固定20241231!$B$1:$AA$4611,12,FALSE) -> 肥东分厂 | AL13: =VLOOKUP(B13,[1]固定20241231!$B$1:$AA$4611,13,FALSE) -> 0
A14: 9 | B14: 031000281 | C14: 电动隔膜泵 | D14: DYB-65 | E14: 肥东制剂分厂 | F14: 上海华工 | G14: 台 | H14: 1 | I14: 2013.11.26 | J14: 2013.11.26 | O14: 7606.84 | P14: 56 | AB14: =VLOOKUP(B14,[1]固定20241231!$B$1:$AA$4611,1,FALSE) -> 031000281 | AC14: =VLOOKUP(B14,[1]固定20241231!$B$1:$AA$4611,2,FALSE) -> 电动隔膜泵 | AD14: =VLOOKUP(B14,[1]固定20241231!$B$1:$AA$4611,3,FALSE) -> DYB-65 | AE14: =VLOOKUP(B14,[1]固定20241231!$B$1:$AA$4611,4,FALSE) -> 7606.84 | AF14: =VLOOKUP(B14,[1]固定20241231!$B$1:$AA$4611,5,FALSE) -> 7302.57 | AG14: =VLOOKUP(B14,[1]固定20241231!$B$1:$AA$4611,6,FALSE) -> 56 | AH14: =VLOOKUP(B14,[1]固定20241231!$B$1:$AA$4611,7,FALSE) -> 248.27 | AI14: =VLOOKUP(B14,[1]固定20241231!$B$1:$AA$4611,8,FALSE) -> 2014.05.26 | AJ14: =VLOOKUP(B14,[1]固定20241231!$B$1:$AA$4611,11,FALSE) -> 肥东制剂分厂 | AK14: =VLOOKUP(B14,[1]固定20241231!$B$1:$AA$4611,12,FALSE) -> 肥东制剂 | AL14: =VLOOKUP(B14,[1]固定20241231!$B$1:$AA$4611,13,FALSE) -> 0
A15: 10 | B15: 031000226 | C15: 全自动上盖机 | D15: SGJ-2 | E15: 肥东制剂分厂 | F15: 晨光轻工机械 | G15: 台 | H15: 2 | I15: 2012.10.31 | J15: 2012.10.31 | O15: =ROUND(68376.07*(2/8),2) -> 17094.02 | P15: =ROUND(2735.04*(2/8),2) -> 683.76 | V15: （2/8） | AB15: =VLOOKUP(B15,[1]固定20241231!$B$1:$AA$4611,1,FALSE) -> 031000226 | AC15: =VLOOKUP(B15,[1]固定20241231!$B$1:$AA$4611,2,FALSE) -> 全自动上盖机8台 | AD15: =VLOOKUP(B15,[1]固定20241231!$B$1:$AA$4611,3,FALSE) -> SGJ-2 | AE15: =VLOOKUP(B15,[1]固定20241231!$B$1:$AA$4611,4,FALSE) -> 68376.07 | AF15: =VLOOKUP(B15,[1]固定20241231!$B$1:$AA$4611,5,FALSE) -> 65641.03 | AG15: =VLOOKUP(B15,[1]固定20241231!$B$1:$AA$4611,6,FALSE) -> 2735.04 | AH15: =VLOOKUP(B15,[1]固定20241231!$B$1:$AA$4611,7,FALSE) -> 0 | AI15: =VLOOKUP(B15,[1]固定20241231!$B$1:$AA$4611,8,FALSE) -> 2012.10.31 | AJ15: =VLOOKUP(B15,[1]固定20241231!$B$1:$AA$4611,11,FALSE) -> 肥东制剂分厂 | AK15: =VLOOKUP(B15,[1]固定20241231!$B$1:$AA$4611,12,FALSE) -> 0504 | AL15: =VLOOKUP(B15,[1]固定20241231!$B$1:$AA$4611,13,FALSE) -> 0
A16: 11 | B16: 031000167 | C16: 上料机3台 | E16: 肥东制剂分厂 | G16: 台 | H16: 3 | I16: 2010.05.20 | J16: 2010.05.20 | O16: =ROUND(38461.54*(3/3),2) -> 38461.54 | P16: =ROUND(1538.46*(3/3),2) -> 1538.46 | V16: （3/3） | AB16: =VLOOKUP(B16,[1]固定20241231!$B$1:$AA$4611,1,FALSE) -> 031000167 | AC16: =VLOOKUP(B16,[1]固定20241231!$B$1:$AA$4611,2,FALSE) -> 上料机3台 | AD16: =VLOOKUP(B16,[1]固定20241231!$B$1:$AA$4611,3,FALSE) -> 0 | AE16: =VLOOKUP(B16,[1]固定20241231!$B$1:$AA$4611,4,FALSE) -> 38461.54 | AF16: =VLOOKUP(B16,[1]固定20241231!$B$1:$AA$4611,5,FALSE) -> 36923.08 | AG16: =VLOOKUP(B16,[1]固定20241231!$B$1:$AA$4611,6,FALSE) -> 1538.46 | AH16: =VLOOKUP(B16,[1]固定20241231!$B$1:$AA$4611,7,FALSE) -> 0 | AI16: =VLOOKUP(B16,[1]固定20241231!$B$1:$AA$4611,8,FALSE) -> 2010.05.20 | AJ16: =VLOOKUP(B16,[1]固定20241231!$B$1:$AA$4611,11,FALSE) -> 肥东制剂分厂 | AK16: =VLOOKUP(B16,[1]固定20241231!$B$1:$AA$4611,12,FALSE) -> 肥东分厂 | AL16: =VLOOKUP(B16,[1]固定20241231!$B$1:$AA$4611,13,FALSE) -> 0
A17: 12 | B17: 031900042 | C17: 苯磺隆颗粒剂成套连续化生产装置--负压上料机 | E17: 肥东制剂分厂 | F17: 江阴市昌盛药化机械 | G17: 台 | H17: 1 | I17: 2017.10.12 | J17: 2017.10.12 | O17: 9401.71 | P17: 1315.99 | AB17: =VLOOKUP(B17,[1]固定20241231!$B$1:$AA$4611,1,FALSE) -> 031900042 | AC17: =VLOOKUP(B17,[1]固定20241231!$B$1:$AA$4611,2,FALSE) -> 苯磺隆颗粒剂成套连续化生产装置--负压上料机 | AD17: =VLOOKUP(B17,[1]固定20241231!$B$1:$AA$4611,3,FALSE) -> 0 | AE17: =VLOOKUP(B17,[1]固定20241231!$B$1:$AA$4611,4,FALSE) -> 9401.71 | AF17: =VLOOKUP(B17,[1]固定20241231!$B$1:$AA$4611,5,FALSE) -> 8085.72 | AG17: =VLOOKUP(B17,[1]固定20241231!$B$1:$AA$4611,6,FALSE) -> 1315.99 | AH17: =VLOOKUP(B17,[1]固定20241231!$B$1:$AA$4611,7,FALSE) -> 0 | AI17: =VLOOKUP(B17,[1]固定20241231!$B$1:$AA$4611,8,FALSE) -> 2017.10.12 | AJ17: =VLOOKUP(B17,[1]固定20241231!$B$1:$AA$4611,11,FALSE) -> 肥东制剂分厂 | AK17: =VLOOKUP(B17,[1]固定20241231!$B$1:$AA$4611,12,FALSE) -> 肥东分厂可湿粉颗粒剂车间 | AL17: =VLOOKUP(B17,[1]固定20241231!$B$1:$AA$4611,13,FALSE) -> 江阴市昌盛药化机械
A18: 13 | B18: 031900044 | C18: 苯磺隆颗粒剂成套连续化生产装置--料仓 | D18: 200L | E18: 肥东制剂分厂 | F18: 江阴市昌盛药化机械 | G18: 台 | H18: 1 | I18: 2017.10.12 | J18: 2017.10.12 | O18: 2136.75 | P18: 298.93 | AB18: =VLOOKUP(B18,[1]固定20241231!$B$1:$AA$4611,1,FALSE) -> 031900044 | AC18: =VLOOKUP(B18,[1]固定20241231!$B$1:$AA$4611,2,FALSE) -> 苯磺隆颗粒剂成套连续化生产装置--料仓 | AD18: =VLOOKUP(B18,[1]固定20241231!$B$1:$AA$4611,3,FALSE) -> 200L | AE18: =VLOOKUP(B18,[1]固定20241231!$B$1:$AA$4611,4,FALSE) -> 2136.75 | AF18: =VLOOKUP(B18,[1]固定20241231!$B$1:$AA$4611,5,FALSE) -> 1837.82 | AG18: =VLOOKUP(B18,[1]固定20241231!$B$1:$AA$4611,6,FALSE) -> 298.93 | AH18: =VLOOKUP(B18,[1]固定20241231!$B$1:$AA$4611,7,FALSE) -> 0 | AI18: =VLOOKUP(B18,[1]固定20241231!$B$1:$AA$4611,8,FALSE) -> 2017.10.12 | AJ18: =VLOOKUP(B18,[1]固定20241231!$B$1:$AA$4611,11,FALSE) -> 肥东制剂分厂 | AK18: =VLOOKUP(B18,[1]固定20241231!$B$1:$AA$4611,12,FALSE) -> 肥东分厂可湿粉颗粒剂车间 | AL18: =VLOOKUP(B18,[1]固定20241231!$B$1:$AA$4611,13,FALSE) -> 江阴市昌盛药化机械
A19: 14 | B19: 031900050 | C19: 苯磺隆颗粒剂成套连续化生产装置--旋转造粒机 | D19: XZL-300 | E19: 肥东制剂分厂 | F19: 江阴市昌盛药化机械 | G19: 台 | H19: 1 | I19: 2017.10.12 | J19: 2017.10.12 | O19: 38461.54 | P19: 5384.22 | AB19: =VLOOKUP(B19,[1]固定20241231!$B$1:$AA$4611,1,FALSE) -> 031900050 | AC19: =VLOOKUP(B19,[1]固定20241231!$B$1:$AA$4611,2,FALSE) -> 苯磺隆颗粒剂成套连续化生产装置--旋转造粒机 | AD19: =VLOOKUP(B19,[1]固定20241231!$B$1:$AA$4611,3,FALSE) -> XZL-300 | AE19: =VLOOKUP(B19,[1]固定20241231!$B$1:$AA$4611,4,FALSE) -> 38461.54 | AF19: =VLOOKUP(B19,[1]固定20241231!$B$1:$AA$4611,5,FALSE) -> 33077.32 | AG19: =VLOOKUP(B19,[1]固定20241231!$B$1:$AA$4611,6,FALSE) -> 5384.22 | AH19: =VLOOKUP(B19,[1]固定20241231!$B$1:$AA$4611,7,FALSE) -> 0 | AI19: =VLOOKUP(B19,[1]固定20241231!$B$1:$AA$4611,8,FALSE) -> 2017.10.12 | AJ19: =VLOOKUP(B19,[1]固定20241231!$B$1:$AA$4611,11,FALSE) -> 肥东制剂分厂 | AK19: =VLOOKUP(B19,[1]固定20241231!$B$1:$AA$4611,12,FALSE) -> 肥东分厂可湿粉颗粒剂车间 | AL19: =VLOOKUP(B19,[1]固定20241231!$B$1:$AA$4611,13,FALSE) -> 江阴市昌盛药化机械
A20: 15 | B20: 031900051 | C20: 苯磺隆颗粒剂成套连续化生产装置--旋转造料机 | D20: XZL-300 | E20: 肥东制剂分厂 | F20: 江阴市昌盛药化机械 | G20: 台 | H20: 1 | I20: 2017.10.12 | J20: 2017.10.12 | O20: 38461.54 | P20: 5384.22 | AB20: =VLOOKUP(B20,[1]固定20241231!$B$1:$AA$4611,1,FALSE) -> 031900051 | AC20: =VLOOKUP(B20,[1]固定20241231!$B$1:$AA$4611,2,FALSE) -> 苯磺隆颗粒剂成套连续化生产装置--旋转造料机 | AD20: =VLOOKUP(B20,[1]固定20241231!$B$1:$AA$4611,3,FALSE) -> XZL-300 | AE20: =VLOOKUP(B20,[1]固定20241231!$B$1:$AA$4611,4,FALSE) -> 38461.54 | AF20: =VLOOKUP(B20,[1]固定20241231!$B$1:$AA$4611,5,FALSE) -> 33077.32 | AG20: =VLOOKUP(B20,[1]固定20241231!$B$1:$AA$4611,6,FALSE) -> 5384.22 | AH20: =VLOOKUP(B20,[1]固定20241231!$B$1:$AA$4611,7,FALSE) -> 0 | AI20: =VLOOKUP(B20,[1]固定20241231!$B$1:$AA$4611,8,FALSE) -> 2017.10.12 | AJ20: =VLOOKUP(B20,[1]固定20241231!$B$1:$AA$4611,11,FALSE) -> 肥东制剂分厂 | AK20: =VLOOKUP(B20,[1]固定20241231!$B$1:$AA$4611,12,FALSE) -> 肥东分厂可湿粉颗粒剂车间 | AL20: =VLOOKUP(B20,[1]固定20241231!$B$1:$AA$4611,13,FALSE) -> 江阴市昌盛药化机械
A21: 16 | B21: 031022746 | C21: 活性碳箱 | D21: 处理风量10000 | E21: 肥东制剂分厂 | F21: 合肥佳丰风机有限公司 | G21: 台 | H21: 1 | I21: 2019.08.27 | J21: 2019.08.27 | O21: 10815.93 | P21: 3893.69 | V21: 锈蚀损坏 | AB21: =VLOOKUP(B21,[1]固定20241231!$B$1:$AA$4611,1,FALSE) -> 031022746 | AC21: =VLOOKUP(B21,[1]固定20241231!$B$1:$AA$4611,2,FALSE) -> 活性碳箱 | AD21: =VLOOKUP(B21,[1]固定20241231!$B$1:$AA$4611,3,FALSE) -> 处理风量10000 | AE21: =VLOOKUP(B21,[1]固定20241231!$B$1:$AA$4611,4,FALSE) -> 10815.93 | AF21: =VLOOKUP(B21,[1]固定20241231!$B$1:$AA$4611,5,FALSE) -> 6922.24 | AG21: =VLOOKUP(B21,[1]固定20241231!$B$1:$AA$4611,6,FALSE) -> 3893.69 | AH21: =VLOOKUP(B21,[1]固定20241231!$B$1:$AA$4611,7,FALSE) -> 0 | AI21: =VLOOKUP(B21,[1]固定20241231!$B$1:$AA$4611,8,FALSE) -> 2019.08.27 | AJ21: =VLOOKUP(B21,[1]固定20241231!$B$1:$AA$4611,11,FALSE) -> 肥东制剂分厂 | AK21: =VLOOKUP(B21,[1]固定20241231!$B$1:$AA$4611,12,FALSE) -> 肥东制剂12#车间 | AL21: =VLOOKUP(B21,[1]固定20241231!$B$1:$AA$4611,13,FALSE) -> 合肥佳丰风机有限公司
A22: 17 | B22: 031022782 | C22: 活性碳箱 | D22: 风量2000M3/H | E22: 肥东制剂分厂 | F22: 合肥佳丰风机公司 | G22: 台 | H22: 1 | I22: 2019.11.29 | J22: 2019.11.29 | O22: 10796.46 | P22: 4210.9 | V22: 锈蚀损坏 | AB22: =VLOOKUP(B22,[1]固定20241231!$B$1:$AA$4611,1,FALSE) -> 031022782 | AC22: =VLOOKUP(B22,[1]固定20241231!$B$1:$AA$4611,2,FALSE) -> 活性碳箱 | AD22: =VLOOKUP(B22,[1]固定20241231!$B$1:$AA$4611,3,FALSE) -> 风量2000M3/H | AE22: =VLOOKUP(B22,[1]固定20241231!$B$1:$AA$4611,4,FALSE) -> 10796.46 | AF22: =VLOOKUP(B22,[1]固定20241231!$B$1:$AA$4611,5,FALSE) -> 6585.56 | AG22: =VLOOKUP(B22,[1]固定20241231!$B$1:$AA$4611,6,FALSE) -> 4210.9 | AH22: =VLOOKUP(B22,[1]固定20241231!$B$1:$AA$4611,7,FALSE) -> 0 | AI22: =VLOOKUP(B22,[1]固定20241231!$B$1:$AA$4611,8,FALSE) -> 2019.11.29 | AJ22: =VLOOKUP(B22,[1]固定20241231!$B$1:$AA$4611,11,FALSE) -> 肥东制剂分厂 | AK22: =VLOOKUP(B22,[1]固定20241231!$B$1:$AA$4611,12,FALSE) -> 肥东制剂12#车间 | AL22: =VLOOKUP(B22,[1]固定20241231!$B$1:$AA$4611,13,FALSE) -> 合肥佳丰风机公司
A23: 18 | B23: 031022855 | C23: 蒸汽发生器 | D23: 24KW | E23: 肥东制剂分厂 | F23: 上海庞泊包装科技 | G23: 台 | H23: 1 | I23: 2020.06.19 | J23: 2020.06.19 | O23: 6017.7 | P23: 2767.98 | V23: 锈蚀损坏 | AB23: =VLOOKUP(B23,[1]固定20241231!$B$1:$AA$4611,1,FALSE) -> 031022855 | AC23: =VLOOKUP(B23,[1]固定20241231!$B$1:$AA$4611,2,FALSE) -> 蒸汽发生器 | AD23: =VLOOKUP(B23,[1]固定20241231!$B$1:$AA$4611,3,FALSE) -> 24KW | AE23: =VLOOKUP(B23,[1]固定20241231!$B$1:$AA$4611,4,FALSE) -> 6017.7 | AF23: =VLOOKUP(B23,[1]固定20241231!$B$1:$AA$4611,5,FALSE) -> 3249.72 | AG23: =VLOOKUP(B23,[1]固定20241231!$B$1:$AA$4611,6,FALSE) -> 2767.98 | AH23: =VLOOKUP(B23,[1]固定20241231!$B$1:$AA$4611,7,FALSE) -> 0 | AI23: =VLOOKUP(B23,[1]固定20241231!$B$1:$AA$4611,8,FALSE) -> 2020.06.19 | AJ23: =VLOOKUP(B23,[1]固定20241231!$B$1:$AA$4611,11,FALSE) -> 肥东制剂分厂 | AK23: =VLOOKUP(B23,[1]固定20241231!$B$1:$AA$4611,12,FALSE) -> 肥东制剂13#车间 | AL23: =VLOOKUP(B23,[1]固定20241231!$B$1:$AA$4611,13,FALSE) -> 上海庞泊包装科技
A24: 19 | B24: 031900070 | C24: 草甘膦颗粒剂成套连续化生产装置--挤压造料机 | D24: SET-140 | E24: 肥东制剂分厂 | F24: 江阴市昌盛药化机械公 | G24: 台 | H24: 1 | I24: 2018.01.31 | J24: 2018.01.31 | O24: 73076.92 | P24: 12423.01 | V24: 物料腐蚀磨损 | AB24: =VLOOKUP(B24,[1]固定20241231!$B$1:$AA$4611,1,FALSE) -> 031900070 | AC24: =VLOOKUP(B24,[1]固定20241231!$B$1:$AA$4611,2,FALSE) -> 草甘膦颗粒剂成套连续化生产装置--挤压造料机 | AD24: =VLOOKUP(B24,[1]固定20241231!$B$1:$AA$4611,3,FALSE) -> SET-140 | AE24: =VLOOKUP(B24,[1]固定20241231!$B$1:$AA$4611,4,FALSE) -> 73076.92 | AF24: =VLOOKUP(B24,[1]固定20241231!$B$1:$AA$4611,5,FALSE) -> 60653.91 | AG24: =VLOOKUP(B24,[1]固定20241231!$B$1:$AA$4611,6,FALSE) -> 12423.01 | AH24: =VLOOKUP(B24,[1]固定20241231!$B$1:$AA$4611,7,FALSE) -> 0 | AI24: =VLOOKUP(B24,[1]固定20241231!$B$1:$AA$4611,8,FALSE) -> 2018.01.31 | AJ24: =VLOOKUP(B24,[1]固定20241231!$B$1:$AA$4611,11,FALSE) -> 肥东制剂分厂 | AK24: =VLOOKUP(B24,[1]固定20241231!$B$1:$AA$4611,12,FALSE) -> 肥东新建气流粉碎车间 | AL24: =VLOOKUP(B24,[1]固定20241231!$B$1:$AA$4611,13,FALSE) -> 江阴市昌盛药化机械公
A25: 20 | B25: 030800022 | C25: 氟塑料离心泵 | D25: 50FSB-25 | E25: 肥东合成分厂 | F25: 安徽卧龙 | G25: 台 | H25: 1 | I25: 2007.12.30 | J25: 2007.12.30 | O25: 3564.1 | P25: 0 | AB25: =VLOOKUP(B25,[1]固定20241231!$B$1:$AA$4611,1,FALSE) -> 030800022 | AC25: =VLOOKUP(B25,[1]固定20241231!$B$1:$AA$4611,2,FALSE) -> 氟塑料离心泵 | AD25: =VLOOKUP(B25,[1]固定20241231!$B$1:$AA$4611,3,FALSE) -> 50FSB-25 | AE25: =VLOOKUP(B25,[1]固定20241231!$B$1:$AA$4611,4,FALSE) -> 3564.1 | AF25: =VLOOKUP(B25,[1]固定20241231!$B$1:$AA$4611,5,FALSE) -> 2566.08 | AG25: =VLOOKUP(B25,[1]固定20241231!$B$1:$AA$4611,6,FALSE) -> 0 | AH25: =VLOOKUP(B25,[1]固定20241231!$B$1:$AA$4611,7,FALSE) -> 998.02 | AI25: =VLOOKUP(B25,[1]固定20241231!$B$1:$AA$4611,8,FALSE) -> 2007.12.30 | AJ25: =VLOOKUP(B25,[1]固定20241231!$B$1:$AA$4611,11,FALSE) -> 肥东合成分厂 | AK25: =VLOOKUP(B25,[1]固定20241231!$B$1:$AA$4611,12,FALSE) -> 0502 | AL25: =VLOOKUP(B25,[1]固定20241231!$B$1:$AA$4611,13,FALSE) -> 0
A26: 21 | B26: 030800298 | C26: 液氯汽化器 | D26: F=2.5㎡ | E26: 肥东合成分厂 | F26: 江苏新世纪民生化工设备有限公司 | G26: 台 | H26: 1 | I26: 2020.10.27 | J26: 2020.10.27 | O26: 10344.83 | P26: 5172.33 | V26: 腐蚀损坏 | AB26: =VLOOKUP(B26,[1]固定20241231!$B$1:$AA$4611,1,FALSE) -> 030800298 | AC26: =VLOOKUP(B26,[1]固定20241231!$B$1:$AA$4611,2,FALSE) -> 液氯汽化器 | AD26: =VLOOKUP(B26,[1]固定20241231!$B$1:$AA$4611,3,FALSE) -> F=2.5㎡ | AE26: =VLOOKUP(B26,[1]固定20241231!$B$1:$AA$4611,4,FALSE) -> 10344.83 | AF26: =VLOOKUP(B26,[1]固定20241231!$B$1:$AA$4611,5,FALSE) -> 5172.5 | AG26: =VLOOKUP(B26,[1]固定20241231!$B$1:$AA$4611,6,FALSE) -> 5172.33 | AH26: =VLOOKUP(B26,[1]固定20241231!$B$1:$AA$4611,7,FALSE) -> 0 | AI26: =VLOOKUP(B26,[1]固定20241231!$B$1:$AA$4611,8,FALSE) -> 2020.10.27 | AJ26: =VLOOKUP(B26,[1]固定20241231!$B$1:$AA$4611,11,FALSE) -> 肥东合成分厂 | AK26: =VLOOKUP(B26,[1]固定20241231!$B$1:$AA$4611,12,FALSE) -> 肥东合成一车间 | AL26: =VLOOKUP(B26,[1]固定20241231!$B$1:$AA$4611,13,FALSE) -> 江苏新世纪民生化工设备有限公司
A27: 22 | B27: 032500336 | C27: 玻璃钢风机 | D27: FRP472-5A、5000m3/h | E27: 肥东合成分厂 | F27: 宜兴市昌明玻璃钢厂 | G27: 台 | H27: 1 | I27: 2023.04.24 | J27: 2023.04.24 | O27: 7964.6 | P27: 6371.6 | V27: 酸碱腐蚀损坏 | AB27: =VLOOKUP(B27,[1]固定20241231!$B$1:$AA$4611,1,FALSE) -> 032500336 | AC27: =VLOOKUP(B27,[1]固定20241231!$B$1:$AA$4611,2,FALSE) -> 玻璃钢风机 | AD27: =VLOOKUP(B27,[1]固定20241231!$B$1:$AA$4611,3,FALSE) -> FRP472-5A-7.5KW，右旋90度，防爆电机 | AE27: =VLOOKUP(B27,[1]固定20241231!$B$1:$AA$4611,4,FALSE) -> 7964.6 | AF27: =VLOOKUP(B27,[1]固定20241231!$B$1:$AA$4611,5,FALSE) -> 1593 | AG27: =VLOOKUP(B27,[1]固定20241231!$B$1:$AA$4611,6,FALSE) -> 6371.6 | AH27: =VLOOKUP(B27,[1]固定20241231!$B$1:$AA$4611,7,FALSE) -> 0 | AI27: =VLOOKUP(B27,[1]固定20241231!$B$1:$AA$4611,8,FALSE) -> 2023.04.24 | AJ27: =VLOOKUP(B27,[1]固定20241231!$B$1:$AA$4611,11,FALSE) -> 肥东合成分厂 | AK27: =VLOOKUP(B27,[1]固定20241231!$B$1:$AA$4611,12,FALSE) -> 肥东合成四车间 | AL27: =VLOOKUP(B27,[1]固定20241231!$B$1:$AA$4611,13,FALSE) -> 宜兴市昌明玻璃钢厂 9000/1.13
A28: 23 | B28: 032500316 | C28: 玻璃钢风机 | D28: FRP472-5A、5000m3/h | E28: 肥东合成分厂 | F28: 宜兴市昌明玻璃钢厂 | G28: 台 | H28: 1 | I28: 2022.05.09 | J28: 2022.05.09 | O28: 8407.08 | P28: 5800.91 | V28: 酸碱腐蚀损坏 | AB28: =VLOOKUP(B28,[1]固定20241231!$B$1:$AA$4611,1,FALSE) -> 032500316 | AC28: =VLOOKUP(B28,[1]固定20241231!$B$1:$AA$4611,2,FALSE) -> 玻璃钢风机 | AD28: =VLOOKUP(B28,[1]固定20241231!$B$1:$AA$4611,3,FALSE) -> F472-5A-11KW，防爆电机，右旋90度 | AE28: =VLOOKUP(B28,[1]固定20241231!$B$1:$AA$4611,4,FALSE) -> 8407.08 | AF28: =VLOOKUP(B28,[1]固定20241231!$B$1:$AA$4611,5,FALSE) -> 2606.17 | AG28: =VLOOKUP(B28,[1]固定20241231!$B$1:$AA$4611,6,FALSE) -> 5800.91 | AH28: =VLOOKUP(B28,[1]固定20241231!$B$1:$AA$4611,7,FALSE) -> 0 | AI28: =VLOOKUP(B28,[1]固定20241231!$B$1:$AA$4611,8,FALSE) -> 2022.05.09 | AJ28: =VLOOKUP(B28,[1]固定20241231!$B$1:$AA$4611,11,FALSE) -> 肥东合成分厂 | AK28: =VLOOKUP(B28,[1]固定20241231!$B$1:$AA$4611,12,FALSE) -> 肥东合成四车间 | AL28: =VLOOKUP(B28,[1]固定20241231!$B$1:$AA$4611,13,FALSE) -> 宜兴市昌明玻璃钢厂 9500/1.13
A29: 24 | B29: 032400069 | C29: 活性炭吸附箱 | D29: 5000m3/h | E29: 肥东合成分厂 | F29: 合肥展英环境科技有限公司 | G29: 台 | H29: 1 | I29: 2023.10.18 | J29: 2023.10.18 | O29: 12035.4 | P29: 10350.5 | V29: 腐蚀损坏 | AB29: =VLOOKUP(B29,[1]固定20241231!$B$1:$AA$4611,1,FALSE) -> 032400069 | AC29: =VLOOKUP(B29,[1]固定20241231!$B$1:$AA$4611,2,FALSE) -> 活性炭吸附箱 | AD29: =VLOOKUP(B29,[1]固定20241231!$B$1:$AA$4611,3,FALSE) -> 5000风量，箱体板厚3MM，DN600 | AE29: =VLOOKUP(B29,[1]固定20241231!$B$1:$AA$4611,4,FALSE) -> 12035.4 | AF29: =VLOOKUP(B29,[1]固定20241231!$B$1:$AA$4611,5,FALSE) -> 1684.9 | AG29: =VLOOKUP(B29,[1]固定20241231!$B$1:$AA$4611,6,FALSE) -> 10350.5 | AH29: =VLOOKUP(B29,[1]固定20241231!$B$1:$AA$4611,7,FALSE) -> 0 | AI29: =VLOOKUP(B29,[1]固定20241231!$B$1:$AA$4611,8,FALSE) -> 2023.10.18 | AJ29: =VLOOKUP(B29,[1]固定20241231!$B$1:$AA$4611,11,FALSE) -> 肥东合成分厂 | AK29: =VLOOKUP(B29,[1]固定20241231!$B$1:$AA$4611,12,FALSE) -> 肥东合成危险品库1 | AL29: =VLOOKUP(B29,[1]固定20241231!$B$1:$AA$4611,13,FALSE) -> 合肥展英环境科技有限公司 13600/1.13
A30: 25 | B30: 030200146 | C30: 玻璃钢风机 | D30: BF4-72-3.6A、3120-6070m3/h、1627-980Pa、 | E30: 肥东合成分厂 | F30: 浙江天宏风机公司 | G30: 台 | H30: 1 | I30: 2019.02.28 | J30: 2019.02.28 | O30: 4741.38 | P30: 1422.68 | V30: 酸碱腐蚀损坏 | AB30: =VLOOKUP(B30,[1]固定20241231!$B$1:$AA$4611,1,FALSE) -> 030200146 | AC30: =VLOOKUP(B30,[1]固定20241231!$B$1:$AA$4611,2,FALSE) -> 玻璃钢风机 | AD30: =VLOOKUP(B30,[1]固定20241231!$B$1:$AA$4611,3,FALSE) -> BF-72-3.6A | AE30: =VLOOKUP(B30,[1]固定20241231!$B$1:$AA$4611,4,FALSE) -> 4741.38 | AF30: =VLOOKUP(B30,[1]固定20241231!$B$1:$AA$4611,5,FALSE) -> 3318.7 | AG30: =VLOOKUP(B30,[1]固定20241231!$B$1:$AA$4611,6,FALSE) -> 1422.68 | AH30: =VLOOKUP(B30,[1]固定20241231!$B$1:$AA$4611,7,FALSE) -> 0 | AI30: =VLOOKUP(B30,[1]固定20241231!$B$1:$AA$4611,8,FALSE) -> 2019.02.28 | AJ30: =VLOOKUP(B30,[1]固定20241231!$B$1:$AA$4611,11,FALSE) -> 肥东合成分厂 | AK30: =VLOOKUP(B30,[1]固定20241231!$B$1:$AA$4611,12,FALSE) -> 肥东污水站 | AL30: =VLOOKUP(B30,[1]固定20241231!$B$1:$AA$4611,13,FALSE) -> 浙江天宏风机公司
A31: 26 | B31: 030800354 | C31: 玻璃钢风机 | D31: HT-5A-A、3000Pa、2000m3/h | E31: 肥东合成分厂 | F31: 宜兴市昌明玻璃钢厂 | G31: 台 | H31: 1 | I31: 2021.02.08 | J31: 2021.02.08 | O31: 7964.6 | P31: 318.58 | V31: 酸碱腐蚀损坏 | AB31: =VLOOKUP(B31,[1]固定20241231!$B$1:$AA$4611,1,FALSE) -> 030800354 | AC31: =VLOOKUP(B31,[1]固定20241231!$B$1:$AA$4611,2,FALSE) -> 玻璃钢风机 | AD31: =VLOOKUP(B31,[1]固定20241231!$B$1:$AA$4611,3,FALSE) -> HT-5A-7.5KW，防爆电机 | AE31: =VLOOKUP(B31,[1]固定20241231!$B$1:$AA$4611,4,FALSE) -> 7964.6 | AF31: =VLOOKUP(B31,[1]固定20241231!$B$1:$AA$4611,5,FALSE) -> 3098.12 | AG31: =VLOOKUP(B31,[1]固定20241231!$B$1:$AA$4611,6,FALSE) -> 318.58 | AH31: =VLOOKUP(B31,[1]固定20241231!$B$1:$AA$4611,7,FALSE) -> 4547.9 | AI31: =VLOOKUP(B31,[1]固定20241231!$B$1:$AA$4611,8,FALSE) -> 2021.02.08 | AJ31: =VLOOKUP(B31,[1]固定20241231!$B$1:$AA$4611,11,FALSE) -> 肥东合成分厂 | AK31: =VLOOKUP(B31,[1]固定20241231!$B$1:$AA$4611,12,FALSE) -> 肥东合成一车间 | AL31: =VLOOKUP(B31,[1]固定20241231!$B$1:$AA$4611,13,FALSE) -> 宜兴市昌明玻璃钢厂
O32: =K32+M32 -> 0 | P32: =L32+N32 -> 0 | U32: =IF((T32-P32)=0,0,IF((T32-P32)=T32,100,IF(P32<0,-(T32-P32)/P32*100,IF((T32-P32)>0,ABS((T32-P32)/P32*100),(T32-P32)/P32*100)))) -> 0 | AB32: =VLOOKUP(B32,[1]固定20241231!$B$1:$AA$4611,1,FALSE) -> #N/A | AC32: =VLOOKUP(B32,[1]固定20241231!$B$1:$AA$4611,2,FALSE) -> #N/A | AD32: =VLOOKUP(B32,[1]固定20241231!$B$1:$AA$4611,3,FALSE) -> #N/A | AE32: =VLOOKUP(B32,[1]固定20241231!$B$1:$AA$4611,4,FALSE) -> #N/A | AF32: =VLOOKUP(B32,[1]固定20241231!$B$1:$AA$4611,5,FALSE) -> #N/A | AG32: =VLOOKUP(B32,[1]固定20241231!$B$1:$AA$4611,6,FALSE) -> #N/A | AH32: =VLOOKUP(B32,[1]固定20241231!$B$1:$AA$4611,7,FALSE) -> #N/A | AI32: =VLOOKUP(B32,[1]固定20241231!$B$1:$AA$4611,8,FALSE) -> #N/A | AJ32: =VLOOKUP(B32,[1]固定20241231!$B$1:$AA$4611,11,FALSE) -> #N/A | AK32: =VLOOKUP(B32,[1]固定20241231!$B$1:$AA$4611,12,FALSE) -> #N/A | AL32: =VLOOKUP(B32,[1]固定20241231!$B$1:$AA$4611,13,FALSE) -> #N/A
A33: 合 计 | K33: =ROUND(SUM(K6:K32),2) -> 0 | L33: =ROUND(SUM(L6:L32),2) -> 0 | M33: =ROUND(SUM(M6:M32),2) -> 0 | N33: =ROUND(SUM(N6:N32),2) -> 0 | O33: =ROUND(SUM(O6:O32),2) -> 774844.39 | P33: =ROUND(SUM(P6:P32),2) -> 85392.56 | R33: =ROUND(SUM(R6:R32),2) -> 0 | T33: =ROUND(SUM(T6:T32),2) -> 0 | U33: =IF((T33-P33)=0,0,IF((T33-P33)=T33,100,IF(P33<0,-(T33-P33)/P33*100,IF((T33-P33)>0,ABS((T33-P33)/P33*100),(T33-P33)/P33*100)))) -> -100
A34: 减：机器设备减值准备 | O34: =K34+M34 -> 0 | P34: =L34+N34 -> 0 | T34: =ROUND(R34*S34/100,2) -> 0 | U34: =IF((T34-P34)=0,0,IF((T34-P34)=T34,100,IF(P34<0,-(T34-P34)/P34*100,IF((T34-P34)>0,ABS((T34-P34)/P34*100),(T34-P34)/P34*100)))) -> 0
A35: 合 计 | K35: =K33-K34 -> 0 | L35: =L33-L34 -> 0 | M35: =M33-M34 -> 0 | N35: =N33-N34 -> 0 | O35: =O33-O34 -> 774844.39 | P35: =P33-P34 -> 85392.56 | R35: =R33-R34 -> 0 | T35: =T33-T34 -> 0 | U35: =IF((T35-P35)=0,0,IF((T35-P35)=T35,100,IF(P35<0,-(T35-P35)/P35*100,IF((T35-P35)>0,ABS((T35-P35)/P35*100),(T35-P35)/P35*100)))) -> -100
C37: 经办人签字： | I37: 财务部签字： | U37: 资产管理负责人签字：
